Workbook

Sheet 续建
A1: 附件1-1
A2: 攀枝花市仁和区2026年重点项目清单（续建）
A3: 序号 | B3: 项目名称 | C3: 建设地址（具体到乡镇、街道） | D3: 建设 起止年 | E3: 建设内容及规模 | F3: 计划 总投资 （万元） | G3: 截至2025年底 累计完成投资 （万元） | H3: 2026年 预计投资 （万元） | I3: 2026年预计投资分季度分解 （四个季度预计投资之和等于2026年预计投资） | M3: 2026年工程形象进度 （目标任务分解到季度） | N3: 业主单位 | O3: 区级责任领导 | P3: 责任单位、联系人及联系方式 | Q3: 备注
I4: 第一季度 预计投资 （万元） | J4: 第二季度 预计投资 （万元） | K4: 第三季度 预计投资 （万元） | L4: 第四季度 预计投资 （万元）
B5: 合计： | C5: =C6+C37+C65+C72 -> 55 | F5: =F6+F37+F65+F72 -> 1423670.2 | G5: =G6+G37+G65+G72 -> 351166.37 | H5: =H6+H37+H65+H72 -> 375006 | I5: =I6+I37+I65+I72 -> 71065 | J5: =J6+J37+J65+J72 -> 120633 | K5: =K6+K37+K65+K72 -> 108217 | L5: =L6+L37+L65+L72 -> 75091
A6: 一 | B6: 基础设施项目 | C6: =C7+C11+C16+C33 -> 26 | F6: =F7+F11+F16+F33 -> 885537.08 | G6: =G7+G11+G16+G33 -> 231267 | H6: =H7+H11+H16+H33 -> 196948 | I6: =I7+I11+I16+I33 -> 34561 | J6: =J7+J11+J16+J33 -> 56425 | K6: =K7+K11+K16+K33 -> 65725 | L6: =L7+L11+L16+L33 -> 40237
A7: （一） | B7: 交通基础设施 | C7: =A10 -> 3 | F7: =SUM(F8:F10) -> 410170 | G7: =SUM(G8:G10) -> 35554 | H7: =SUM(H8:H10) -> 59400 | I7: =SUM(I8:I10) -> 10900 | J7: =SUM(J8:J10) -> 16100 | K7: =SUM(K8:K10) -> 17500 | L7: =SUM(L8:L10) -> 14900
A8: 1 | B8: 攀枝花至盐源高速公路项目（仁和段） | C8: 太平乡、布德镇、同德 | D8: 2025-2030年 | E8: 主线长140.5公里，攀枝花境内长94.2公里，仁和区境内约15.7公里；按双向四车道标准设计。 | F8: 375685 | G8: 33100 | H8: 43800 | I8: 8700 | J8: 10900 | K8: 13300 | L8: 10900 | M8: 一季度：完成红线内用地组卷资料，完成临建设施和先行开工点投资8700万元。 二季度：红线内用地组卷资料上报，完成投资10900万元。 三季度：完成投资13300万元。 四季度：完成投资10900万元。 | N8: 市交通运输局 | O8: 闵传铮 | P8: 区交通运输局 饶坤 13882389008
A9: 2 | B9: S471仁和区务本(盐边界)至东区双龙滩段改建工程 | C9: 务本乡 | D9: 2025-2027年 | E9: 路线起于攀枝花市仁和区务本乡邓家垭口(盐边界)，接S471盐边段，沿既有公路改建，止于东区银江镇双龙滩村，顺接S471双龙滩至攀枝花城区段，路线全长约25公里。全线采用三级公路技术标准。 | F9: 33600 | G9: 2169 | H9: 15000 | I9: 2000 | J9: 5000 | K9: 4000 | L9: 4000 | M9: 一季度：启动施工图设计，完成地勘。 二季度：完成施工图设计，完成约6公里路段的清表，按施工节点有序推进征拆工作。 三季度：完成6公里路基、土石方。 四季度：完成6公里主体工程。 | N9: 区交通运输局 | O9: 闵传铮 | P9: 区交通运输局 谢坤 15228596529
A10: 3 | B10: 仁和区太平乡2025年以工代赈示范工程 | C10: 太平乡 | D10: 2025-2026年 | E10: 硬化村组道路长11.5公里，路面宽度3.5—4.5米，采用0.18米厚水泥砼路面 | F10: 885 | G10: 285 | H10: 600 | I10: 200 | J10: 200 | K10: 200 | L10: 0 | M10: 一季度：开始路面浇筑，完成工程量40%； 二季度：开始路面浇筑，完成工程量70%； 三季度：继续路面铺设，完成工程量100%； 四季度：完成项目竣工验收。 | N10: 仁和区太平乡革新村村民委会 | O10: 罗 燕 | P10: 区发改局 张雁宁 13908147391 | R10: 1
A11: （二） | B11: 水利基础设施 | C11: =A15-A10 -> 4 | F11: =SUM(F12:F15) -> 30950 | G11: =SUM(G12:G15) -> 10550 | H11: =SUM(H12:H15) -> 17700 | I11: =SUM(I12:I15) -> 2350 | J11: =SUM(J12:J15) -> 4400 | K11: =SUM(K12:K15) -> 9450 | L11: =SUM(L12:L15) -> 1500
A12: 4 | B12: 仁和区南部水厂新建工程 | C12: 平地镇 | D12: 2025-2026年 | E12: 建设内容由水厂部分和配套主管网两部分组成。水厂部分主要由取水工程、输水工程、净水工程等三部分组成。配套主管主要由南部水厂至平地水厂管线、南部水厂至大田水厂管线、大田至大竹河水厂管线及南部水厂至大龙潭已成隧洞口原水管管线四部分组成。 | F12: 12600 | G12: 4500 | H12: 8100 | I12: 1000 | J12: 2000 | K12: 4500 | L12: 600 | M12: 一季度：完成总工程量12%；_x000b_二季度：完成总工程量的37%； _x000b_三季度：完成总工程量的93%； _x000b_四季度：完成总工程量的100%。 | N12: 攀枝花市盛源水务有限公司 | O12: 闵传铮 | P12: 区水利局 姚远15892581392 | R12: 1
A13: 5 | B13: 攀枝花仁和区乡村水资源基础设施配置工程项目 | C13: 福田、太平、布德、中坝、仁和、平地、大田大龙潭乡、务本 | D13: 2024-2027年 | E13: 覆盖福田、太平、布德、中坝、仁和等9个乡镇，新建水厂3座，扩建水厂3座,水厂管网延伸5座，水厂总供水规模15870m3/d,新建输水管网1283.916km,新建蓄水池166个，配套安装水表、表箱等附属设施。 | F13: 15800 | G13: 5000 | H13: 8100 | I13: 1000 | J13: 2000 | K13: 4500 | L13: 600 | M13: 一季度：完成年度任务进度的12%；_x000b_二季度：完成年度任务进度的37%； _x000b_三季度：完成年度任务进度的93%； _x000b_四季度：完成年度任务进度的100%。 | N13: 攀枝花市盛源水务有限公司 | O13: 闵传铮 | P13: 区水利局 姚远15892581392
A14: 6 | B14: 仁和区平地镇饮水供水管道提升完善项目 | C14: 平地镇 | D14: 2025-2026年 | E14: 在平地镇建设输水管网116.56公里，更换水表箱353座、物联网水表3529块。 | F14: 2000 | G14: 1000 | H14: 1000 | I14: 200 | J14: 200 | K14: 300 | L14: 300 | M14: 一季度：完成年度任务进度的20%；_x000b_二季度：完成年度任务进度的40%； _x000b_三季度：完成年度任务进度的70%； 四季度：完成年度任务进度的100%。_x000b_ | N14: 平地镇人民政府 | O14: 闵传铮 | P14: 区水利局 姚远15892581392 | R14: 1
A15: 7 | B15: 福田镇金龟村梅子箐组产业道路硬化工程 | C15: 福田镇 | D15: 2025-2026年 | E15: 项目总里程4.058Km，路基宽度3.5米，路面宽度3.0米，路基土石方开挖、回填、路侧边沟完善、路基防护工程、路面工程（厚16cm水泥稳定碎石基层（水泥含量5%）+厚18cm砼面层（混凝土弯拉强度4.5MPa））铺筑、100米钢筋混凝土圆管涵、限速标志及陡坡急弯路段减速带的实施等内容。 | F15: 550 | G15: 50 | H15: 500 | I15: 150 | J15: 200 | K15: 150 | M15: 一季度：完成年度任务进度的30%；_x000b_二季度：完成年度任务进度的70%； _x000b_三季度：完成年度任务进度的100%； _x000b_ | N15: 福田镇人民政府 | O15: 闵传铮 | P15: 区水利局 姚远15892581392 | R15: 1
A16: （三） | B16: 城镇基础设施（含新型城镇化建设） | C16: =A32-A15 -> 16 | F16: =SUM(F17:F32) -> 430717.08 | G16: =SUM(G17:G32) -> 176563 | H16: =SUM(H17:H32) -> 114748 | I16: =SUM(I17:I32) -> 19411 | J16: =SUM(J17:J32) -> 34725 | K16: =SUM(K17:K32) -> 36775 | L16: =SUM(L17:L32) -> 23837
A17: 8 | B17: 仁和区 “ 十里大河 ”创富走廊示范片区项目 | C17: 仁和镇 | D17: 2025-2026年 | E17: 新建10兆瓦分布式光伏，立新村四组新建一处多功能创新创业创富中心、立新四组、五组开展百村示范全域整治，481亩绿色生态农业产业建设，城乡基础设施一体化项目建设（包括河道整治、步道、绿化，道路等基础设施建设、农房风貌整治项目，对大河流域10公里水环境进行综合整治，改建污水管网0.5千米。 | F17: 44160 | G17: 5000 | H17: 39160 | I17: 10000 | J17: 10000 | K17: 10000 | L17: 9160 | M17: 一季度：开展227国道周边基础整治等工程； 二季度：开展227国道周边污水管埋设等工程； 三季度：227国道路面恢复、铺设人行道，滨水步道慢行体系标识施工完成； 四季度：项目完工。 | N17: 仁和镇 | O17: 欧炳洪 | P17: 仁和镇 陈洋 13550916417 | R17: 1
A18: 9 | B18: 仁和区原锅儿厂老旧厂区改造项目 | C18: 仁和镇 | D18: 2025-2027年 | E18: 对仁和区原锅儿厂老旧厂区配套基础设施进行改造，主要包括：1.改造道路52000平方米，改造强电管网2200米，照明路灯120盏，消防设施55套，安防设施45套。2.改造文化体育场地500平方米，综合服务设施4000平方米，停车场15000平方米。 | F18: 5940 | G18: 800 | H18: 2000 | I18: 500 | J18: 500 | K18: 500 | L18: 500 | M18: 一季度：启动场地道路发早、预埋管网管线； 二季度：推进场地改造等内容，启动文化体育场地改造，完成总工程量20%； 三季度：推进场地改造等内容，推进文化体育场地改造，完成总工程量30%； 四季度：推进场地改造等内容、文化体育场地改造，完成总工程量40%； | N18: 攀枝花市仁和区仁和镇人民政府 | O18: 欧炳洪 | P18: 区住建局 邹泽亚 13398461392 仁和镇 张曦 15181250219
A19: 10 | B19: 攀枝花市仁和区前进片区老旧小区配套基础设施改造项目 | C19: 前进镇 | D19: 2025-2026年 | E19: 改造小区内排水管网7600m、道路31400平方米、人行道15177平方米，改造便民活动场地、路灯照明、增设便民公共服务设施设备等配套基础设施，并对部分房屋屋面防水等楼本体进行改造。 | F19: 3765 | G19: 450 | H19: =F19-G19 -> 3315 | I19: 715 | J19: 900 | K19: 900 | L19: 800 | M19: 一季度：完成项目总工程量的55%； 二季度：完成项目总工程量的70%； 三季度：完成项目总工程量的85%； 四季度：完成项目总工程量的100% | N19: 攀枝花市仁和区前进镇人民政府 | O19: 欧炳洪 | P19: 区住建局 邹泽亚 13398461392 前进镇 邱标 13882338026 | R19: 1
A20: 11 | B20: 攀枝花市仁和区攀枝花大道南段老旧小区配套基础设施改造项目 | C20: 仁和镇 | D20: 2025-2026年 | E20: 改造强弱电管网6300m、小区内排水管网9100m、道路33400平方米、人行道17177平方米等，并对部分房屋屋面防水等楼本体进行改造。 | F20: 6200 | G20: 3000 | H20: 3200 | I20: 800 | J20: 800 | K20: 800 | L20: 800 | M20: 一季度：完成项目总工程量的55%； 二季度：完成项目总工程量的70%； 三季度：完成项目总工程量的85%； 四季度：完成项目总工程量的100% | N20: 攀枝花市仁和区仁和镇人民政府 | O20: 欧炳洪 | P20: 区住建局 邹泽亚 13398461392 仁和镇 张曦 15181250219 | R20: 1
A21: 12 | B21: 攀枝花市仁和区大河中路片区老旧小区改造项目 | C21: 仁和区大河中路街道 | D21: 2025-2026年 | E21: 改造7个小区，涉及房屋18栋、住户495户。 | F21: 1500 | G21: 600 | H21: 900 | I21: 200 | J21: 250 | K21: 250 | L21: 200 | M21: 一季度：完成项目总工程量的55%； 二季度：完成项目总工程量的70%； 三季度：完成项目总工程量的85%； 四季度：完成项目总工程量的100% | N21: 攀枝花市仁和区人民政府大河中路街道办事处 | O21: 欧炳洪 | P21: 区住建局 邹泽亚 13398461392 大河中路街道办事处 吴文鹏15808102520 | R21: 1
A22: 13 | B22: 攀枝花市仁和区2025年住宅老旧电梯更新项目 | C22: 仁和区 | D22: 2025-2026年 | E22: 对仁和区30部老旧电梯进行更新改造。 | F22: 745 | G22: 149 | H22: 596 | I22: 496 | J22: 75 | K22: 25 | L22: 0 | M22: 一季度：3月31日前累计更新改造26部； 二季度：6月30日前累计更新改造29部； 三季度：9月30日前累计更新改造30部。 | N22: 四川和苑智仁工程建筑有限公司 | O22: 欧炳洪 | P22: 区住建局 毕杰 13550923544 | R22: 1
A23: 14 | B23: 仁和区污水收集管网建设项目一期 | C23: 仁和区大河中路街道 | D23: 2025- 2026年 | E23: 新建及改建仁和区范围内污水收集管网20km，其中，拟新建污水管网约8km，改建合流制管网约12km，管网管径DN400-DN1000；新建污水检查井约400座，并配套建设相关附属设施。 | F23: 3000 | G23: 2100 | H23: 900 | I23: 100 | J23: 500 | K23: 300 | L23: / | M23: 一季度:累计完成新建及改建仁和区范围内污水收集管网13km及污水检查井约220座，完成项目建设75%。 二季度:累计完成新建及改建仁和区范围内污水收集管网18km及污水检查井约300座，完成项目建设90%。 三季度:累计完成新建及改建仁和区范围内污水收集管网20km及污水检查井约400座，完成项目建设。 | N23: 仁和区住房和城乡建设局 | O23: 欧炳洪 | P23: 区住建局 徐浩然 15680606957 | R23: 1
A24: 15 | B24: 攀枝花市仁和区第一污水处理厂及配套设施更新项目 | C24: 仁和区仁和镇、大河中路街道 | D24: 2025- 2026年 | E24: 更新改造第一污水处理厂水泵3个、自动控制设施2套、污泥脱水设备2套、鼓风机3台、进水口水质监测仪等设施设备，改造配套主干管网35.6公里(DN400-DN800))，配套新增及改造污水检查井1500个、一体化提升泵站1座，疏通及修复仁和主城区破损排污主、次管网19.5公里。改造后生活污水集中收集处理率预计达到70%左右，污水处理能力达到2万吨/日以上。 | F24: 11200 | G24: 7000 | H24: 4200 | I24: 500 | J24: 1500 | K24: 1200 | L24: 1000 | M24: 一季度:累计完成改造配套主干管网18公里，配套新增及改造污水检查井300个，完成项目建设55%。 二季度:累计完成改造配套主干管网28公里，配套新增及改造污水检查井800个，完成项目建设65%。 三季度:累计完成改造配套主干管网35.6公里，配套新增及改造污水检查井1500个，完成项目建设80%。 四季度:完成污水处理厂设施设备及一体化提升泵站更新改造，完成项目建设。 | N24: 仁和区住房和城乡建设局 | O24: 欧炳洪 | P24: 区住建局 徐浩然 15680606957 | R24: 1
A25: 16 | B25: 攀枝花市仁和区普达、总发片区城中村改造项目 | C25: 仁和区仁和镇 | D25: 2025- 2027年 | E25: 计划改造村（居）民户数458户（其中2025年计划开工183户），项目计划总投资83765.08万元（其中2025年计划完成投资20000万元），项目开工时间为2023年11月，预计2027年12月完成建设。 | F25: 83765.08 | G25: 20004 | H25: 36256 | I25: 3000 | J25: 13000 | K25: 15000 | L25: 5256 | M25: 一季度：完成项目总工程量的40%； 二季度：完成项目总工程量的50%； 三季度：完成项目总工程量的65%； 四季度：完成项目总工程量的70%。 | N25: 攀枝花市仁和交通投资开发建设有限责任公司 | O25: 欧炳洪 | P25: 区住建局 徐浩然 15680606957
A26: 17 | B26: 攀枝花市仁和区南向片区农村人居环境整治工程（一标段） | C26: 仁和区仁和镇镇 | D26: 2025-2026年 | E26: 对总发核心区进行风貌打造，包含规整翻新街道、地面，对街道两侧房屋外立面、巷道进行改造提升，并配套建设区域内农村雨污分流管道等基础设施；对区域范围内国道进行提升改造，增设道路两侧管网、人行道及相关附属设施。 | F26: 2800 | G26: 1800 | H26: 1000 | I26: 200 | J26: 200 | K26: 300 | L26: 300 | M26: 一季度：持续推进立新片区、湾控片区剩余房屋屋顶、外立面改造，3月31日前启动总发幼儿园门口道路改造； 二季度：4月30日前完成总发幼儿园门口道路改造，5月31日前启动立新村景观平台施工； 三季度：持续推进项目建设； 四季度：12月31日前完成项目施工。 | N26: 区城乡建设开发中心 | O26: 欧炳洪 | P26: 区住建局（城乡建设开发中心） 盛其钢13982356665 | R26: 1
A27: 18 | B27: 普达阳光二期环线道路工程 | C27: 攀枝花市仁和区前进镇普达村 | D27: 2022-2028年 | E27: 建设内容含道路工程、桥涵、排水、交通、电力、通信、照明、景观配套及附属工程等，建设规模道路里程长度约9千米，其中：二期环线次干路4.433千米,路宽21米（含人行道宽）；二期环线支路：路段总长约1.571千米，路宽12米（含人行道宽）；二期环线内连接线（四级公路兼城市支路）：路段总长约0.303千米，路宽8.5米（含人行道宽）；二期环线山顶支线：总长2.693千米。 | F27: 39067 | G27: 15000 | H27: 821 | I27: 100 | J27: 300 | K27: 200 | L27: 221 | M27: 一季度：完成复工前准备工作； 二季度：完成一标段路面、人行道工程； 三季度：完成一标段绿化、照明工程； 四季度：完成一标段交安工程. | N27: 仁和城市发展建设（集团）有限责任公司 | O27: 欧炳洪 | P27: 区住建局（区城乡建设开发中心） 游小平 13982326035 前进镇 邱标 13882338026
A28: 19 | B28: 普达安置房二期 | C28: 攀枝花市仁和区前进镇普达村 | D28: 2022-2028年 | E28: 计17栋建筑，总建筑面积12.85万平方米，含农贸市场、幼儿园商业、公寓住宅、酒店等。项目住宅套数630套 ，商业面积1.57万平方米，酒店公寓面积2.5万平方米，168套公寓。 | F28: 49000 | G28: 16000 | H28: 3800 | I28: 500 | J28: 1000 | K28: 1000 | L28: 1300 | M28: 一季度：完成复工准备工作； 二季度：三栋高层住宅二次结构全部完成； 三季度：三栋高层住宅外墙施工完成； 四季度：三栋高层住宅室内及门窗施工完成。 | N28: 仁和城市发展建设（集团）有限责任公司 | O28: 欧炳洪 | P28: 区住建局（区城乡建设开发中心） 游小平 13982326035 前进镇 邱标 13882338026
A29: 20 | B29: 仁和区城区排水排涝基础设施项目 | C29: 仁和区仁和镇、前进镇 | D29: 2025-2027年 | E29: 新建及改造仁和南向片区、普达片区排水管网约31.29千米，排洪箱涵 0.46千米，区域河道整治1.5千米，排水沟渠6.4千米，排涝设备购置安装及相关附属设施。 | F29: 12000 | G29: 1000 | H29: 3000 | I29: 500 | J29: 500 | K29: 1000 | L29: 1000 | M29: 一季度：持续推进兴农变电站点位施工，3月31日前启动冷链周边排水设施建设，启动普达片区河道整治和排水管网修建； 二季度：持续推进兴农变电站及冷链周边排水设施建设，6月30日前启动岩神山周边排水设施建设，完成普达片区河道整治和排水管网修建40%； 三季度：持续推进兴农变电站、冷链周边及岩神山周边排水设施建设，9月30日前完成普达片区河道整治和排水管网修建70%； 四季度：12月31日前完成兴农变电站、冷链周边及岩神山周边排水设施建设，完成普达片区河道整治和排水管网修建。 | N29: 区城乡建设开发中心 | O29: 欧炳洪 | P29: 区住建局（区城乡建设开发中心） 游小平 13982326035 前进镇 邱标 13882338026
A30: 21 | B30: 普达康养产业基地·康和东樾项目 | C30: 攀枝花市仁和区前进镇 | D30: 2019- 2028年 | E30: 项目用地面积为6.71万平方米（106亩），共规划26栋建筑、其中5栋高层、21栋多层，总规划建筑面积为：15.71万平方米，其中地上建筑面积为：11.71万平方米，地下建筑面积：4.0万平方米。高层建筑面积为：7.46万平方米，共计1185套住宅，多层建筑面积为：4.21万平方米，共计592套住宅，本项目共规划车位1070辆。 | F30: 91500 | G30: 69660 | H30: 4600 | I30: 500 | J30: 1600 | K30: 1500 | L30: 1000 | M30: 一季度：开展复工前准备工作； 二季度：3#、5#、6#楼外装完成60%； 三季度：3#、5#、6#楼外装完成，排架拆除完成； 四季度：3#、5#、6#楼绿化、消防完成。 | N30: 攀枝花普润达置地开发有限公司 | O30: 欧炳洪 | P30: 区住建局（区城乡建设开发中心） 游小平 13982326035 前进镇 邱标 13882338026
A31: 22 | B31: 普达康养产业基地·康和朗悦项目 | C31: 攀枝花市仁和区前进镇普达村 | D31: 2024-2027年 | E31: 多层住宅及配套商业项目，总建筑面积 100072.37 平方米。住宅 85795.80 平方米，配套商业 1589.51 平方米，公共服务设施 600.87 平方米，其他配套设施177 平方米，地上机械车库 984 平方米，地下车库 10925.19 平方米。（其中1、2 号楼为保障性租赁住房，保障性租赁住房建筑面积为 14408.98 平方米，其他配套建筑面积为 2422.19 平方米，总建筑面积为 16831.17 平方米，总投资为13000 万元）。 | F31: 65000 | G31: 32000 | H31: 9000 | I31: 1000 | J31: 3000 | K31: 3000 | L31: 2000 | M31: 一季度：1、2#楼外墙施工完成，室内精装修完成30%，外架拆除 二季度：1、2#楼室内精装修基本完成，3、4#号楼公区装修及外墙装饰基本完成，1-4#楼室外景观基本完成。 三季度：5、6#楼基础施工完成 四季度：5、6#楼主体施工完成 | N31: 攀枝花金泰房地产集团有限公司 | O31: 欧炳洪 | P31: 区住建局（区城乡建设开发中心） 游小平 13982326035 前进镇 邱标 13882338026
A32: 23 | B32: 仁和区2024年城镇燃气管道老化更新改造项目（第一批） | C32: 仁和镇、前进镇、大河中路街道 | D32: 2024-2026年 | E32: 本项目共涉及老城区12个老旧小区，共改造用户14814户。改造更新小区连接线、庭院管道（含附属设施及小区水泥路面拆除与恢复）27.03公里；改造更新立管（含引入管、水平干管）100.4公里；用户端更换橡胶软管29628根，加装燃气报警控制系统14814套，以及自闭阀14814个。 | F32: 11075 | G32: 2000 | H32: 2000 | I32: 300 | J32: 600 | K32: 800 | L32: 300 | M32: 一季度：完成庭院管网改造约1公里，立管约4公里，户内更新改造100户。 二季度：完成庭院管网改造约2公里，立管约8公里，户内更新改造200户。 三季度：完成庭院管网改造约2公里，立管约8公里，户内更新改造400户。 四季度：完成庭院管网改造约1公里，立管约6公里，户内更新改造200户。 | N32: 仁和区综合行政执法局 | O32: 欧炳洪 | P32: 区综合行政执法局 吴浚甲 18380449375
A33: （四） | B33: 园区基础设施（仅含基础设施内容，不含产能） | C33: =A36-A32 -> 3 | F33: =SUM(F34:F36) -> 13700 | G33: =SUM(G34:G36) -> 8600 | H33: =SUM(H34:H36) -> 5100 | I33: =SUM(I34:I36) -> 1900 | J33: =SUM(J34:J36) -> 1200 | K33: =SUM(K34:K36) -> 2000 | L33: =SUM(L34:L36) -> 0
A34: 24 | B34: 橄榄坪园区、迤资园区标准化厂房及配套设施建设项目（光电信息园区片区）一期 | C34: 橄榄坪园区 | D34: 2024- 2026年 | E34: 占地总面积为12379.93平方米，新建1栋长137.8米，宽41.8米，5层标准化厂房，总高度23.85米，建筑面积29577.3平方米，配套建设消防水池、道路等基础设施。 | F34: 12000 | G34: 8000 | H34: 4000 | I34: 1000 | J34: 1000 | K34: 2000 | L34: 0 | M34: 一季度：持续推动主体工程建设； 二季度：完成主体工程建设、附属及总坪工程； 三季度：完成项目竣工验收。 | N34: 攀枝花市人和兴工发展建设集团有限公司 | O34: 李兆兵 | P34: 工发集团 刘亮 13882366993 南山管委会 何昱宏13982399855 | R34: 1
A35: 25 | B35: 迤资园区一级消防站提升改造工程 | C35: 橄榄坪园区 | D35: 2025-2026年 | E35: 1.新建消防楼占地面积451.89平方米，总建筑面积962.93平方米，建筑总高12.30米，办公楼为低层建筑，层数三层，建筑耐火等级为二级，设防烈度为八度，屋面防水等级为三级，结构类型为框架结构。 2.新建训练塔一座及跑道训练场地，建筑面积237.07平方米。 3.新建门卫室一座，10平方米。 4.原有建筑装修改造，完善食堂、会议室、备勤室功能，总计适用人数35人，建筑面积约1600平方米。 5.改造原有场地大门及围墙，场地综合整治，完善一级消防站功能。 | F35: 1200 | G35: 500 | H35: 700 | I35: 500 | J35: 200 | K35: 0 | L35: 0 | M35: 一季度：完成主体建设； 二季度：完成内部二装，完成项目建设。 | N35: / | O35: 李兆兵 | P35: 南山管委会 吕明15892571313 | R35: 1
A36: 26 | B36: 迤资园区事故应急池建设工程 | C36: 迤资园区 | D36: 2025-2026年 | E36: 新建1000立方米化工园区事故应急池1座，配套设置在线监控报警系统及废气处理系统等，报警信号统一至园区管理部门。 | F36: 500 | G36: 100 | H36: 400 | I36: 400 | J36: 0 | K36: 0 | L36: 0 | M36: 一季度：完成项目建设。 二季度：投入使用。 | N36: / | O36: 李兆兵 | P36: 南山管委会 吕明15892571313 | R36: 1
A37: 二 | B37: 产业项目 | C37: =C38+C45+C53+C56 -> 23 | F37: =F38+F45+F53+F56 -> 338580 | G37: =G38+G45+G53+G56 -> 105673.2 | H37: =H38+H45+H53+H56 -> 116858 | I37: =I38+I45+I53+I56 -> 18054 | J37: =J38+J45+J53+J56 -> 47058 | K37: =K38+K45+K53+K56 -> 27192 | L37: =L38+L45+L53+L56 -> 24554
A38: （一） | B38: 制造业 | C38: =A44-A36 -> 6 | F38: =SUM(F39:F44) -> 88128 | G38: =SUM(G39:G44) -> 42767.2 | H38: =SUM(H39:H44) -> 41120 | I38: =SUM(I39:I44) -> 6400 | J38: =SUM(J39:J44) -> 24320 | K38: =SUM(K39:K44) -> 6700 | L38: =SUM(L39:L44) -> 3700
A39: 27 | B39: 攀枝花钢城集团瑞钢工业有限公司短流程炼钢超低排放改造项目 | C39: 迤资园区 | D39: 2025-2026年 | E39: 该项目属于环保设施提升改造，不新增产能。本次改造在现有设施基础上进行，不涉及新增用地及生产设施。本次主要改造内容为： 一、有组织改造：6 套除尘器本体（滤袋替换、风机更新、管道防腐及仪表修复）、新增 3 套密闭罩接入原有除尘系统、改造 4 套CEMS 在线监测系统（包括采样平台改造），数据接入 DCS。 二、无组织改造：造球车间、高位料仓（含电炉、精炼炉）等皮带输送系统密闭；炼钢主厂房、原料厂房封闭及围挡；8 个产尘点新增密闭罩，并配套管道和支架等；主厂房、废钢跨等区域新增高清监控、TSP 监测仪、空气质量微站、雾炮；电炉修砌及钢包冷修区三级水池建设。 三、清洁运输改造：新建一套超低排放管控治一体化平台，包含磅房计量、门禁等子系统，采集无组织、清洁运输等相关数据；新建洗车机及购买清扫洒水车。 四、其他配套改造：新建管控中心及全厂网络机房；设备配电、控制电气系统及PLC 编程设计。 项目建成可实现颗粒物排放浓度≤10mg/m3 项目建成后，可实现颗粒物排放浓度≤10mg/m3。 | F39: 5096 | G39: 3527.2 | H39: 120 | I39: 0 | J39: 120 | K39: 0 | L39: 0 | M39: 一季度：完成清洁运输与有组织排放改造的设备安装与单机调试，同步开展系统联动测试。 二季度：组织清洁运输、有组织排放改造工程的预验收与调试评估，完成监测数据接入DCS系统。 三季度：全面推进无组织排放改造，完成密闭罩安装、皮带系统封闭、监控与监测设备部署，并开展系统联调。 四季度：完成全部改造内容的综合调试与试运行，实现超低排放系统整体投运，准备项目竣工环保验收。 | N39: 攀枝花钢城集团瑞钢工业有限公司 | O39: 李兆兵 | P39: 区经信和科技局 唐海峰 18681207468
A40: 28 | B40: 西南钒钛汽车零部件再制造项目 | C40: 迤资园区 | D40: 2025-2028年 | E40: 该项目采用国际先进静压造型技术、高效节能中频感应熔炼技术、智能化数控加工技术，新增部分设备，调整生产工艺，再制造产品设备质量特性和安全环保性能不低于原型新品、产品扣除旧件后的置换价格是原型新品的60%、再制造产品的再制造率（按重量计）为65%以上，总投资9224万元，主要建设内容为新增电炉8台、全自动化静压造型线1条、升级改造电炉8台、升级改造全自动化静压造型线3条，后处理设备2套，改造原有砂处理设备2套，全面升级自动化改造机加工生产线以及全自动喷涂、包装线升级改造，通过引进回收废旧物料，配套二级市场，满足二级市场对汽车零部件再造产品的需求。预计建成后形成15万吨/年的汽车零部件再制造能力。 | F40: 9224 | G40: 1440 | H40: 5000 | I40: 1000 | J40: 1000 | K40: 1500 | L40: 1500 | M40: 一季度：完成1#静压造型线PLC控制系统升级改造，完成1#砂处理线大修（混砂机、斗提机等）。 二季度：完成离合器壳体自动打磨机、浇冒口清理机采购与安装，完成4台数控立车大修。 三季度：完成2#静压造型线及2#清理线改造，完成2台电炉节能改造。 四季度：完成4台数控加工中心大修改造及涂装线节能改造，具备全线联动调试条件。 | N40: 四川西南钒钛汽车零部件有限公司 | O40: 李兆兵 | P40: 区经信和科技局 周劲松 13550917503
A41: 29 | B41: 西南钒钛特色铸造产业集群项目——钒钛磁铁矿创新型铸造用生铁净化调质系统项目 | C41: 迤资园区 | D41: 2024-2026年 | E41: 1套KR脱硫装置，1座60t净化调质装置，1座60t调质炉，铸铁机及利用原有公辅设施（配套建部分公辅设施）。采用顶底复合吹炼及增碳、增硅工艺。项目占地面积48.06亩，厂房建筑面积为21035.03平方米。配套建设给排水设施、通风除尘设施、燃气设施、热力设施、通讯及消防等公辅设施。项目建成后，建成年处理高炉铁水120万吨生产线1条，实现年产钒渣4.57万吨（标渣，10%V2O5），将含钒铁水转变为紧缺的铸造生铁资源，助推区域铸造产业转型升级、实现钒钛资源综合开发利用。 | F41: 45808 | G41: 35800 | H41: 10000 | I41: 200 | J41: 3000 | K41: 5000 | L41: 1800 | M41: 一季度：完成项目融资与资金到位；启动关键设备采购招标工作，完成KR脱硫装置、净化调质装置等主要设备的技术协议签订。 二季度：完成设备采购合同签订及排产；开展设备基础施工及部分非标设备现场制作；开始设备陆续到货。 三季度：全面开展设备安装工作，完成主体设备（KR脱硫装置、60t净化调质炉、铸铁机等）就位与管道连接；同步推进电气、自控系统安装。 四季度：完成全部设备安装与单机调试；开展系统联动调试与试运行，具备投料试生产条件；启动竣工资料整理与验收准备。 | N41: 四川西南钒钛科技有限公司 | O41: 李兆兵 | P41: 区经信和科技局 周劲松 13550917503 | R41: 1
A42: 30 | B42: 睿恩光电一体式磁电潜望OIS马达科技攻关项目 | C42: 仁和区 | D42: 2025-2026年 | E42: 项目较其他分体式马达，具有更强的结构稳定性，且可在有限空间内更好的实现大行程、大角度转动的特点；产品可广泛应用于智能终端，无人机，智能家居，数码相机等领域。 | F42: 500 | G42: / | H42: 500 | I42: 100 | J42: 100 | K42: 100 | L42: 200 | M42: 一季度：开展产品设计工作； 二季度：客户沟通，试做样品； 三季度：样品送样，根据客户需求优化产品； 四季度：产品封样，开始试生产。 | N42: 睿恩光电有限责任公司 | O42: 李兆兵 | P42: 区经信和科技局 李伟15983561757 | R42: 1
A43: 31 | B43: 镁森科技LED发光组件驱动IC控制系统科技攻关项目 | C43: 仁和区 | D43: 2025-2026年 | E43: 项目基于标准化数字控制信号和工作状态特征数据集训练获取策略优化模型，研究 LED 发光组件驱动IC控制方法，延长LED发光组件的使用寿命和整体系统的性能表现。 | F43: 500 | G43: / | H43: 500 | I43: 100 | J43: 100 | K43: 100 | L43: 200 | M43: 一季度：开展产品设计工作； 二季度：客户沟通，试做样品； 三季度：样品送样，根据客户需求优化产品； 四季度：产品封样，开始试生产。 | N43: 攀枝花镁森科技有限公司 | O43: 李兆兵 | P43: 区经信和科技局 李伟15983561757 | R43: 1
A44: 32 | B44: 群辉电子印制电路板生产项目（一期） | C44: 攀枝花市橄榄坪园区 | D44: 2025-2027年 | E44: 项目分两期建设消费电子类单双面、多层线路板生产线。项目一期建成后具备月产5万平方米印制电路板生产能力；项目二期建成后具备月产10万平方米印制电路板生产能力（含一期产能）。 | F44: 27000 | G44: 2000 | H44: 25000 | I44: 5000 | J44: 20000 | K44: / | L44: / | M44: 一季度：完成装修建设，部分设备陆续进场安装调试； 二季度：设备全部进场安装，完成调试，开展试生产。 | N44: 攀枝花群辉电子有限公司 | O44: 李兆兵 | P44: 南山管委会 李昀桦 18782376392 | R44: 1
A45: （二） | B45: 现代服务业 | C45: =A52-A44 -> 7 | F45: =SUM(F46:F52) -> 94000 | G45: =SUM(G46:G52) -> 45800 | H45: =SUM(H46:H52) -> 41000 | I45: =SUM(I46:I52) -> 7400 | J45: =SUM(J46:J52) -> 12900 | K45: =SUM(K46:K52) -> 9900 | L45: =SUM(L46:L52) -> 10800
A46: 33 | B46: 华芝浅水湾一站式智慧农贸集市项目 | C46: 仁和镇 | D46: 2025-2026年 | E46: 计划建设6000平方米交易市场1个，7000平方米停车场1个及相应的配套基础设施。 | F46: 8000 | G46: 3000 | H46: 1000 | I46: 200 | J46: 400 | K46: 300 | L46: 100 | M46: 一季度：3月31日前完成项目方案调整及施工许可变更等手续办理，进场启动施工； 二季度：6月30日前完成建设工程形象进度的60%； 三季度：9月30日前完成项目基本建成，具备竣工验收条件； 四季度：10月31日前完成项目竣工验收，投入试运营。 | N46: 攀枝花市晟华置业有限责任公司 | O46: 欧炳洪 | P46: 区商务局 斯嘉勋 13882387311 | Q46: 招商引资已签约待开工项目 | R46: 1
A47: 34 | B47: 仁和区五十一酒水糖果仓储物流中心 | C47: 大河中路街道 | D47: 2025-2026年 | E47: 项目占地面积8689平方米，总建筑面积10400平方米，新建一栋综合大楼，一栋直播大楼，一栋冷冻冷藏库，配套给排水、强弱电、道路、停车位等。 | F47: 6000 | G47: 4500 | H47: 1500 | I47: 1000 | J47: 500 | K47: 0 | L47: 0 | M47: 一季度：1月31日前，1#、2#仓储楼完成墙面及附属设施施工，基本具备交付条件；3号综合服务楼建设工程形象进度到达70%。2月底前启动展厅装修施工。 二季度：6月底前，1#、2#仓储楼一层完成二次装修投入试运营；3号综合服务楼整体完工，展厅完成施工。 三季度：9月30日前完成项目竣工验收，投入试运营。 | N47: 攀枝花市牧耘农业开发有限公司 | O47: 欧炳洪 | P47: 区商务局 斯嘉勋 13882387311 | R47: 1
A48: 35 | B48: 金沙江·智慧物流商贸城二期一批次项目 | C48: 仁和区总发片区 | D48: 2026-2028年 | E48: 金沙江·智慧物流商贸城二期一批次，建设用地面积 16.77 亩，总建筑面积约7278.19 平方米。主要建设内容：水产仓贸区。 | F48: 2500 | G48: 200 | H48: 1500 | I48: / | J48: 500 | K48: 500 | L48: 500 | M48: 一季度：推动谈判，摸清项目底数与核心症结 二季度：细化复工谈判条款； 三季度：9月30日前完成复工谈判； 四季度：2#楼复工建设，实现结构封顶。 | N48: 攀枝花翔运物流有限公司 | O48: 欧炳洪 | P48: 区住建局（区城乡建设开发中心） 游小平 13982326035
A49: 36 | B49: 铜锣湾FIC二期花样年华A区项目 | C49: 仁和区仁和镇莲花村 | D49: 2024-2026年 | E49: 高档住宅小区，共20栋，总占地面积约47045.14平方米，建筑面积约106491.17平方米，其中地上建筑面积约81853.76平方米，地下建筑面积约24637.41平方米。 | F49: 65000 | G49: 35000 | H49: 30000 | I49: 5000 | J49: 10000 | K49: 7000 | L49: 8000 | M49: 一季度：3月31日前完成11、12#楼主体结构封顶，8、9、14、15、16#楼主体结构施工至8层； 二季度：6月30日前完成8、9、14、15、16#楼主体结构施工； 三季度：9月30日前完成地块内所有房屋主体结构施工，启动室外总坪施工； 四季度：12月31日前基本完成室外总坪及水电气、消防施工。 | N49: 四川华锦置业发展有限公司 | O49: 欧炳洪 | P49: 区住建局（区城乡建设开发中心） 游小平 13982326035 | R49: 1
A50: 37 | B50: 迤沙拉民艺中心项目 | C50: 平地镇 | D50: 2025-2027年 | E50: 以现有游客中心为基础，新建面积约2200平方米的集文化展示、游客休闲、产品展销为一体的文化艺术中心，配套打造水景观。 | F50: 3500 | G50: 100 | H50: 1500 | I50: 100 | J50: 400 | K50: 500 | L50: 500 | M50: 一季度：完成设计方案的最终调整与审定，并完成房屋收储、财评、招标等前期工作。 二季度：启动项目建设。 三季度：完成主体工程量30% 四季度：完成民艺中心一期主体工程建设。 | N50: 仁和城发集团 | O50: 邹华煜 | P50: 区文广旅局 钟永彬 19950901321
A51: 38 | B51: 拉鲊古渡温泉山庄项目 | C51: 大龙潭彝族乡 | D51: 2025—2026年 | E51: 新建占地面积约3600平方米，配套温泉中心、室外古法温泉泡池区，vip室外泡池区及私汤民宿，可同时接待容纳100余人的温泉山庄。 | F51: 1000 | G51: 500 | H51: 500 | I51: 100 | J51: 100 | K51: 100 | L51: 200 | M51: 一季度：完成建设用地调整等前期手续，完成施工图设计、审图、清单编制、招标等前期工作。 二季度：启动项目建设。 三季度：完成主体建设的80%。 四季度：完成项目主体建设。 | N51: 仁和城发集团 | O51: 邹华煜 | P51: 区文广旅局 钟永彬 19950901321 | R51: 1
A52: 39 | B52: 普达康养民宿 | C52: 前进镇普达村 | D52: 2024-2026年 | E52: 新建建筑 8647平方米，总用地面积：5852.58平方米，地上建筑面积6062.43平方米，其中包含客房28间及相关配套设施，停车场建筑面积 1520.19平方米，其中包含地下车库及设备用房，停车场车位33个，容积率1.04%，绿地面积1171平方米。 | F52: 8000 | G52: 2500 | H52: 5000 | I52: 1000 | J52: 1000 | K52: 1500 | L52: 1500 | M52: 一季度：主体结构全部封顶； 二季度：二次结构全部完成； 三季度：完成玻璃幕墙及铝板施工； 四季度：完成室内装修及室外工程施工。 | N52: 攀枝花市东燊商业运营管理有限公司 | O52: 欧炳洪 | P52: 区住建局（区城乡建设开发中心） 游小平 13982326035 区文广旅局 王志平 13882311519 | Q52: 招商引资已开工待投产项目清单
A53: （三） | B53: 能源产业 | C53: =A55-A52 -> 2 | F53: =SUM(F54:F55) -> 28516 | G53: =SUM(G54:G55) -> 3600 | H53: =SUM(H54:H55) -> 12916 | I53: =SUM(I54:I55) -> 2100 | J53: =SUM(J54:J55) -> 4000 | K53: =SUM(K54:K55) -> 3900 | L53: =SUM(L54:L55) -> 2916
A54: 40 | B54: 攀枝花市丰泰工贸有限公司洗煤设备升级改造项目 | C54: 布德镇 | D54: 2025-2026年 | E54: 在不新增产能前提下，对原30万吨/年洗煤厂生产线实施技改，更换高效节能环保设备。主要内容包括： 1.设备升级：更换洗选主机、数控系统、浮选机、压滤机、脱水筛等核心设备；2.配套工程建设：电气改造、设备安装、厂房及公辅设施改建。技改后实现能效提升、污染减排及生产自动化优化。 | F54: 3516 | G54: 1100 | H54: 2416 | I54: 500 | J54: 800 | K54: 800 | L54: 316 | M54: 一季度：完成厂区办公楼、洗选车间等主要构筑物的改造工作。 二季度：完成初步设计，安全设施设计的编辑评审工作。 三季度：完成洗选设备的安装调试，进行试生产。 四季度：正式投入生产。 | N54: 攀枝花市丰泰工贸有限公司 | O54: 李兆兵 | P54: 区应急管理局 余永全 13550939272 | R54: 1
A55: 41 | B55: 攀枝花市会兴工贸有限责任公司张家湾煤矿扩能改造工程 | C55: 务本乡 | D55: 2025-2027年 | E55: 规模从15万吨/年整合扩建至30万吨/年。建设内容：完成井巷工程开拓、准备、回采巷道布置、主要生产、运输、提升、通风、排水等系统建设，安全设施设备安装、重大设备监测感知系统安装、运行，“六大系统”建成运行。实现掘进工作面采用综合机械化掘进，采煤工作面采用综合机械化采煤，运输采用连续运输方式运输，达到二级标准化的高效矿井。 | F55: 25000 | G55: 2500 | H55: 10500 | I55: 1600 | J55: 3200 | K55: 3100 | L55: 2600 | M55: 一季度：开展复工复产隐患排查工作，完成井巷施工单位变更及入场工作。 二季度：完成复工复产验收，累计完成总工程量的10%。 三季度：累计完成总工程量的20%。 四季度：累计完成总工程量的25%。 | N55: 攀枝花市会兴工贸有限责任公司 | O55: 李兆兵 | P55: 区应急管理局 余永全 13550939272
A56: （四） | B56: 现代农业 | C56: =A64-A55 -> 8 | F56: =SUM(F57:F64) -> 127936 | G56: =SUM(G57:G64) -> 13506 | H56: =SUM(H57:H64) -> 21822 | I56: =SUM(I57:I64) -> 2154 | J56: =SUM(J57:J64) -> 5838 | K56: =SUM(K57:K64) -> 6692 | L56: =SUM(L57:L64) -> 7138
A57: 42 | B57: 攀枝花市仁和区科技智慧农场建设项目 | C57: 南向片区 | D57: 2025-2027年 | E57: 项目实施总面积 10000 亩，包括建设田间观测站、配套智慧果园管理系统、遥感监测控制平台、智慧农业监测平台、小型气象站、无线灌溉系统、果园水肥药一体化灌溉系统等。 | F57: 8000 | G57: 1500 | H57: 4500 | I57: 500 | J57: 1500 | K57: 1500 | L57: 1000 | M57: 一季度：积极推动育苗大棚建设和植物工厂建设，完善土地平整、田型调整、沟渠、道路等基础设施建设； 二季度：完成第1期的收尾和验收工作，准备2期项目建设的前期工作； 三季度：待2期项目资金下达后组织项目实施； 四季度：加快实施2期项目，力争完成2期工程的70%； | N57: 攀枝花市农基农业开发有限公司 | O57: 闵传铮 | P57: 区农业农村局 许继明13550930672
A58: 43 | B58: 仁和区芒果深加工产业农产品加工专项项目 | C58: 中坝乡 | D58: 2025-2026年 | E58: 新建2000平方米深加工厂房、车间，配套250平方米办公楼、展示厅及生活住房；新建购置果浆、果汁、果酱生产线一条，日处理能力达40吨，配套车间清风系统和车间灭菌设备；开展三体系质量管理体系认证；配套环保污水处理设备，开展环评；购置起重设备，配套完善相关设施设备。（以最终设计为准）。 | F58: 4000 | G58: 2400 | H58: 1600 | I58: 100 | J58: 300 | K58: 300 | L58: 900 | M58: 一季度：完成第1期的验收和收尾工作，准备2期项目建设的前期工作； 二季度：开展厂房主体建设和设备采购； 三季度：完成主体厂房附属设施建设及设备安装； 四季度：完成验收、审核、报账和资金拨付。 | N58: 攀枝花市创客农业有限公司 | O58: 闵传铮 | P58: 区农业农村局 江元军13982372052 | Q58: 招商引资已签约待开工项目 | R58: 1
A59: 44 | B59: 仁和屠宰场搬迁新建A类屠宰场项目 | C59: 平地镇 | D59: 2025-2026年 | E59: 新建畜圈2000平方米，厂房1600平方米，拉猪通道1200平方米，办公楼700平方米，冻库50平方米，检疫室12平方米，污水处理480平方米，停车区1500平方米，职工宿舍楼200平方米，采购分割肉生产线加工工具、质量检测设备、称量设备等。 | F59: 1500 | G59: 700 | H59: 800 | I59: 200 | J59: 200 | K59: 100 | L59: 300 | M59: 一季度：基础工程完成100%； 二季度：主体工程完成50%； 三季度：主体工程完成100%，架设水、电、网络； 四季度：完成所有设备安装调式。 | N59: 攀枝花康荣生猪 屠宰有限公司 | O59: 闵传铮 | P59: 区农业农村局 张万金 13882350911 | R59: 1
A60: 45 | B60: 攀枝花市仁和区布德镇生猪养殖基地建设项目 | C60: 布德镇 | D60: 2026年 | E60: 1.自动化育肥猪舍全封闭式，35000平方米（含自动饲喂、环控系统）；2.粪污处理系统，8000m³厌氧发酵罐+3000亩管网灌溉系统。项目分四期完成，一期2025年11月-2026年12月；二期2027年1月-2027年12月；三期四期2028年1月-2028年12月。 | F60: 7200 | G60: 200 | H60: 5000 | I60: 500 | J60: 1000 | K60: 2000 | L60: 1500 | M60: 一季度：一期基础工程完成100%（场平、回填）； 二季度：一期主体工程完成50%； 三季度：一期主体工程完成100%； 四季度：完成一期工程水、电、网架设；所有设备安装调式并试运行；二期工程准备。 | N60: 攀枝花市康瑞畜牧科技有限公司 | O60: 闵传铮 | P60: 区农业农村局 张万金13882350911
A61: 46 | B61: 2025年攀枝花市芒果千亿级优势特色农业产业培育项目 | C61: 仁和区 | D61: 2025-2026年 | E61: 围绕标准化生产基地提升建设、农产品加工能力提升、品牌市场营销和协同攻坚关键性技术四个方面，按照“锻长补短建新”原则，开展芒果产业链建设，在仁和区布局加工物流中心，在盐边县布局种业芯片和加工中心、在米易县布局高品质果园基地。 | F61: 6460 | G61: 3000 | H61: 3460 | I61: 692 | J61: 1038 | K61: 692 | L61: 1038 | M61: 一季度：完成工程的20%； 二季度：完成工程的50%； 三季度：完成工程的70%； 四季度：完成项目建设。 | N61: 项目乡镇 | O61: 闵传铮 | P61: 区农业农村局 夏敏13882330187 | R61: 1
A62: 47 | B62: 2023年平地镇省级财政乡村振兴转移支付项目—迤沙拉村庄风貌提升及修缮项目 | C62: 平地镇 | D62: 2025-2026年 | E62: 对村庄整体风貌进行改善提升，对农房风貌进行整体打造 | F62: 700 | G62: 400 | H62: 300 | I62: 100 | J62: 100 | K62: 100 | L62: 0 | M62: 一季度：完成工程的50%； 二季度：完成工程的70%； 三季度：完成工程的100%； 四季度：完成项目建设。 | N62: 项目乡镇 | O62: 闵传铮 | P62: 区农业农村局 张剑18113875271 | R62: 1
A63: 48 | B63: 2025年市级共同富裕专项资金项目 | C63: 仁和区 | D63: 2025-2026年 | E63: 发展联农带农富农产业，发展村集体经济，持续壮大本地区特色优势产业。 | F63: 762 | G63: 600 | H63: 162 | I63: 62 | J63: 100 | K63: 0 | L63: 0 | M63: 一季度完成85%； 二季度完成100%，并完成项目验收。 | N63: 项目乡镇 | O63: 李建 闵传铮 | P63: 区农业农村局 张剑18113875271 | R63: 1
A64: 49 | B64: 仁和区中高山地区、边远民族地区一体化发展项目 | C64: 大龙潭彝族乡等10个乡镇 | D64: 2024-2029年 | E64: 在中高山地区、边远民族地区，围绕优势产业发展、农村基础设施、公共服务水平、特色产业、乡村发展水平5大板块开展建设。 | F64: 99314 | G64: 4706 | H64: 6000 | I64: 0 | J64: 1600 | K64: 2000 | L64: 2400 | M64: 一季度：3月31日前完成前期项目手续； 二季度：6月30日前完成年度目标任务的30%； 三季度：9月30日前完成年度目标任务的80%； 四季度：12月31日前完成年度目标任务，进行项目验收及报账。 | N64: 项目乡镇 | O64: 闵传铮 | P64: 区农业农村局 沙万林13550939873
A65: 三 | B65: 民生工程及社会事业项目 | C65: =C68+C66 -> 4 | F65: =F66+F68 -> 7750 | G65: =G66+G68 -> 3400 | H65: =H66+H68 -> 3400 | I65: =I66+I68 -> 2150 | J65: =J66+J68 -> 650 | K65: =K66+K68 -> 300 | L65: =L66+L68 -> 300
A66: （一） | B66: 医疗卫生 | C66: =A67-A64 -> 1 | F66: =SUM(F67) -> 3750 | G66: =SUM(G67) -> 2200 | H66: =SUM(H67) -> 1500 | I66: =SUM(I67) -> 1500 | J66: =SUM(J67) -> 0 | K66: =SUM(K67) -> 0 | L66: =SUM(L67) -> 0
A67: 50 | B67: 攀枝花市仁和区紧密型医共体智慧化建设项目（一期） | C67: 仁和区仁和镇 | D67: 2025-2026年 | E67: 依托攀枝花市仁和区医共体为载体，统一建设紧密型区域数字医疗共同体，包括：医疗共同体信息集成平台1套、医疗共同体数据资源系统1套、医疗共同体综合监管平台1套、资源共享中心系统1套、临床服务中心系统1套、急诊急救中心系统1套、高质量管理中心系统1套、公共卫生中心系统1套、便民惠民服务中心系统1套。更新和完善区域医疗卫生机构信息系统、基层医疗卫生机构系统、疾控机构信息系统等模块。 | F67: 3750 | G67: 2200 | H67: 1500 | I67: 1500 | J67: 0 | K67: 0 | L67: 0 | M67: 一季度：完成设备安装调试，投入试运行。 二季度：完成项目验收。 | N67: 攀枝花市仁和区人民医院 | O67: 邹华煜 | P67: 区卫生健康局 林凤云 15983566295 黄永彬 18080782851 | R67: 1
A68: （二） | B68: 教育、文化、体育及社会服务 | C68: =A71-A67 -> 3 | F68: =SUM(F69:F71) -> 4000 | G68: =SUM(G69:G71) -> 1200 | H68: =SUM(H69:H71) -> 1900 | I68: =SUM(I69:I71) -> 650 | J68: =SUM(J69:J71) -> 650 | K68: =SUM(K69:K71) -> 300 | L68: =SUM(L69:L71) -> 300
A69: 51 | B69: 仁和区第二批农村文化“五个一”建设 | C69: 各乡镇 | D69: 2024-2026年 | E69: 第二批农村文化“五个一”建设，计划新建村史馆19个，文化广场21个，培育乡村推荐官19个，打造文旅品牌16个。 | F69: 1200 | G69: 400 | H69: 400 | I69: 100 | J69: 100 | K69: 100 | L69: 100 | M69: 一季度：启动第二批农村文化“五个一”项目建设。 二季度：开展村史馆、文化广场建设；开展乡村推荐官、文艺队伍培训，推进文旅品牌打造。 三季度：完成第二批农村文化“五个一”建设项目，开展项目验收。 四季度：农村文化“五个一”成果展示。 | N69: 仁和区文广旅局 | O69: 邹华煜 | P69: 区文广旅局 王焰13508236130
A70: 52 | B70: 攀枝花市仁和区有线广播电视网络改造项目 | C70: 各乡镇 | D70: 2025-2027年 | E70: 建设仁和区城区广播电视光纤入户双向接入网络。项目新建机房3个，升级改造传输机房5个，通信管道建设 16千米。敷设 72 芯主干光缆 68千米。 敷设 4-48 芯支杆光缆 180千米。覆盖25个小区45000余户，取代原有的同轴电缆传输，改造完成后形成新的FTTR模式，实现广播电视网络视听与5G、云计算、大数据、人工智能、超高清等新一代信息技术融合发展。 | F70: 2100 | G70: 800 | H70: 800 | I70: 200 | J70: 200 | K70: 200 | L70: 200 | M70: 一季度：建设40KM主干光缆； 二季度：中心机房设备扩容升级，新增核心交换机，增加OLT等设备。切割原同轴电缆用户数据到新设备； 三季度：采购新型"超高清插入式机顶盒"； 四季度：逐步使用新型机顶盒替换原同轴电缆用户，完成20%用户的机顶盒替换。 | N70: 中国广电四川网络股份有限公司仁和区分公司 | O70: 邹华煜 | P70: 区文广旅局 陈瑛13219811188
A71: 53 | B71: 仁和镇、前进镇养老服务综合体建设项目 | C71: 仁和镇立新村、前进镇普达社区 | D71: 2025-2026年 | E71: 在仁和镇、前进镇建设两个养老服务综合体，建设总面积3500平方米，建设床位60张，设养老、助餐、康复、精神慰藉、娱乐等为老服务区域。 | F71: 700 | G71: 0 | H71: 700 | I71: 350 | J71: 350 | M71: 一季度：完成项目设计并通过区财评审议，启动项目建设，完成主体建筑建设改造。 二季度：完成功能区建设和配套设施建设并通过验收、投入使用。 | N71: 仁和镇、前进镇 | O71: 邹华煜 | P71: 区民政局 胡宗志 15182722092 仁和镇 前进镇 | R71: 1
A72: 四 | B72: 生态建设及环境保护项目 | C72: =C73 -> 2 | F72: =F73 -> 191803.17 | G72: =G73 -> 10826.17 | H72: =H73 -> 57800 | I72: =I73 -> 16300 | J72: =J73 -> 16500 | K72: =K73 -> 15000 | L72: =L73 -> 10000
A73: （一） | B73: 生态修复、环境整治（含流域治理） | C73: =A75-A71 -> 2 | F73: =SUM(F74:F75) -> 191803.17 | G73: =SUM(G74:G75) -> 10826.17 | H73: =SUM(H74:H75) -> 57800 | I73: =SUM(I74:I75) -> 16300 | J73: =SUM(J74:J75) -> 16500 | K73: =SUM(K74:K75) -> 15000 | L73: =SUM(L74:L75) -> 10000
A74: 54 | B74: 攀枝花市仁和区国家储备林建设项目 | C74: 仁和区 | D74: 2025-2030年 | E74: 总规模约40万亩，计划分期实施。第一期实施面积约17.84万亩，其中建设内容主要包括集约人工林栽培约1万亩；现有林改培约15.09万亩；中幼林抚育约1.75万亩等;并配套用地约 30亩。 | F74: 178200 | G74: 2023 | H74: 53000 | I74: 15000 | J74: 15000 | K74: 15000 | L74: 8000 | M74: 一季度：实现专项债一期项目开工建设，印发《攀枝花市仁和区国家储备林集体林地经营权流转实施方案》； 二季度：指导并督促牧耘农业制定2026年建设计划，启动集体林地收储工作，争取发行二期专项债； 三季度：完成专项债一期项目建设，实现集体林项目开工建设，完成二期专项债项目设计和审批工作； 四季度：完成集体林项目建设，完成二期专项债项目建设。 | N74: 攀枝花市牧耘农业 开发有限公司 | O74: 李兆兵 | P74: 区林业局 宁选林 15228578190 牧耘农业公司 周远清15808111688
A75: 55 | B75: 攀枝花市仁和区大河流域仁和段水生态环境综合整治项目 | C75: 仁和镇、大河中路街道 | D75: 2025-2027年 | E75: 河道生态湿地上游段建设22100平方米，城区段建设18000平方米，共40100平方米；旁路生态湿地上游段建设19500平方米，城区段建设33400平方米，共52900平方米；上游段河道整理2280米，生态护岸4560米；河滨生态缓冲带150000平方米（上游段91200平方米，城区段58800平方米） | F75: 13603.17 | G75: 8803.17 | H75: 4800 | I75: 1300 | J75: 1500 | K75: 0 | L75: 2000 | M75: 一季度：累计完成项目建设60%； 二季度：累计完成项目建设70%； 三季度：累计完成项目建设70%；（汛期暂停施工） 四季度：累计完成项目建设85%。 | N75: 攀枝花市仁和生态环境局 | O75: 李兆兵 | P75: 仁和生态环境局 安家徽18089589627

Sheet 新开工
A2: 攀枝花市仁和区2026年重点项目清单（新开工）
A3: 序号 | B3: 项目名称 | C3: 建设地址（具体到乡镇、街道） | D3: 建设 起止年 | E3: 建设内容及规模 | F3: 计划 总投资 （万元） | G3: 预计开工月份 | H3: 2026年 预计投资 （万元） | I3: 2026年预计投资分季度分解 （四个季度预计投资之和等于2026年预计投资） | M3: 2026年工程形象进度 （目标任务分解到季度） | N3: 业主单位 | O3: 区级责任领导 | P3: 责任单位、联系人及联系方式 | Q3: 备注
I4: 第一季度 预计投资 （万元） | J4: 第二季度 预计投资 （万元） | K4: 第三季度 预计投资 （万元） | L4: 第四季度 预计投资 （万元）
B5: 合计： | C5: =C6+C37+C77+C91 -> 73 | F5: =F6+F37+F77+F91 -> 2198212 | H5: =H6+H37+H77+H91 -> 634084.99 | I5: =I6+I37+I77+I91 -> 56382 | J5: =J6+J37+J77+J91 -> 106790 | K5: =K6+K37+K77+K91 -> 193963.62 | L5: =L6+L37+L77+L91 -> 276949.37
A6: 一 | B6: 基础设施项目 | C6: =C7+C11+C15+C23+C33 -> 25 | F6: =F7+F11+F15+F23+F33 -> 137558.25 | H6: =H7+H11+H15+H23+H33 -> 64186.25 | I6: =I7+I11+I15+I23+I33 -> 2130 | J6: =J7+J11+J15+J23+J33 -> 14260 | K6: =K7+K11+K15+K23+K33 -> 22252.25 | L6: =L7+L11+L15+L23+L33 -> 25544
A7: （一） | B7: 交通基础设施 | C7: =A10 -> 3 | F7: =SUM(F8:F10) -> 6772 | H7: =SUM(H8:H10) -> 3758 | I7: =SUM(I8:I10) -> 150 | J7: =SUM(J8:J10) -> 900 | K7: =SUM(K8:K10) -> 1250 | L7: =SUM(L8:L10) -> 1458
A8: 1 | B8: 仁和区Y021官旺路（啊喇彝族乡官房村至旺牛村段）幸福美丽乡村路 | C8: 啊喇彝族乡 | D8: 2026-2027年 | E8: 该项目位于啊喇彝族乡境内，路线起于永富村先锋营组粮站岔路口，止于官房村瓦窑组官房桥，路线全长11.795km。设计速度15公里/小时，路基宽度6.5m，按四级公路（I类）进行改建。 | F8: 4514 | G8: 3月 | H8: 1500 | I8: 100 | J8: 400 | K8: 400 | L8: 600 | M8: 一季度：完成施工、监理招标进场筹备工作。 二季度：完成路基拓宽、桥梁基础施工。 三季度：完成桥涵、挡墙施工。 四季度：完成主体工程80%。 | N8: 啊喇彝族乡人民政府 | O8: 闵传铮 | P8: 区交通运输局 谢坤 15228596529
A9: 2 | B9: 仁和区Y018新迤路（命卡安置点至迤资工业园区段）幸福美丽乡村路 | C9: 大龙潭彝族乡 | D9: 2026年 | E9: 线路全长4.86公里，路基宽度7米，路面宽度6.5米，包含路基工程、防护工程、排水工程桥涵工程、路面工程、安保工程。建设等级为三级公路。 | F9: 600 | G9: 4月 | H9: 600 | I9: 50 | J9: 300 | K9: 250 | L9: 0 | M9: 一季度：完成立项、施工图设计、启动招投标。 二季度：完成路面沥青铺筑。 三季度：完成安防设施安装及项目交验。 | N9: 区交通运输局 | O9: 闵传铮 | P9: 区交通运输局 谢坤 15228596529 | R9: 1
A10: 3 | B10: 2026年自然村通硬化路建设项目（第一批） | C10: 项目所在各乡镇 | D10: 2026年 | E10: 实施2026年30户以上自然村（组）通硬化路工程。规划建设里程16.5公里。 | F10: 1658 | G10: 6月 | H10: 1658 | I10: 0 | J10: 200 | K10: 600 | L10: 858 | M10: 一季度：完成项目前期调查工作。 二季度：完成项目简易设计方案关开工建设。 三季度：全面实施项目建设。 四季度：项目完工交验。 | N10: 项目所在乡镇人民政府 | O10: 闵传铮 | P10: 区交通运输局 饶坤 13882389008 | R10: 1
A11: （二） | B11: 能源基础设施 | C11: =A14-A10 -> 3 | F11: =SUM(F12:F14) -> 12240 | H11: =SUM(H12:H14) -> 11240 | I11: =SUM(I12:I14) -> 360 | J11: =SUM(J12:J14) -> 1300 | K11: =SUM(K12:K14) -> 3450 | L11: =SUM(L12:L14) -> 6130
A12: 4 | B12: 务本片区用电改造项目 | C12: 务本乡 | D12: 2026-2027年 | E12: 计划从110kV梁坪变电站新建一条35kV线路至务本乡35kV恒鼎专用变电站。工程线路总长约20.5km，其中架空线路路径长约18.6km，导线型号为LGJ-150/25;电缆线路路径长约1.9km，电缆型号为YJV22-26/35kV-3×185，满足企业及务本乡居民用电需求。 | F12: 4000 | G12: 9月 | H12: 3000 | I12: 200 | J12: 800 | K12: 800 | L12: 1200 | M12: 一季度：编制供电线路设计方案； 二季度：开展线路通道现场踏勘及定桩等工作任务，完成设计方案编制工作。 三季度：完成现场踏勘、定桩工作；施工单位进场，按照设计要求累计完成总工程量的10%； 四季度：按照设计要求累计完成总工程量的50%。 | N12: 待定 | O12: 罗燕 李兆兵 | P12: 区应急管理局 余永全 13550939272
A13: 5 | B13: 太平32万千瓦光伏发电项目送出工程 | C13: 太平乡 | D13: 2026-2027年 | E13: 建设2条220千伏送出线路14千米。 | F13: 6600 | G13: 10月 | H13: 6600 | I13: / | J13: / | K13: 2000 | L13: 4600 | M13: 一季度、二季度、三季度：准备核准资料； 四季度：11月30日前完成项目核准，12月底前项目开工。 | N13: 待定 | O13: 李兆兵 | P13: 区发改局 万在阳 13882337890
A14: 6 | B14: 仁和区城网改造项目 | C14: 仁和城区 | D14: 2026年 | E14: 新建10kV线路9.35km，其中：电力电缆7.486km，架空绝缘导线1.864km。新建一二次融合成套环网箱9台；新建电缆分支箱11台；新建电缆中间检查井11座；新建（2×3）电缆排管通道2千米。 | F14: 1640 | G14: 5月 | H14: 1640 | I14: 160 | J14: 500 | K14: 650 | L14: 330 | M14: 一季度：3月31日前完成项目招标、物资采购并签订合同； 二季度：6月30日前完成总工程量的40%； 三季度：9月30日前完成总工程量的80%； 四季度：12月30日前完成总工程量的100%。 | N14: 国网攀枝花市仁和供电公司 | O14: 李兆兵 | P14: 区发改局 万在阳 13882337890 | R14: 1
A15: （三） | B15: 水利基础设施 | C15: =A22-A14 -> 7 | F15: =SUM(F16:F22) -> 54240 | H15: =SUM(H16:H22) -> 20440 | I15: =SUM(I16:I22) -> 0 | J15: =SUM(J16:J22) -> 4800 | K15: =SUM(K16:K22) -> 7320 | L15: =SUM(L16:L22) -> 8320
A16: 7 | B16: 攀枝花市仁和区跃进水库灌区 2023～2025 年续建配套与节水改造项目（跃进水库灌区干渠改造工程二期） | C16: 大田镇 | D16: 2026年 | E16: 渠改管干渠改造跃进水库放水洞至隧洞进口D1422*8螺旋焊接钢管，总长约395.65m。主干渠以隧洞为主，总长10.748km，改造钢管共计1826.35m，其中：1-4#隧洞出口连接渠、渡槽改造为D1422*8螺旋焊接钢管，总长145.89m；5#隧洞出口至6#隧洞进口段暗渠、渡槽改造为D1422*8螺旋焊接钢管，总长为1680.46m。拆除D200钢管1680.46m，恢复D219*6mm钢管2293.98m。干海子分干渠暗渠段D1118*8螺旋焊接钢管，总长1910.00m；1#隧洞出口至2#隧洞进口段D1118*8螺旋焊接钢管，总长3293.00m；2#隧洞出口至总龙路段D914*8螺旋焊接钢管，总长1350.00m。工程共计布设钢管共计约8.78km，拆除管道1.68km，恢复管道2.29km | F16: 7000 | G16: 3月 | H16: 7000 | I16: 0 | J16: 1500 | K16: 2500 | L16: 3000 | M16: 一季度：完成项目前期手续，开工建设；_x000b_二季度：完成工程总进度的20%；_x000b_三季度：完成总进度量的57%； 四季度：完成工程总进度的100%。 | N16: 攀枝花市盛源水务有限公司 | O16: 闵传铮 | P16: 区水利局 姚远15892581392 | R16: 1
A17: 8 | B17: 2026年小型水库维修养护项目 | C17: 各乡镇 | D17: 2026年 | E17: 实施88座小型水库维修养护 | F17: 520 | G17: 5月 | H17: 520 | I17: 0 | J17: 100 | K17: 300 | L17: 120 | M17: 一季度：完成实施方案编制、审查及批复工作； 二季度：完成财评、确定实施单位；开工建设，完成工程总进度的20%； 三季度：完成工程总进度的80%； 四季度：完成工程总进度的100%。 | N17: 攀枝花市盛源水务有限公司 | O17: 闵传铮 | P17: 区水利局 姚远15892581392 | R17: 1
A18: 9 | B18: 四川省新庄河仁和区防洪治理工程 | C18: 福田镇 | D18: 2026-2027年 | E18: 综合治理河长4.2km，新建护岸3.08km。 | F18: 2500 | G18: 9月 | H18: 800 | I18: 0 | J18: 0 | K18: 200 | L18: 600 | M18: 一季度：完成初步设计报告编制、审查及批复工作，争取建设资金； 二季度：完成财评、招投标，并完成环评、水保等手续办理； 三季度：开工建设，完成年度任务进度的25%； 四季度：完成年度建设任务的100%。 | N18: 攀枝花市盛源水务有限公司 | O18: 闵传铮 | P18: 区水利局 姚远15892581392
A19: 10 | B19: 四川省大河仁和区段防洪治理工程 | C19: 平地镇、大田镇 | D19: 2026-2027年 | E19: 综合治理河长9.84km。 | F19: 5600 | G19: 9月 | H19: 1700 | I19: 0 | J19: 0 | K19: 400 | L19: 1300 | M19: 一季度：完成初步设计报告编制、审查及批复工作，争取建设资金； 二季度：完成财评、招投标，并完成环评、水保等手续办理； 三季度：开工建设，完成年度任务进度的27%； 四季度：完成年度建设任务的100%。 | N19: 攀枝花市盛源水务有限公司 | O19: 闵传铮 | P19: 区水利局 姚远15892581392
A20: 11 | B20: 小型农田水利基础设施建设项目 | C20: 同德镇、布德镇、太平乡、仁和镇、务本乡、大龙潭彝族乡、大田镇、前进镇、啊喇彝族乡 | D20: 2026-2030年 | E20: 对仁和区26个旱山村开展山坪塘建设及清淤整治、新建提灌站、水池（窖）、渠（管）道配套建设。 | F20: 30000 | G20: 9月 | H20: 1800 | I20: 0 | J20: 0 | K20: 500 | L20: 1300 | M20: 一季度：完成申报方案编制、审查，争取建设资金； 二季度：完成初步设计，并完成环评、水保等手续办理； 三季度：完成财评、招投标、开工建设，完成年度任务进度的28%； 四季度：完成年度建设任务的100%。 | N20: 攀枝花市盛源水务有限公司 | O20: 闵传铮 | P20: 区水利局 姚远15892581392
A21: 12 | B21: 攀枝花市仁和区大田镇深化农业用水权改革建设项目 | C21: 大田镇 | D21: 2026年 | E21: 一是以跃进水库为水源，在大田镇片那立村、榴园村、银鹿村、乌拉么村及小啊喇村5个村推行深化农业用水权项目建设，总面积9298亩。二是将灌面分6个灌片逐步实施，由榴园核心片区灌片、1#片区（片那立片区）灌片、2#片区（榴园片区）灌片、3#片区（银鹿片区）灌片、4#片区（乌喇么片区）灌片、5#片区（小啊喇片区）6个灌片组成。三是工程新建过滤房2座，新建检修阀门保护箱70座、排气阀保护箱70座、排水384座、减压阀保护箱70座、监测设备保护箱384座、镇支墩2546座，新建水表箱1162座，新建管348条127.3km，新建首部控制系统16套、管网监测系统176套、田间控制自动化1162套及软件系统。 | F21: 8000 | G21: 3月 | H21: 8000 | I21: 0 | J21: 3000 | K21: 3000 | L21: 2000 | M21: 一季度：完成初步设计报告编制、审查及批复工作；完成财评、招投标； 二季度：开工建设，完成工程总进度的38%； 三季度：开工建设，完成工程总进度的75%； 四季度：完成工程总进度的100%。 | N21: 攀枝花市盛源水务有限公司 | O21: 闵传铮 | P21: 区水利局 姚远15892581392 | R21: 1
A22: 13 | B22: 攀枝花市仁和区太平乡光电水产灌区配套建设项目 | C22: 太平乡 | D22: 2026年 | E22: 工程从已（在）建1#、2#、3#、4#、5#、6#蓄水池和配水管道取水，通过新建支管向灌区3519.94亩耕园地和坚果基地供水灌溉。共计新建D48.3×4.0mm~D219.1×4.0mm镀锌钢管18.65km，新建控制阀53座，排气阀39座，减压阀17座，排泥阀18座，流量计53座，末端控制系统110套（五合一） | F22: 620 | G22: 4月 | H22: 620 | I22: 0 | J22: 200 | K22: 420 | M22: 一季度：完成初步设计报告编制、审查及批复工作；完成财评、招投标； 二季度：开工建设，完成工程总进度的32%； 三季度：开工建设，完成年度任务进度的100%； | N22: 攀枝花市盛源水务有限公司 | O22: 闵传铮 | P22: 区水利局 姚远15892581392 | R22: 1
A23: （四） | B23: 城镇基础设施（含新型城镇化建设） | C23: =A32-A22 -> 9 | F23: =SUM(F24:F32) -> 38656.25 | H23: =SUM(H24:H32) -> 26998.25 | I23: =SUM(I24:I32) -> 1570 | J23: =SUM(J24:J32) -> 7260 | K23: =SUM(K24:K32) -> 9932.25 | L23: =SUM(L24:L32) -> 8236
A24: 14 | B24: 仁和区2026年完整社区建设项目 | C24: 仁和区 | D24: 2026-2027年 | E24: 2026年开工建设4个完整社区，分别为仁和镇弯庄社区、仁和镇银华社区、仁和镇四十九社区、前进镇前进社区。 | F24: 1200 | G24: 6月 | H24: 6000 | I24: 500 | J24: 1500 | K24: 2000 | L24: 2000 | M24: 一季度：完成完整社区体检工作； 二季度：完成完整社区方案编制等前期工作； 三季度：开展完整社区建设，完成总工程量20%； 四季度：开展完整社区建设，完成总工程量40%。 | N24: 攀枝花市仁和区仁和镇人民政府 攀枝花市仁和区前进镇人民政府 | O24: 欧炳洪 | P24: 区住建局 邹泽亚 13398461392 仁和镇 张曦 15181250219 前进镇 邱标 13882338026
A25: 15 | B25: 仁和区2026年城市危旧房整治项目 | C25: 仁和区 | D25: 2026-2027年 | E25: 开展危旧房改造居民意愿征集、改造内容等前期工作，整治危旧房48栋 | F25: 2968 | G25: 6月 | H25: 800 | I25: 0 | J25: 200 | K25: 300 | L25: 300 | M25: 一季度：开展居民意愿征集及摸底调查工作； 二季度：完成一栋一策方案编制工作，实现开工5栋； 三季度：实现新开工20栋，累计开工23栋； 四季度：实现新开工23栋，累计开工48栋。 | N25: 攀枝花市仁和区仁和镇人民政府 攀枝花市仁和区人民政府大河中路街道办事处 | O25: 欧炳洪 | P25: 区住建局 邹泽亚 13398461392 仁和镇 张曦 15181250219 大河中路街道办事处 吴文鹏15808102520
A26: 16 | B26: 攀枝花市仁和区2026年住宅老旧电梯更新项目 | C26: 仁和区 | D26: 2026-2027年 | E26: 对仁和区31部老旧电梯进行更新改造。 | F26: 752.25 | G26: 4月 | H26: 752.25 | I26: 0 | J26: 240 | K26: 272.25 | L26: 240 | M26: 一季度：完成2026年电梯更新项目申报工作，争取国债资金； 二季度：累计更新改造10部电梯； 三季度：累计更新改造21部电梯； 四季度：累计更新改造31部电梯。 | N26: 四川和苑智仁工程建筑有限公司 | O26: 欧炳洪 | P26: 区住建局 毕杰 13550923544 | R26: 1
A27: 17 | B27: 攀枝花市仁和区2026年既有住宅电梯增设项目 | C27: 仁和区 | D27: 2026年 | E27: 仁和区计划实施既有住宅电梯增设35部。 | F27: 1400 | G27: 1月 | H27: 1400 | I27: 320 | J27: 320 | K27: 360 | L27: 400 | M27: 一季度：3月31日前累计完工8部； 二季度：6月30日前累计完工16部； 三季度：9月30日前累计完工25部； 四季度：12月31日前累计完工35部。 | N27: 增设电梯业主 | O27: 欧炳洪 | P27: 区住建局 毕杰 13550923544 | R27: 1
A28: 18 | B28: 迤沙拉大道（南山宾馆-南山桥段）市政道路基础设施改造 | C28: 前进镇 | D28: 2026年 | E28: 对迤沙拉大道沿线配套基础设施进行改造，主要包括：新建污水管网、增设分类垃圾箱，改造人行道、路灯、行道树、绿化、边坡支护等。 | F28: 1500 | G28: 4月 | H28: 1500 | I28: 50 | J28: 500 | K28: 500 | L28: 450 | M28: 一季度：3月31日前完成项目可行性研究、立项等前期工作； 二季度：6月30日前完成项目设计、招投标等工作； 三季度：9月30日前实现项目开工建设，完成总工程量的35%； 四季度：12月31日前项目实现完工。 | N28: 前进镇人民政府 | O28: 欧炳洪 | P28: 区住建局 张兴华 13882392364 前进镇政府 陈天锐 13547614651 | R28: 1
A29: 19 | B29: 攀枝花市仁和区主城片区排水管网改造工程 | C29: 仁和镇、大河中路街道、前进镇 | D29: 2026- 2027年 | E29: 改造仁和区主城片区（迤沙拉大道、攀枝花大道、花城大道、四十九、那招、总发、南山等片区道路）排水防涝设施。 1、改造DN400钢带增强聚乙烯HDPE管8650m、改造DN500钢带增强聚乙烯HDPE管7450m、改造DN600钢带增强聚乙烯HDPE管1150m、改造DN800钢带增强聚乙烯HDPE管920m、改造DN1000钢带增强聚乙烯HDPE管1050m； 2、增设检查井601座； 3、增设双箅平篦式雨水口928个； 4、增设感知设备等相关附属配套设备设施。 | F29: 5346 | G29: 6月 | H29: 2346 | I29: 100 | J29: 500 | K29: 1000 | L29: 746 | M29: 一季度：项目立项、招投标等前期工作。 二季度：完成项目开工前准备工作并开工建设。 三季度：完成项目建设内容的20%； 四季度：完成项目建设内容的40%。 | N29: 仁和区住房和城乡建设局 | O29: 欧炳洪 | P29: 区住建局 徐浩然 15680606957
A30: 20 | B30: 仁和区排水防涝二期工程 | C30: 仁和镇、大河中路街道、前进镇 | D30: 2026-2027年 | E30: 改造渡仁西线片区（云康路、华沙路等道路）排水防涝设施。 1、改造DN300钢带增强聚乙烯HDPE管4500m、改造DN400钢带增强聚乙烯HDPE管12360m、改造DN500钢带增强聚乙烯HDPE管13500m、改造DN600钢带增强聚乙烯HDPE管5250m、改造DN1000钢带增强聚乙烯HDPE管4250m，改造DN2000钢带增强聚乙烯HDPE管500m； 2、增设检查井850座； 3、增设双箅平篦式雨水口604个； 4、增设感知设备等相关附属配套设备设施。 | F30: 10490 | G30: 6月 | H30: 4200 | I30: 100 | J30: 1500 | K30: 2000 | L30: 600 | M30: 一季度：项目立项、招投标等前期工作。 二季度：完成项目开工前准备工作并开工建设。 三季度：完成项目建设内容的15%； 四季度：完成项目建设内容的30%； | N30: 仁和区住房和城乡建设局 | O30: 欧炳洪 | P30: 区住建局 徐浩然 15680606957
A31: 21 | B31: 渡仁西线电力下地工程 | C31: 仁和镇 | D31: 2026年 | E31: 对仁和区内电力管线进行改造。 | F31: 5000 | G31: 4月 | H31: 5000 | I31: 0 | J31: 1000 | K31: 2000 | L31: 2000 | M31: 一季度：电业局启动电力改造方案编制工作； 二季度：启动南向片区强电改造； 三季度：推进电力改造工程达到总工程量的70%； 四季度：完成电力工程改造。 | N31: 仁和区电业局 | O31: 欧炳洪 | P31: 区住建局 徐浩然 15680606957 区土地储备中心 游青 13548211818 区电业局 李宗泰 13540518588 | R31: 1
A32: 22 | B32: 21#地块开发建设项目 | C32: 前进镇普达村 | D32: 2026- 2027年 | E32: 占地面积17亩，新建建筑18000平方米，容积率1.5%。 | F32: 10000 | G32: 4月 | H32: 5000 | I32: 500 | J32: 1500 | K32: 1500 | L32: 1500 | M32: 第一季度：办理前期手续及施工图设计； 第二季度：完成临时设施建设、打围、施工队伍进场； 第三季度：场坪、基础处理工程完成； 第四季度：主体施工完成40%。 | N32: 攀枝花市金沙江大峡谷文化旅游开发有限公司 | O32: 欧炳洪 | P32: 区住建局（区城乡建设开发中心） 游小平 13982326035 前进镇 邱标 13882338026
A33: （五） | B33: 园区基础设施（仅含基础设施内容，不含产能） | C33: =A36-A32 -> 3 | F33: =SUM(F34:F36) -> 25650 | H33: =SUM(H34:H36) -> 1750 | I33: =SUM(I34:I36) -> 50 | J33: =SUM(J34:J36) -> 0 | K33: =SUM(K34:K36) -> 300 | L33: =SUM(L34:L36) -> 1400
A34: 23 | B34: 光电信息园区环保池提档升级项目 | C34: 攀枝花市橄榄坪园区 | D34: 2026-2027年 | E34: 对9096.9平方米的环保池（日处理量10000m³）设施设备进行提档升级，更新格栅、增设水解酸化池、高密度沉淀池、池体改造实现同步脱氮除磷；更新污泥压滤机及自动化控制系统等排口改造，达到直排效果。 | F34: 10000 | G34: / | H34: 100 | I34: 0 | J34: 0 | K34: 0 | L34: 100 | M34: 一季度：聘请第三方机构，编制橄榄坪片区排水方案调整环境影响补充论证报告。 二季度：完成报告编制，积极对接市级部门，力争完成备案工作。 三季度：启动项目设计工作。 四季度：完成项目设计，启动并完成施工、监理单位的招标工作。 | N34: 攀枝花威斯特环保科技有限公司 | O34: 李兆兵 | P34: 南山管委会 工发集团 刘亮13882366993
A35: 24 | B35: 迤资综合渣场二、三期项目 | C35: 大龙潭彝族乡 | D35: 2026-2027年 | E35: 建设规划用地315亩，新增库容771.44万立方米，配套建设截洪沟、排洪排渗、观测系统等相关工程项目建设实施。 | F35: 15000 | G35: / | H35: 1000 | I35: 0 | J35: 0 | K35: 0 | L35: 1000 | M35: 一、二季度：申请土地报批，资料汇编; 三、四季度：完成土地报批； | N35: 攀枝花市人和兴工发展建设集团有限公司 | O35: 李兆兵 | P35: 区经信和科技局 唐海峰 18681207468 区土储中心 游青 13548211818、 大龙潭乡政府 杨帅 13618164361、区自规局 熊升平 17380790395 工发集团 刘亮 13882366993
A36: 25 | B36: 迤资污水处理厂污水主管网延伸项目 | C36: 迤资园区 | D36: 2026年 | E36: 新建污水主干管2.7km，分支管线2.3km，连接迤资园区二号路至富邦路口段，管径DN600~DN800 。管道采用聚乙烯缠绕结构壁管材。 | F36: 650 | G36: 10月 | H36: 650 | I36: 50 | J36: 0 | K36: 300 | L36: 300 | M36: 一季度：完成项目设计； 二季度至三季度：根据资金到位情况，适时开展建设。 四季度：完成项目建设，投入使用。 | N36: 南山管委会 | O36: 李兆兵 | P36: 南山管委会 吕明15892571313 | R36: 1
A37: 二 | B37: 产业项目 | C37: =C38+C43+C58+C66 -> 35 | F37: =F38+F43+F58+F66 -> 1918534.7 | H37: =H38+H43+H58+H66 -> 481772.74 | I37: =I38+I43+I58+I66 -> 48400 | J37: =J38+J43+J58+J66 -> 71450 | K37: =K38+K43+K58+K66 -> 143411.37 | L37: =L38+L43+L58+L66 -> 218511.37
A38: （一） | B38: 制造业 | C38: =A42-A36 -> 4 | F38: =SUM(F39:F42) -> 70400 | H38: =SUM(H39:H42) -> 26800 | I38: =SUM(I39:I42) -> 1400 | J38: =SUM(J39:J42) -> 5600 | K38: =SUM(K39:K42) -> 10300 | L38: =SUM(L39:L42) -> 9500
A39: 26 | B39: 短流程钒电解液生产线建设项目一期 | C39: 迤资园区 | D39: 2026—2027年 | E39: 建设年产3万方短流程钒电解液生产线，主要建设内容为钒电解液生产车间、办公及分析化验中心、纯水制备系统、成品库房及公辅设施等。 | F39: 55000 | G39: 9月 | H39: 15000 | I39: / | J39: 3000 | K39: 5000 | L39: 7000 | M39: 二季度：完成与企业的投资协议签订工作；完成土地实物指标调查及补偿工作，启动征地拆迁工作； 三、四季度：启动土地报批程序及招拍挂工作，启动项目厂房设计及土建工作。 | N39: 四川发展兴欣钒能源科技有限公司 | O39: 李兆兵 | P39: 南山管委会 吕明 15892571313 区经信和科技局 周劲松 13550917503 | Q39: 招商引资近期拟签约项目
A40: 27 | B40: 高精度微型电机关键技术研究与产业化项目 | C40: 仁和区 | D40: 2026-2027年 | E40: 项目针对高精度微型电机的关键技术进行自主创新研发，提出微型电机系统设计理论方法，构建微型电机电磁力感应模型，攻克关键核心制备技术工艺，并进入示范推广阶段。 | F40: 1200 | G40: 1月 | H40: 600 | I40: 100 | J40: 100 | K40: 200 | L40: 200 | M40: 一季度：完成项目启动筹备，成立项目专项研发团队。 二季度：完成微型电机系统设计理论方法。 三季度：完成微型电机电磁力感应模型、驱动IC芯片设计和微型机械高精度结构设计等关机技术研究攻关。 四季度：完成高精度微型电机新产品开发。 | N40: 睿恩光电有限责任公司 | O40: 李兆兵 | P40: 区经信和科技局 李伟15983561757
A41: 28 | B41: 超维电子印制电路板生产项目（一期） | C41: 橄榄坪园区 | D41: 2025-2027年 | E41: 项目分两期建设双面、多层电路板生产线。项目一期建成后具备月产2.5万平方米印制电路板生产能力；项目二期建成后项目具备月产5万平方米印制电路板生产能力（含一期产能）。 | F41: 13000 | G41: 3月 | H41: 10000 | I41: 800 | J41: 2000 | K41: 5000 | L41: 2200 | M41: 一季度：进场开展装修建设； 二季度：持续开展装修建设； 三季度：完成装修建设，设备进厂安装和调试； 四季度：设备全部进场安装调试，开展生产。 | N41: 攀枝花超维电子有限公司 | O41: 李兆兵 | P41: 南山管委会 何昱宏 13982399855 | Q41: 招商引资已开工待投产项目
A42: 29 | B42: 光电产业园基础设施建设项目 | C42: 橄榄坪园区 | D42: 2026-2027年 | E42: 一是道路工程。京福重型汽车4s店至宏基商混搅拌站及兴拓公司沿途道路，道路全长约 900米。二是强电工程。3200KVA 变压器及配套高低压柜系统及配电房工程。三是停车场工程，建设停车位及智能充电桩。 | F42: 1200 | G42: 1月 | H42: 1200 | I42: 500 | J42: 500 | K42: 100 | L42: 100 | M42: 一季度：完成强电工程； 二季度：完成道路工程； 三季度至4季度：在光电信息产业园内建设停车场及充电桩。 | N42: 四川和苑智仁工程 建筑有限公司 | O42: 李兆兵 | P42: 南山管委会 吕明15892571313 和苑智仁 袁勇13398466575 | R42: 1
A43: （二） | B43: 现代服务业 | C43: =A57-A42 -> 14 | F43: =SUM(F44:F57) -> 274512 | H43: =SUM(H44:H57) -> 78750 | I43: =SUM(I44:I57) -> 24000 | J43: =SUM(J44:J57) -> 14450 | K43: =SUM(K44:K57) -> 18000 | L43: =SUM(L44:L57) -> 22300
A44: 30 | B44: 攀西农产品交易集散中心 | C44: 仁和镇 | D44: 2026-2028年 | E44: 项目位于攀枝花市仁和区，攀枝花南站南侧土地，总用地面积27417.06㎡，总建筑面积32886.58㎡，主要建设内容包括 1#批发市场(地上建筑面积13619.6㎡，地下建筑面积1347.72㎡)，2#高标准冷链仓库6692.4㎡，3#普通作业仓库5162.74㎡,4#智慧物流仓库6064.12㎡，地面停车场4000㎡及配套设施 | F44: 22762 | G44: 12月 | H44: 1000 | I44: 0 | J44: 0 | K44: 0 | L44: 1000 | M44: 一季度：通过市场化方式参与2025-R4#宗地竞拍； 二季度：完成项目概念性方案设计； 三季度：完成项目建设资金筹集、方案审批； 四季度：启动并完成施工、监理单位的招标工作，准备开工建设。 | N44: 攀枝花市人和兴工发展建设集团 | O44: 欧炳洪 | P44: 区商务局 斯嘉勋 13882387311 工发集团 刘亮 13882366993 | Q44: 招商引资已签约待开工项目
A45: 31 | B45: 攀枝花新能源汽车城项目 | C45: 前进镇 | D45: 2026-2028年 | E45: 计划总投资4亿元，项目占地约66亩，在仁和区汽车产业聚集区范围内，新建新能源汽车产业城项目，打造集新能源汽车展示销售、改装、售后及博览为一体的“后汽车消费时代产业园”。 | F45: 40000 | G45: 12月 | H45: 2000 | I45: 0 | J45: 0 | K45: 0 | L45: 2000 | M45: 一季度：推动项目完成项目选址； 二季度：完成项目方案设计。 三季度：启动项目用地规划论证调整。 四季度：完成项目用地规划调整论证，项目用地具备市场化出让条件。 | N45: 攀枝花市汽车流通商会 | O45: 欧炳洪 | P45: 区商务局 斯嘉勋 13882387311 | Q45: 招商引资在谈项目
A46: 32 | B46: 仁和区“‌五星级高端”酒店建设项目 | C46: 仁和镇 | D46: 2026-2028年 | E46: 项目位于攀枝花市仁和区迤沙拉大道和联通街交汇处，占地面积约15亩（总用地面积10036平方米），规划该地块西南侧布置酒店、西侧布置一层商业建筑、东南侧布置酒店附属用房、北侧布置两栋住宅建筑，项目设计总建筑面积37879平方米。 | F46: 40000 | G46: 12月 | H46: 2000 | I46: 0 | J46: 0 | K46: 0 | L46: 2000 | M46: 一、二季度：开展项目招引工作。 三季度：完成项目方案设计、施工许可等项目前期手续办理。 四季度：启动建设。 | N46: 攀枝花人和花城酒店管理有限公司 | O46: 欧炳洪 | P46: 区商务局 邱兵 13980345752 | Q46: 招商引资已签约待开工项目
A47: 33 | B47: 仁和区品牌酒店集群建设项目（一期） | C47: 仁和镇 | D47: 2026-2027年 | E47: 布局银泰城、火车南站等区域，引进品牌连锁酒店以直营方式落地仁和区建设中高端品牌酒店2个（家）以上，新建成酒店总房间200以上。 | F47: 4000 | G47: 12月 | H47: 500 | I47: 0 | J47: 0 | K47: 0 | L47: 500 | M47: 一、二季度：开展项目招引工作。 三季度：开展项目“二装”方案设计。 四季度：启动建设。 | N47: 华住集团（华住会）等目标企业 | O47: 欧炳洪 | P47: 区商务局 邱兵 13980345752
A48: 34 | B48: 申通快递区域物流配送中心项目 | C48: 仁和镇 | D48: 2026年 | E48: 项目总投资2000万元，占地面积4000平方米， 主要建设内容为：仓储物流功能区（快递、快运分拨转运中心、存货型库区、流转型库区、流通加工区），配送覆盖区域包括东区、西区、会理县、会东县、华坪县等区域。 | F48: 2000 | G48: 1月 | H48: 2000 | I48: 500 | J48: 500 | K48: 500 | L48: 500 | M48: 一季度：完成项目备案等前期手续办理，具备开工建设条件，启动设备购置； 二季度：完成厂房二次装修改造施工，完成设备购置，具备设备安装条件； 三季度：启动设备安装； 四季度：10月底前完成设备安装，11月初启动设备联动试车，12月底前完成设备联动调试并投入试运营。 | N48: 攀枝花申杰物流有限公司 | O48: 欧炳洪 | P48: 区商务局 斯嘉勋 13882387311 | R48: 1
A49: 35 | B49: 攀枝花食品城项目 | C49: 大河中路街道 | D49: 2026年 | E49: 项目规划营业面积10000平方米，计划建设攀枝花首家现代化“智慧云管”专业市场。主要配备智能货架、自动分拣设备及ERP管理系统，支持库存实时监控、订单快速处理，实现仓储周转效率提升40%以上；同步建设大数据分析预测平台，实现“以销定存”动态管理，帮助商户减少库存积压成本，平均降低仓储费用25%以上。 | F49: 2000 | G49: 6月 | H49: 1000 | I49: 0 | J49: 200 | K49: 400 | L49: 400 | M49: 一季度：开展项目招引工作。 二季度：启动厂房二次装修改造施工。 三季度：完成厂房二次装修改造，启动设备安装。 四季度：完成设备安装，投入试运营。 | N49: 攀枝花千川流电子商务有限公司 | O49: 欧炳洪 | P49: 区商务局 斯嘉勋 13882387311
A50: 36 | B50: 海伦商务酒店建设项目 | C50: 大河中路街道 | D50: 2026-2027年 | E50: 项目拟选址于五十一糖酒市场三号楼，规划建筑面积2200平方米，主要建设商务住宿房间30间，餐厅包间8间，配套建设宴会大厅、多功能厅、停车场（含新能源充电泊位）等。 | F50: 2000 | G50: 6月 | H50: 1000 | I50: 0 | J50: 200 | K50: 400 | L50: 400 | M50: 一季度：开展项目招引工作。 二季度：启动酒店客房二次装修改造施工。 三季度：完成酒店客房二次装修改造，启动消防等设备安装。 四季度：完成设备安装项目验收，投入试运营。 | N50: 攀枝花佰川流仓储有限责任公司 | O50: 欧炳洪 | P50: 区商务局 斯嘉勋 13882387311 | Q50: 招商引资在谈项目
A51: 37 | B51: “烟火仁和”品牌商圈打造暨仁和区服务业新体系建设项目（一期） | C51: 仁和镇、前进镇、大河中路街道 | D51: 2026-2027年 | E51: 围绕“银泰—华芝—仁和广场”“浅水湾—苴却印象—水中央”等商圈提档升级，开发和丰富服务业经济业态，提升整体形象和智能化水平，打造消费新场景。重点推动莲花商业城、银泰城、东创·仁和湾等商业网点强化“二次招商”，实施网红餐饮、亲自体验、婚宴配套等实施改造投资，通过空间与场景优化，带动消费体验升级，打造舒适消费环境。 | F51: 2000 | G51: 9月 | H51: 500 | I51: 0 | J51: 0 | K51: 100 | L51: 400 | M51: 一、二季度：开展项目招引工作。 三季度：开展项目装修建设。 四季度：推动2个以上项目投入试运营。 | N51: 攀枝花东创商业管理有限公司、攀枝花远明商业管理有限公司、银泰商业管理集团攀枝花分公司 | O51: 欧炳洪 | P51: 区商务局 邱兵 13980345752
A52: 38 | B52: 华芝潮玩广场改造项目 | C52: 仁和镇 | D52: 2026年 | E52: 对华芝广场一平台区域进行重新改造，重点打造艺术构筑物、一层商业盒子(咖啡店，书店，网红餐饮）二层商业盒子、儿童酷玩、活动广场、沿街统一有规模外摆等休闲娱乐消费场景建设。 | F52: 1000 | G52: 3月 | H52: 1000 | I52: 300 | J52: 300 | K52: 200 | L52: 200 | M52: 一季度：完成项目方案设计； 二季度：启动改造施工。 三季度：改造施工完成整体形象进度80%。 四季度：完成改造施工，投入试运营。 | N52: 攀枝花市晟华置业有限公司 | O52: 欧炳洪 | P52: 区商务局 邱兵 13980345752 | R52: 1
A53: 39 | B53: 仁和镇芒果产业联合体物流基地建设项目 | C53: 仁和镇 | D53: 2026年 | E53: 用地面积 9748.95㎡，总建筑面积 3470.8㎡，其中：分拣中心2943.25㎡，办事大厅 208.25㎡、管理用房 319.30㎡；配套相关附属设施。 | F53: 1250 | G53: 4月 | H53: 1250 | I53: 200 | J53: 250 | K53: 400 | L53: 400 | M53: 一季度：1月31日前完成项目清表打围，3月31日前启动项目建设； 二季度：5月31日前完成项目土石方开挖，启动基础施工； 三季度：7月31日前完成项目基础施工及土石方回填，启动主体结构施工； 四季度：12月31日前完成项目建设。 | N53: 攀枝花市大河联盛农业发展有限公司 | O53: 欧炳洪 | P53: 区住建局（区城乡建设开发中心） 盛其钢13982356665 | R53: 1
A54: 40 | B54: 铜锣湾FIC二期花样年华B区项目 | C54: 仁和镇莲花村 | D54: 2026-2029年 | E54: 项目立足刚需居住群体核心需求，进行二类住宅小区开发，打造兼具实用性与舒适性的人居空间，助力提升区域人居环境品质与民生保障水平，总建筑面积约150982.53平方米。 | F54: 70000 | G54: 5月 | H54: 32000 | I54: 16000 | J54: 5000 | K54: 6000 | L54: 5000 | M54: 一季度：3月31日前完成项目施工前准备； 二季度：5月31日前启动项目建设，6月30日前完成部分楼栋基础施工，启动部分楼栋主体结构施工； 三季度：9月30日前完成部分楼栋主体封顶； 四季度：12月31日前完成部分楼栋内外装饰，若销售较好的情况，可进行二批次（栋数暂未定）施工开发。 | N54: 攀枝花华铜置业发展有限公司 | O54: 欧炳洪 | P54: 区住建局（区城乡建设开发中心） 盛其钢13982356665
A55: 41 | B55: 仁和发展金沙江大峡谷旅游区项目 | C55: 平地镇、大龙潭彝族乡 | D55: 2026—2035年 | E55: 主要实施3000㎡“迤家”民艺中心、130亩峡谷悬崖度假区、25亩国际观星房车营地、3公里索道、11000㎡温泉度假区、5.6亩禅意温泉区、8000㎡亲水乐园、5000㎡花棚子野宿等项目 | F55: 65000 | G55: 2月 | H55: 15000 | I55: 3000 | J55: 4000 | K55: 4000 | L55: 4000 | M55: 一季度：完成民宿集群项目建设。完成民艺中心、成昆铁路文化展示陈列馆、拉鲊禅意温泉项目方案设计、房屋收储等前期工作。推进景区基础配套设施提升工程项目。 二季度：启动民艺中心、成昆铁路文化展示陈列馆、拉鲊禅意温泉项目建设。 三季度：完成成昆铁路文化展示陈列馆，持续开展民艺中心、拉鲊禅意温泉项目建设。 四季度：完成拉鲊禅意温泉、民艺中心一期主体项目建设。 | N55: 攀枝花市仁和城市发展建设（集团）有限公司、平地镇、大龙潭乡等 | O55: 邹华煜 | P55: 区文广旅局 钟永彬 19950901321
A56: 42 | B56: 花语溪岸康养社区二期项目 | C56: 仁和镇 | D56: 2026年 | E56: 本项目总占地60.98亩，总建筑面积64610.56平方米， 建设内容为打造集适老化居住、健康理疗、休闲配套、度假旅居为一体的四季康养度假社区。项目规划建设总房源634套，用于康养相关运营及配套服务，227套康养旅居房、42套配套功能用房及439套待投入运营房源；同步配套建设社区绿化工程、公共区域智能化系统、养生步道等基础设施，以及社区食堂、医疗服务延伸点、老年活动中心等全场景服务设施，全方位满足全龄段康养旅居群体的居住、医疗、休闲、康复需求。 | F56: 7500 | G56: 1月 | H56: 7500 | I56: 2000 | J56: 2000 | K56: 2000 | L56: 1500 | M56: 一季度：完成花语溪岸康养社区医疗服务延伸点的装修并正式投入运营。 第二季度：推进5号楼、6号楼的整体装修，同时完成室内软装配件的采购、安装与调试工作。 第三季度：开展5号楼、6号楼正式运营的筹备工作并投入使用。 | N56: 攀枝花阳光旅居酒店管理有限公司 | O56: 邹华煜 | P56: 区文广旅局 王志平 13882311519 | R56: 1
A57: 43 | B57: 攀枝花市仁和区低空经济产业发展项目 | C57: 大龙潭彝族乡 | D57: 2026-2027年 | E57: 对吉祥驾校旧址13574平方米场地进行全面清理与翻修，配备无人机以及无人机训练相关设备，打造无人机训练基地。对场地3000平方米，建筑改造为无人机理论知识教学用房及CAAC驾驶证培训考试考点用房，并配备考试设施设备。对场地140平方米建筑物改造为无人机展厅，购置相关设备设施。配套建设蓄水池、水塔、污水循环处理设施、给排水、电气、照明等工程，构建功能完备的无人机飞行培训基地。 | F57: 15000 | G57: 1月 | H57: 12000 | I57: 2000 | J57: 2000 | K57: 4000 | L57: 4000 | M57: 一季度：完成前期手续办理，开展水电气配套基础设施施工； 二季度：开展厂房改造和设备购置； 三季度：开展室内装修，场地布置等工作； 四季度：完成建设。 | N57: 攀枝花市和翼通用航空有限公司 | O57: 罗燕 | P57: 区发改局 余现川 13882337860
A58: （三） | B58: 能源产业 | C58: =A65-A57 -> 7 | F58: =SUM(F59:F65) -> 1493400 | H58: =SUM(H59:H65) -> 306000 | I58: =SUM(I59:I65) -> 17000 | J58: =SUM(J59:J65) -> 43000 | K58: =SUM(K59:K65) -> 90000 | L58: =SUM(L59:L65) -> 156000
A59: 44 | B59: 攀枝花市仁和区60万千瓦光伏发电项目 | C59: 太平乡、前进、中坝、仁和镇 | D59: 2026-2027年 | E59: 总装机容量60万千瓦的集中式光伏发电工程。 | F59: 345000 | G59: 10月 | H59: 20000 | I59: 0 | J59: 0 | K59: 0 | L59: 20000 | M59: 一季度：编制项目初步实施方案报省能源局； 二季度：开展项目法人优选和备案； 三季度：完成项目相关专题手续办理； 四季度：完成内部投决并开工建设； | N59: 待定 | O59: 李兆兵 | P59: 区发改局 万在阳 13882337890
A60: 45 | B60: 四川攀枝花仁和抽水蓄能电站 | C60: 平地镇 | D60: 2026-2032年 | E60: 电站装机容量120万千瓦。 | F60: 680000 | G60: 10月 | H60: 157000 | I60: 7000 | J60: 20000 | K60: 50000 | L60: 80000 | M60: 一季度：完成项目可研报告审查、批复。 二季度：与三峡建工集团签订项目投资协议。完成项目投资决策，启动招标采购工作；同步办理项目开工手续。 三季度：完成项目招投标；取得开工手续行政审批，力争10月开工建设。 四季度：力争完成主体工程“三通一平”和营地建设。 | N60: 攀枝花三峡建工 | O60: 李兆兵 | P60: 区发改局 万在阳 13882337890
A61: 46 | B61: 仁和区大龙潭10万千瓦风电项目 | C61: 大龙潭彝族乡、大田镇 | D61: 2026—2027年 | E61: 在仁和区大龙潭、大田镇建设10万千瓦风电项目，并配套建设一座220千伏升压汇集站，一回220千伏送出线路，新建线路长度约13公里 | F61: 60400 | G61: 5月 | H61: 56000 | I61: 0 | J61: 13000 | K61: 20000 | L61: 23000 | M61: 一季度：完成项目业主优选； 二季度：完成项目核准及开工前期手续办理； 三季度：进场道路开工建设； 四季度：开始风机基础浇筑及设备采购。 | N61: 攀枝花大京新能源有限公司 | O61: 李兆兵 | P61: 区发改局 万在阳 13882337890
A62: 47 | B62: 仁和区分布式光伏发电项目 | C62: 同德镇、布德镇、前进镇、中坝乡、大田镇、大龙潭彝族乡、太平乡、福田镇 | D62: 2026年 | E62: 在同德镇、布德镇建设2万千瓦分布式光伏；前进镇、中坝乡建设2万千瓦分布式光伏；大田镇、大龙潭彝族乡建设3万千瓦分布式光伏；太平乡、福田镇建设3万千瓦分布式光伏。 | F62: 60000 | G62: 1月 | H62: 60000 | I62: 10000 | J62: 10000 | K62: 20000 | L62: 20000 | M62: 一季度：完成2万千瓦分布式光伏建设； 二季度：完成2万千瓦分布式光伏建设； 三季度：完成3万千瓦分布式光伏建设； 四季度：完成3万千瓦分布式光伏建设。 | N62: 待定 | O62: 李兆兵 | P62: 区发改局 万在阳 13882337890
A63: 48 | B63: 攀枝花市仁和区大龙潭彝族乡20万千瓦集中式光伏项目 | C63: 大龙潭彝族乡、金江镇 | D63: 2026—2027年 | E63: 在仁和区大龙潭彝族乡、金江镇分别建设10万千瓦光伏发电项目，并配套建设220kV升压汇集站，220kV送出线路，新建线路长度约8公里。 | F63: 78000 | G63: 12月 | H63: 3000 | I63: 0 | J63: 0 | K63: 0 | L63: 3000 | M63: 一季度：完成年度开发方案评审； 二季度：完成项目业主优选； 三季度：完成项目备案及开工前手续办理； 四季度：开工建设。 | N63: 待优选 | O63: 李兆兵 | P63: 区发改局 万在阳 13882337890
A64: 49 | B64: 仁和区42万千瓦集中式光伏项目 | C64: 仁和镇、同德镇、布德镇、大龙潭彝族乡 | D64: 2026—2027年 | E64: 在仁和区仁和镇、同德镇、布德镇、大龙潭彝族乡建设总装机42万千瓦光伏发电项目。 | F64: 170000 | G64: 12月 | H64: 5000 | I64: 0 | J64: 0 | K64: 0 | L64: 5000 | M64: 一季度：完成项目初步实施方案并上报省发改委（省能源局）； 二季度：项目初步实施方案通过省发改委（省能源局）评审，完成项目业主优选； 三季度：完成项目备案及开工前手续办理； 四季度：开工建设。 | N64: 待优选 | O64: 李兆兵 | P64: 区发改局 万在阳 13882337890
A65: 50 | B65: 仁和区“新能源+采煤沉陷区综合治理”26万千瓦集中式光伏项目 | C65: 太平乡 | D65: 2026—2027年 | E65: 在仁和区太平乡采煤沉陷区建设总装机26万千瓦光伏发电项目。 | F65: 100000 | G65: 12月 | H65: 5000 | I65: 0 | J65: 0 | K65: 0 | L65: 5000 | M65: 二季度：完成项目初步实施方案并通过省发改委（省能源局）评审； 三季度：完成项目业主优选； 四季度：完成项目备案及开工前手续办理，开工建设。 | N65: 待优选 | O65: 李兆兵 | P65: 区发改局 万在阳 13882337890 | Q65: 招商引资近期拟签约项目
A66: （四） | B66: 现代农业 | C66: =A76-A65 -> 10 | F66: =SUM(F67:F76) -> 80222.74 | H66: =SUM(H67:H76) -> 70222.74 | I66: =SUM(I67:I76) -> 6000 | J66: =SUM(J67:J76) -> 8400 | K66: =SUM(K67:K76) -> 25111.37 | L66: =SUM(L67:L76) -> 30711.37
A67: 51 | B67: 2026年财政衔接资金项目 | C67: 大龙潭乡大龙潭村等60个村 | D67: 2026年 | E67: 在大龙潭乡大龙潭村等60个村开展基础设施短板、产业发展、农村人居环境整治等建设。 | F67: 6000 | G67: 3月 | H67: 6000 | I67: 1000 | J67: 2000 | K67: 2000 | L67: 1000 | M67: 一季度：3月31日前项目开工建设； 二季度：6月30日前完成项目建设任务的50%； 三季度：9月30日前完成项目建设任务的80%； 四季度：12月31日前完成项目建设，进行项目验收及报账。 | N67: 项目乡镇 | O67: 闵传铮 | P67: 区农业农村局 龚兴建 15984566999 | R67: 1
A68: 52 | B68: 仁和区人和兴工蔬菜肉类产业农产品加工项目（中央启禾厨房建设项目） | C68: 攀枝花南站南侧 | D68: 2026-2027年 | E68: 主要新建设城市中央仓1.5万平方米，共两栋单体，其中一栋1.3万平方米 ；另一栋0.2万平方米新建直销仓储分拣中心1万平方米、新建现代冷链物流中心1万平方米及配套设施设备购置和园区附属配套基础设施 | F68: 20000 | G68: 1月 | H68: 12000 | I68: 4000 | J68: 3000 | K68: 3000 | L68: 2000 | M68: 一季度：完成场平工作，启动1期厂房主体建设及设备采购； 二季度：完成第1期厂房主体建设及设备安装，及1期建设内容的结算、验收、报账、付款和中期评估工作； 三季度：待2期资金下达，开展厂房的主体建设； 四季度：完成2期厂房主体建设，启动仓储用房建设。 | N68: 攀枝花市人和兴工光电科技有限公司 | O68: 闵传铮 | P68: 区农业农村局 江元军 13982372052
A69: 53 | B69: 2025年农业生产社会化服务项目 | C69: 大龙潭彝族乡等8个乡镇 | D69: 2026年 | E69: 在6个乡镇14个村实施芒果耕、种、防、收四个环节农业社会化服务9.2308万亩；建设一个区域农业社会化服务中心。 | F69: 3000 | G69: 1月 | H69: 3000 | I69: 1000 | J69: 800 | K69: 800 | L69: 400 | M69: 一季度：完成工程的30%； 二季度：完成工程的54%； 三季度：完成工程的80%； 四季度：完成项目建设。 | N69: 项目乡镇 | O69: 闵传铮 | P69: 区农业农村局 江元军 13982372052 | R69: 1
A70: 54 | B70: 2025年国家产业强镇福田镇建设项目（二期） | C70: 福田镇 | D70: 2026年 | E70: 改造提升宜机化示范基地 400 亩，配套设施农业、水肥一体化滴灌设施350 亩，进行蓝莓新品种示范推广350 亩，打造攀西蓝莓知名品牌及市场推广营销；农产品深加工中心建设。 | F70: 2800 | G70: 1月 | H70: 2800 | I70: 0 | J70: 600 | K70: 1000 | L70: 1200 | M70: 一季度：收集基础信息，正在加强向上对接； 二季度：编制完善建设方案，审批开工； 三季度：完成工程的50%； 四季度：完成项目建设。 | N70: 福田镇人民政府 | O70: 闵传铮 | P70: 区农业农村局 夏敏 13882330187 | R70: 1
A71: 55 | B71: 仁和区片区化推进和美乡村建设 | C71: 仁和镇、大田镇 | D71: 2026年 | E71: 仁和区片区化推进乡村建设共涉及行政村6个，主要围绕农村创富共同体建设、宜居宜业和美乡村打造、农村补短焕新开展项目建设，拟建设项目82个，总投资19268.74万元 | F71: 19268.74 | G71: 1月 | H71: 19268.74 | I71: 0 | J71: 0 | K71: 9634.37 | L71: 9634.37 | M71: 一季度：1月启动项目建设前期工作； 二季度：5月底前完成项目建设前期工作； 三季度：开展项目建设； 四季度：12月底前项目竣工及完成验收。 | N71: 仁和镇人民政府、大田镇人民政府 | O71: 闵传铮 | P71: 区农业农村局 龚兴建 15984566999 | R71: 1
A72: 56 | B72: 攀枝花市仁和区魔芋现代种植园建设项目。 | C72: 啊喇乡、大龙潭乡、大田镇、前进镇、中坝乡、太平乡 | D72: 2026-2027年 | E72: 建设魔芋种植基地 3000 亩，农产品加工厂房 1000 ㎡，配套园区安防、田间道路及室外总平等附属工程，并配备生产设施装备、农机等现代装备。 | F72: 4800 | G72: 9月 | H72: 4800 | I72: 0 | J72: 0 | K72: 0 | L72: 4800 | M72: 前期手续均已办理完成，完成资金争取。 | N72: 攀枝花市牧耘农业开发有限公司 | O72: 闵传铮 | P72: 区农业农村局 沙万林13550939873
A73: 57 | B73: 仁和区平地镇高山葡萄产业园建设项目 | C73: 平地镇 | D73: 2026年 | E73: 提档升级600亩葡萄标准化基地，含100亩葡萄新品种引进种植示范推广区；打造攀西阳光葡萄知名品牌，提升改造2398平方米的葡萄加工厂房。 | F73: 3000 | G73: 9月 | H73: 3000 | I73: 0 | J73: 0 | K73: 0 | L73: 3000 | M73: 前期手续均已办理完成，完成资金争取。 | N73: 攀枝花市阳光河谷种植有限责任公司 | O73: 闵传铮 | P73: 区农业农村局 夏敏 13882330187
A74: 58 | B74: 仁和区科技共富农场智能育苗基地建设项目 | C74: 仁和镇 | D74: 2026年 | E74: 建设种子研发中心、科研育种基地、新品种展示基地、繁育基地、采摘区。 | F74: 3354 | G74: 6月 | H74: 3354 | I74: 0 | J74: 0 | K74: 1677 | L74: 1677 | M74: 向上申报项目，完成资金争取。 | N74: 攀枝花市牧耘农业开发有限公司 | O74: 闵传铮 | P74: 区农业农村局 倪承梅13547648426
A75: 59 | B75: 罗汉果全产业链建设项目 | C75: 大龙潭彝族乡 | D75: 2026年 | E75: 建设5000亩高标准罗汉果种植基地，并配套占地约100亩的罗汉果深加工园区，实现从初级加工到高附加值产品的全产业链，打造集品种繁育、绿色种植、精深加工、品牌营销、农旅融合于一体的罗汉果全产业链示范区。 | F75: 8000 | G75: 6月 | H75: 8000 | I75: 0 | J75: 0 | K75: 4000 | L75: 4000 | M75: 向上申报项目，完成资金争取。 | N75: 攀枝花市农基农业开发有限公司 | O75: 闵传铮 | P75: 区农业农村局 沙万林13550939873
A76: 60 | B76: 仁和区石榴产业融合示范园建设项目 | C76: 大田镇 | D76: 2026-2027年 | E76: 建设石榴现代产业园区1.5万亩，实施品种改良、水肥一体化灌溉设施建设、标准化种植示范基地建设，完善仓储冷链物流、分选交易、品牌包装、电商孵化、专业社会化服务等功能。 | F76: 10000 | G76: 4月 | H76: 8000 | J76: 2000 | K76: 3000 | L76: 3000 | M76: 一季度：完成资金争取工作； 二季度：项目开工建设，开展灌溉设施及标准化基地等工程建设，完成工程量的20%； 三季度：开展灌溉设施及标准化基地等工程建设，完成工程量的40%； 四季度：开展灌溉设施及标准化基地等工程建设，完成工程量的60%。 | N76: 攀枝花市农基农业开发有限公司 | O76: 闵传铮 | P76: 区农业农村局 陆佳华 15328141874
A77: 三 | B77: 民生工程及社会事业项目 | C77: =C78+C81+C86 -> 10 | F77: =F78+F81+F86 -> 100535 | H77: =H78+H81+H86 -> 72400 | I77: =I78+I81+I86 -> 4682 | J77: =J78+J81+J86 -> 17900 | K77: =K78+K81+K86 -> 24300 | L77: =L78+L81+L86 -> 25518
A78: （一） | B78: 医疗卫生 | C78: =A80-A76 -> 2 | F78: =SUM(F79:F80) -> 1600 | H78: =SUM(H79:H80) -> 1600 | I78: =SUM(I79:I80) -> 132 | J78: =SUM(J79:J80) -> 100 | K78: =SUM(K79:K80) -> 500 | L78: =SUM(L79:L80) -> 868
A79: 61 | B79: 仁和区基层医疗机构能力提升项目 | C79: 各乡镇 | D79: 2026年 | E79: 为平地、同德两个次中心各配备救护车1台，对基层医疗机构到期的彩超、DR等进行更新采购 | F79: 600 | G79: 2月 | H79: 600 | I79: 132 | J79: 0 | K79: 200 | L79: 268 | M79: 一季度：开展2辆救护车采购工作。 二季度：完成救护车采购验收工作；开展彩超、DR邓设备采购实施方案编制，采购需求挂网。 三季度：开展彩超、DR等设备采购工作，采购公告挂网。 四季度：彩超、DR等设备安装、验收。 | N79: 攀枝花市仁和区卫生健康局 | O79: 邹华煜 | P79: 区卫生健康局 曲晨 15881294998 黄永彬 18080782851 | R79: 1
A80: 62 | B80: 仁和区人民医院医疗服务能力提升项目 | C80: 仁和镇 | D80: 2026年 | E80: 1.以县域急诊急救、临床服务五大中心建设为重点，配置必要设施设备，补齐县域专科能力短板，提高县域就诊率。 2.配备危重病人监护（ICU）设备各2个单元。 3.建设医学影像中心信息系统平台，部署AI辅助诊断模块与标准化数据处理系统，引入云资源服务实现影像数据灵活存储计算，降低建设运维成本；完善相关设施设备，实现远程影像中心在成员单位全覆盖 | F80: 1000 | G80: 6月 | H80: 1000 | I80: 0 | J80: 100 | K80: 300 | L80: 600 | M80: 一季度：确定项目需求清单，开展市场调研，确定设备参数等信息。 二季度：完成采购任务的10%。 三季度：完成采购任务的45%。 四季度：完成采购任务的100%。 | N80: 攀枝花市仁和区人民医院 | O80: 邹华煜 | P80: 区卫生健康局 曲晨 15881294998 黄永彬 18080782851 | R80: 1
A81: （二） | B81: 教育、文化、体育及社会服务 | C81: =A85-A80 -> 4 | F81: =SUM(F82:F85) -> 30450 | H81: =SUM(H82:H85) -> 20500 | I81: =SUM(I82:I85) -> 2200 | J81: =SUM(J82:J85) -> 5400 | K81: =SUM(K82:K85) -> 6100 | L81: =SUM(L82:L85) -> 6800
A82: 63 | B82: 仁和区普达中学建设工程项目 | C82: 前进镇 | D82: 2026—2028年 | E82: 新建学校占地面积107亩，总建筑面积约42000平方米，包括新建教学楼和综合楼15000平方米，学生宿舍11000平方米，食堂3750平方米，体育馆2500平方米，图书馆、报告厅、校史馆、行政办公楼、门卫室、监控室等约7750平方米;地下室2000平方米;新修建室外运动场23000平方米及配套设施建设(场坪:土石方、挡墙、围墙、绿化、管道等);购置教育教学所需设备及信息化设备。 | F82: 26450 | G82: 5月 | H82: 18000 | I82: 2000 | J82: 5000 | K82: 5000 | L82: 6000 | M82: 一季度：开展水土保持方案、地质灾害评估、环境影响评估、社会稳定风险评估、健康影响评估工作等前期工作，完成监理单位公开招投标工作； 二季度：施工单位进场施工，开展场平和挡墙施工； 三季度：开展主体基础施工； 四季度：主体完成30%工程量。 | N82: 区教体局 | O82: 邹华煜 | P82: 区教体局 高露予13882301730
A83: 64 | B83: 普达阳光蓝色星球全民健身运动中心项目 | C83: 前进镇 | D83: 2026年 | E83: 新建室内网球场2片、室内羽毛球场6片、室外篮球场2片，攀爬类极限乐园1个，丛林运动区1片，健身步道0.8公里以及场地范围内配套设施。 | F83: 2500 | G83: 10月 | H83: 1000 | I83: 0 | J83: 0 | K83: 500 | L83: 500 | M83: 一季度：3月底完成设计方案完善、审查； 二季度：6月底完成财评、招标； 三季度：9月底前开工建设； 四季度：12月底前完工。 | N83: 区教体局 | O83: 邹华煜 | P83: 区教体局 文波 13982381916
A84: 65 | B84: 仁和区四川省居家社区养老服务集成改革创新试点项目 | C84: 仁和区 | D84: 2026年 | E84: 通过实施仁和区经济困难老年人家庭安全保障服务、居家上门服务、认知障碍服务、创建仁和区养老服务消费品牌、建设完善仁和区养老服务信息平台、扩大仁和区老年助餐服务供给、打造社区全龄友好服务综合体，完善仁和区社区居家养老服务网络，打造高效、精准、可持续的“15分钟养老服务圈”。 | F84: 1000 | G84: 4月 | H84: 1000 | I84: 200 | J84: 200 | K84: 400 | L84: 200 | M84: 一季度：启动与准备。制定方案、摸清底数、选定合作方，启动并完成各类服务主体商的公开遴选或招标前期工作。 二季度：全面开工。 完成信息平台、综合体等建设类项目的财政评审并进入招标程序。签订服务合同，家庭安全改造、居家上门服务等全面启动。 制定养老消费品牌宣传计划并开始推广。 三季度：加快推进。所有建设类项目（银龄智慧生活馆、平台、综合体、助餐点）全面施工建设。部分已建成的设施或平台模块投入试运行。 四季度：项目完工。 所有建设类项目完工、验收并正式投入使用，合格的进行资金拨付。 | N84: 仁和区民政局 | O84: 邹华煜 | P84: 区民政局 胡宗志15182722092 | R84: 1
A85: 66 | B85: 成昆铁路文化陈列展示馆项目建设 | C85: 大龙潭乡拉鲊村 | D85: 2026年 | E85: 依托省级文物保护单位（成昆铁路仁和段），深入挖掘成昆铁路历史文化内涵，建设成昆铁路文化陈列展示馆。 | F85: 500 | G85: 4月 | H85: 500 | I85: 0 | J85: 200 | K85: 200 | L85: 100 | M85: 一季度：完成成昆铁路文化陈列展示馆建设方案设计、开展展陈大纲编制。 二季度：完成展陈大纲编制、财评、招标等前期工作，启动项目进场建设。 三季度：开展项目建设。 四季度：完成成昆铁路文化陈列展示馆项目建设并对外开放。 | N85: 仁和区文广旅局 | O85: 邹华煜 | P85: 区文广旅局 王焰13508236130 | R85: 1
A86: （三） | B86: 防灾救灾、应急救援 | C86: =A90-A85 -> 4 | F86: =SUM(F87:F90) -> 68485 | H86: =SUM(H87:H90) -> 50300 | I86: =SUM(I87:I90) -> 2350 | J86: =SUM(J87:J90) -> 12400 | K86: =SUM(K87:K90) -> 17700 | L86: =SUM(L87:L90) -> 17850
A87: 67 | B87: 攀枝花市仁和区采煤沉陷区综合治理示范项目 | C87: 前进镇、太平乡 | D87: 2026-2027年 | E87: 在仁和区前进镇、太平乡建设三个避险搬迁安置点，安置275户，配套宅基地场坪及建设水、电、路、通讯、管网、房屋等基础设施。新建山坪塘3座，整治1座，提灌站、水厂各1座，配套建设蓄水池27口，输配水管网150.15千米 。改扩建太平乡、前进镇乡村道路44.6公里 | F87: 57800 | G87: 5月 | H87: 40000 | I87: 0 | J87: 10000 | K87: 15000 | L87: 15000 | M87: 完成前进镇140户、太平乡花山村82户避险搬迁。 | N87: 太平乡农业农村综合事务服务中心、前进镇农业农村综合事务服务中心 | O87: 罗燕 | P87: 区发改局 张雁宁 13908147391
A88: 68 | B88: 农村危房改造和农房抗震改造 | C88: 各乡镇 | D88: 2026年 | E88: 完成“六类”人员危房及抗震改造共15户。 | F88: 520 | G88: 3月 | H88: 520 | I88: 100 | J88: 150 | K88: 150 | L88: 120 | M88: 一季度：3月31日前累计开工5户； 二季度：6月30日前累计开工8户、竣工5户； 三季度：9月30日前开累计工15户、竣工8户； 四季度：12月31日前累计竣工15户。 | N88: 各乡镇人民政府 | O88: 欧炳洪 | P88: 区住建局 张兴华 13882392364 | R88: 1
A89: 69 | B89: 农村住房抗震安全巩固提升 | C89: 各乡镇 | D89: 2026年 | E89: 完成农村住房抗震安全巩固提升共300户。 | F89: =300*30 -> 9000 | G89: 3月 | H89: 9000 | I89: 2250 | J89: 2250 | K89: 2250 | L89: 2250 | M89: 一季度：3月31日前累计开工100户； 二季度：6月30日前累计开工200户、竣工100户； 三季度：9月30日前开累计工300户、竣工200户； 四季度：12月31日前累计竣工300户。 | N89: 各乡镇人民政府 | O89: 欧炳洪 | P89: 区住建局 张兴华 13882392364 | R89: 1
A90: 70 | B90: 仁和区森林草原防灭火基础设施建设项目 | C90: 仁和区12个乡镇（街道） | D90: 2026年 | E90: 1.建设防火通道10公里； 2.新建林火视频监控点位6个； 3.新建消防水池28口8400立方米。 4.采购6套高压接力水泵； 5.采购套阻燃服155套，体能服155套，作训服155套、作训胶鞋155双、毛巾400条。 6.采购安装25套防火智能语音报警监控设备； | F90: 1165 | G90: 7月 | H90: 780 | I90: 0 | J90: 0 | K90: 300 | L90: 480 | M90: 一季度：完成防火通道、林火视频监控及消防水池初步设计； 二季度：完成10公里防火通道招标程序； 三季度：完成林火视频监控及消防水池招标程序； 四季度：完成防火通道建设任务，完成林火视频监控及消防水池建设任务量的50%。 | N90: 攀枝花市林业局，中坝乡人民政府 | O90: 李兆兵 | P90: 区林业局 徐涛 13550941410
A91: 四 | B91: 生态建设及环境保护项目 | C91: =C92+C95 -> 3 | F91: =F92+F95 -> 41584 | H91: =H92+H95 -> 15726 | I91: =I92+I95 -> 1170 | J91: =J92+J95 -> 3180 | K91: =K92+K95 -> 4000 | L91: =L92+L95 -> 7376
A92: （一） | B92: 生态修复、环境整治（含流域治理） | C92: =A94-A90 -> 2 | F92: =SUM(F93:F94) -> 17284 | H92: =SUM(H93:H94) -> 12726 | I92: =SUM(I93:I94) -> 1170 | J92: =SUM(J93:J94) -> 3180 | K92: =SUM(K93:K94) -> 4000 | L92: =SUM(L93:L94) -> 4376
A93: 71 | B93: 四川省攀枝花市金沙江干热河谷（川西）生态保护与修复项目（仁和区2025年度） | C93: 平地镇、大田镇 | D93: 2026年 | E93: 实施退化林修复6.2万亩，修建小型水利水保设施77处，施工便道15公里。 | F93: 7726 | G93: 4月 | H93: 7726 | I93: 1150 | J93: 3000 | K93: 2000 | L93: 1576 | M93: 一季度：完成施工单位和监理单位招标； 二季度：项目开工建设，完成采伐抚育工程量的50%； 三季度：完成采伐抚育，补植造林的清林整地和苗木补植40%面积，完成配套基础设施建设40%工程量； 四季度：完成项目建设。 | N93: 攀枝花市仁和区林业局 | O93: 李兆兵 | P93: 区林业局 张杰 13408291117 | R93: 1
A94: 72 | B94: 四川省攀枝花市金沙江干热河谷（川西）生态保护与修复项目（仁和区2026年度） | C94: 仁和镇、中坝乡、啊喇乡等乡镇 | D94: 2026-2027年 | E94: 人工造乔木林0.1万亩，退化林修复7.72万亩，建设小型水利水保设施110处，作业便道30公里。 | F94: 9558 | G94: 8月 | H94: 5000 | I94: 20 | J94: 180 | K94: 2000 | L94: 2800 | M94: 一季度：完成项目初步设计； 二季度：完成项目审核、报批等工作； 三季度：完成项目施工单位和监理单位招投标工作； 四季度：项目开工建设，完成采伐抚育工程量的60%。 | N94: 攀枝花市仁和区林业局 | O94: 李兆兵 | P94: 区林业局 张杰 13408291117
A95: （二） | B95: 资源循环利用 | C95: =A96-A94 -> 1 | F95: =SUM(F96:F96) -> 24300 | H95: =SUM(H96:H96) -> 3000 | I95: =SUM(I96:I96) -> 0 | J95: =SUM(J96:J96) -> 0 | K95: =SUM(K96:K96) -> 0 | L95: =SUM(L96:L96) -> 3000
A96: 73 | B96: 攀枝花市仁和区工业固废再生资源循环利用项目 | C96: 迤资园区 | D96: 2026-2027年 | E96: 项目总用地面积106053.96㎡（约154.58），总建筑面积46128㎡，主要建设内容包括1#、9#门卫室、2#、7#综合楼、3#材料堆场、4#生产车间、成品库房、6#、8#戊类厂房、5#消防水池；10#丁、戊类厂房、11#办公楼，12#消防水池，地面停车场及配套设施等内容。 | F96: 24300 | G96: 11月 | H96: 3000 | I96: 0 | J96: 0 | K96: 0 | L96: 3000 | M96: 一季度：完成概念性方案设计。 二季度：完成项目方案审批； 三季度：完成项目招投标工作、及土地征拆工作； 四季度：启动建设，完成固废项目主体工程的50%。 | N96: 攀枝花市人和兴工发展建设集团有限公司 | O96: 李兆兵 | P96: 南山管委会 吕明 15892571313 人和兴工发展建设集团 刘亮 13882366993

Sheet 加快前期
A2: 攀枝花市仁和区2026年重点项目清单（加快前期）
A3: 序号 | B3: 项目名称 | C3: 建设地址（具体到乡镇、街道） | D3: 建设 起止年 | E3: 建设内容及规模 | F3: 计划 总投资 （万元） | G3: 2026年前期工作任务目标 | H3: 业主单位 | I3: 区级责任领导 | J3: 责任单位、联系人及联系方式 | K3: 备注
B5: 合计： | C5: =C6+C51+C88+C108 -> 89 | F5: =F6+F51+F88+F108 -> 1839560
A6: 一 | B6: 基础设施项目 | C6: =C7+C16+C18+C30+C47 -> 39 | F6: =F7+F16+F18+F30+F47 -> 516636
A7: （一） | B7: 交通基础设施 | C7: =A15 -> 8 | F7: =SUM(F8:F15) -> 107740
A8: 1 | B8: 仁和区X020啊大路幸福美丽乡村路 | C8: 啊喇彝族乡、大田镇、大龙潭彝族乡 | D8: 2027-2028年 | E8: 项目起于啊喇彝族乡，止于大龙潭彝族乡，全长约26.5公里，按照四级双车道标准建设。 | F8: 7500 | G8: 完成项目入省级规划库、争取计划指标。取得立项批复、初设和施设批复。 | H8: / | I8: 闵传铮 | J8: 区交通运输局 饶坤 13882389008
A9: 2 | B9: 仁和区X004银河路（前进派出所至施家垭口）幸福美丽乡村路 | C9: 前进镇 | D9: 2026-2027年 | E9: 本项目推荐方案起点位于前进镇，与迤沙拉大道平交，经过弯子、新村、永胜村、田堡社区、大弯子等地，终点位于前进镇施家垭口，顺接前太路，路线全长18.164km。 | F9: 5600 | G9: 完成项目入省级规划库、争取计划指标。 | H9: 前进镇人民政府 | I9: 闵传铮 | J9: 区交通运输局 谢坤 15228596529
A10: 3 | B10: G108线仁和区拉鲊至平地 | C10: 平地镇、大龙潭彝族乡 | D10: 2027-2030年 | E10: 全长45公里。按二级公路标准建设，路基宽度8.5米。 | F10: 85000 | G10: 完成项目方案 | H10: / | I10: 闵传铮 | J10: 区交通运输局 谢坤 15228596529
A11: 4 | B11: 仁和区仁和镇总发村2026年特色旅居村以工代赈项目 | C11: 仁和镇 | D11: 2027年 | E11: 改建宽4米道路9.6公里，厚0.18米，并配套管涵、堡坎等设施；整治排水渠5.7公里（其中0.6米×0.6米长5.4公里，0.3米×0.4米长0.3公里）。 | F11: 872 | G11: 完成实施方案编制，积极向上争取争取资金，待资金到位开工建设。 | H11: 仁和区仁和镇总发村村民委员会 | I11: 罗燕 | J11: 区发改局 张雁宁 13908147391
A12: 5 | B12: 仁和区太平乡红岩村2026年特色旅居村以工代赈项目 | C12: 太平乡 | D12: 2027年 | E12: 改建宽3.5米道路3.9公里，厚0.18米，并配套管涵、堡坎等设施；整治0.6米×0.8米排灌渠4.3公里。 | F12: 842 | G12: 完成实施方案编制，积极向上争取争取资金，待资金到位开工建设。 | H12: 仁和区太平乡红岩村村民委员会 | I12: 罗燕 | J12: 区发改局 张雁宁 13908147391
A13: 6 | B13: 仁和区太平乡先锋村2026年特色旅居村以工代赈项目 | C13: 太平乡 | D13: 2027年 | E13: 改建宽4.5米道路8.2公里，厚0.18米，并配套管涵、堡坎等设施；新建蓄水池2口，每口100立方米。 | F13: 737 | G13: 完成实施方案编制，积极向上争取争取资金，待资金到位开工建设。 | H13: 仁和区太平乡先锋村村民委员 | I13: 罗燕 | J13: 区发改局 张雁宁 13908147391
A14: 7 | B14: 仁和区前进镇胜利村2026年特色旅居村以工代赈项目 | C14: 前进镇 | D14: 2027年 | E14: 改建3.5米宽道路5.7公里，厚0.18米，并配套管涵、堡坎等设施；新建100立方米蓄水池5口，每口100立方米。 | F14: 551 | G14: 完成实施方案编制，积极向上争取争取资金，待资金到位开工建设。 | H14: 仁和区前进镇胜利村村民委员会 | I14: 罗燕 | J14: 区发改局 张雁宁 13908147391
A15: 8 | B15: 攀枝花市仁和区采煤沉陷区前进镇道路硬化工程 | C15: 前进镇 | D15: 2027-2028年 | E15: 项目为采煤沉陷区避险搬迁配套建设的道路通畅工程，主要建设内容田堡村：六条道路硬化，共计16.3公里，路面宽3.5米，厚20厘米。高峰村：三条道路硬化，共计11.9公里，路面宽3.0-3.5米，路面结构型式:15厘米厚级配砂砾石基层+18厘米厚水泥砼路面。永胜村：六条道路硬化，共计18公里，路面宽3.5米，厚20厘米。胜利村：八条道路硬化：共计24公里，路面宽3.0-3.5米，厚20厘米。 | F15: 6638 | G15: 加快前期手续办理，完成可研和资金申请报告编制。 | H15: 前进镇农业农村综合事务服务中心 | I15: 李兆兵 | J15: 区发改局 张雁宁 13908147391
A16: （二） | B16: 能源基础设施 | C16: =A17-A15 -> 1 | F16: =F17 -> 2900
A17: 9 | B17: 南站综合能源站项目 | C17: 仁和镇那总路西侧 | D17: 2027年 | E17: 建设一座加氢、加油、充电合建的综合能源站 | F17: 2900 | G17: 完成可研报告编制 | H17: 攀枝花市人和兴工发展建设集团有限公司 | I17: 李兆兵 | J17: 区经信和科技局 唐海峰 18681207468
A18: （三） | B18: 水利基础设施 | C18: =A29-A17 -> 11 | F18: =SUM(F19:F29) -> 197130
A19: 10 | B19: 四川省大竹河仁和区段防洪治理工程 | C19: 啊喇乡 | D19: 2027-2028年 | E19: 综合治理长度8.28km | F19: 5700 | G19: 取得初设批复；争取资金，待资金到位开工建设。 | H19: 攀枝花市盛源水务有限公司 | I19: 闵传铮 | J19: 区水利局 姚远 15892581392
A20: 11 | B20: 攀枝花市仁和区金沙江右岸摩梭河流域水土流失综合治理项目 | C20: 太平乡 | D20: 2027-2035年 | E20: 实施坡改梯279公顷，保土耕作405公顷，封禁治理7653公顷，农业面源污染防治5550公顷，综合治理30公里生态岸线，建设植物缓冲带2.5公里，实施村庄绿化角20处，人居环境整治280户，截污管道21公里，生产道路23公里，田间道路58公里。 | F20: 21000 | G20: 完成可研批复、取得初设批复，争取资金，待资金到位开工建设。 | H20: 攀枝花市盛源水务有限公司 | I20: 闵传铮 | J20: 区水利局 姚远 15892581392
A21: 12 | B21: 攀枝花市仁和区大龙潭乡干坝子光电水产“四结合”项目 | C21: 大龙潭乡 | D21: 2027年 | E21: 新建大龙潭乡干坝子太阳能提灌站，总装机1785KW，设计年总提水量83.3万m3。 | F21: 5800 | G21: 完成可研批复、取得初设批复，争取资金，待资金到位开工建设。 | H21: 攀枝花市盛源水务有限公司 | I21: 闵传铮 | J21: 区水利局 姚远 15892581392
A22: 13 | B22: 攀枝花市仁和区太平乡灰嘎光电水产“四结合”项目 | C22: 太平乡 | D22: 2027-2028年 | E22: 新建太平乡灰嘎太阳能提灌站工程位于金沙江取水，总装机1500kW，设计年总提水量50万立方。 | F22: 4000 | G22: 完成可研批复、取得初设批复，争取资金，待资金到位开工建设。 | H22: 攀枝花市盛源水务有限公司 | I22: 闵传铮 | J22: 区水利局 姚远 15892581392
A23: 14 | B23: 智慧水网建设 | C23: 全区各乡镇 | D23: 2027-2035年 | E23: 建设大河流域数字孪生系统，实施水利工程信息化建设，搭建水利工程运行管理矩阵 | F23: 50700 | G23: 完成可研批复、取得初设批复，争取资金，待资金到位开工建设。 | H23: 攀枝花市盛源水务有限公司 | I23: 闵传铮 | J23: 区水利局 姚远 15892581392
A24: 15 | B24: 四川省攀枝花市观音岩引水工程中型灌区建设工程（仁和区部分） | C24: 太平乡、金江镇 | D24: 2027-2028年 | E24: 新建2条引水渠总长21.28km；3条干渠总长19.38km；5条支渠总长9.94km；3座提灌站。设计灌溉面积3.17万亩。 | F24: 12000 | G24: 完成用地预审、环评、稳评、水资源论证等； 完成可研批复、取得初设批复，争取资金，待资金到位开工建设。 | H24: 攀枝花市盛源水务有限公司 | I24: 闵传铮 | J24: 区水利局 姚远 15892581392
A25: 16 | B25: 四川省三阳河仁和区段防洪治理工程 | C25: 同德镇、布德镇 | D25: 2027-2028年 | E25: 综合治理长度10.69km | F25: 6500 | G25: 完成可研批复、取得初设批复，争取资金，待资金到位开工建设。 | H25: 攀枝花市盛源水务有限公司 | I25: 闵传铮 | J25: 区水利局 姚远 15892581392
A26: 17 | B26: 攀枝花市仁和区大兴河山洪沟治理工程项目 | C26: 福田镇 | D26: 2027-2028年 | E26: 综合治理河长2.5km，新建堤防1.87km。 | F26: 2000 | G26: 完成可研批复、取得初设批复，争取资金，待资金到位开工建设。 | H26: 攀枝花市盛源水务有限公司 | I26: 闵传铮 | J26: 区水利局 姚远 15892581392
A27: 18 | B27: 仁和区大河水生态修复及幸福河湖建设项目 | C27: 仁和镇 | D27: 2027-2030年 | E27: 实施大竹河至大河通过隧洞、暗渠、渡槽共计20km进行水系连通。进行大河河道清障，河道清淤疏浚10km，进行河道两岸岸坡整治，新建堤防7km，新建智能河湖信息平台、监测站、预警系统等 | F27: 74000 | G27: 完成可研批复、取得初设批复，争取资金，待资金到位开工建设。 | H27: 攀枝花市盛源水务有限公司 | I27: 闵传铮 | J27: 区水利局 姚远 15892581392
A28: 19 | B28: 攀枝花市仁和区一体化推进水土保持工程项目 | C28: 中坝乡、仁和镇、啊喇乡 | D28: 2028-2035年 | E28: 综合治理水土流失面积80km²。其中：坡改梯面积133hm2，河道岸坡整治6km，新建蓄水池100口，新建管道80km，拦砂坝10座，河岸绿化2hm²，新建提灌站10座，新建渠道20km，机耕道15km，田间道路20km，沉沙凼50个，经济果木林62hm²，保土耕作500hm²，封禁治理3000hm²，水保文化长廊1处，水土保持监测与信息化建设。 | F28: 10700 | G28: 开展实施方案编制并取得方案批复；争取资金，待资金到位开工建设。 | H28: 攀枝花市盛源水务有限公司 | I28: 闵传铮 | J28: 区水利局 姚远 15892581392
A29: 20 | B29: 攀枝花市仁和区采煤沉陷区太平乡先锋片区供水管网工程 | C29: 仁和区太平乡 | D29: 2027-2028年 | E29: 建设力子飞山坪塘及配套供水管网工程，敷设供水管网共计95千米，其中DN200主管网45千米，DN100支管网35千米，DN50支管网15千米，涉及太平乡先锋村、革新村,总灌溉面积0.58万亩。有助于改善采煤沉陷区居民生产生活条件，带动采煤沉陷区经济发展，实现乡村振兴具有十分重要的意义。 | F29: 4730 | G29: 加快前期手续办理，完成可研和资金申请报告编制。 | H29: 太平乡农业农村综合事务服务中心 | I29: 李兆兵 | J29: 区发改局 张雁宁 13908147391
A30: （四） | B30: 城镇基础设施（含新型城镇化建设） | C30: =A46-A29 -> 16 | F30: =SUM(F31:F46) -> 105866
A31: 21 | B31: 仁和区2025年城市燃气管道老化更新改造工程 | C31: 仁和镇、前进镇、大河中路街道 | D31: 2027-2028年 | E31: 本项目共涉及老城区18个老旧小区，共改造用户15050户。主要建设内容：1.改造更新庭院管道约97.825公里（含小区水泥路面拆除与恢复），立管（含引入管、水平干管）52.675公里；2.改造埋地阀门及加装阀井智能物联网感知设备50套；3.用户端更换连接燃气用具软管30100根，加装燃气报警器及配套切断阀15050个，自闭阀15050个。 | F31: 11268 | G31: 完成项目立项、用地、环评、能评、稳评、初设、概算等前期手续办理，编制资金申请报告，向上申请超长期国债资金。 | H31: 仁和区综合行政执法局 | I31: 欧炳洪 | J31: 区综合行政执法局 吴浚甲 18380449375
A32: 22 | B32: Ai智能现场管理系统及实操基地构建项目 | C32: 仁和镇 | D32: 2029-2030年 | E32: 1.在生产作业或施工现场关键区域安装高清智能摄像机、温湿度 / 气体等传感器，配置数据采集设备，部署语音播报终端，实现全方位数据采集与实时提示。 2.开发 AI 视觉识别系统精准检测 “三违” 行为，搭建语音交互系统，建设大数据分析平台挖掘规律，开发移动端和管理端应用实现远程管理。 3.构建数据中心集中存储管理数据，保障数据安全可靠。 4.完成硬件软件集成调试，确保系统稳定运行；开展人员使用培训，提供技术支持与维护服务，定期优化升级系统。 5.建成功能齐全、布局合理、安全规范的实操培训场地，配备符合国家标准的教学设备和模拟实训装置；可承接有限空间作业、高处作业、动火作业等重点领域实操培训，建设模拟场景的装置，并配备相应器材。 | F32: 20000 | G32: 对接相关部门协商项目。 | H32: 攀枝花市仁和区应急管理局 | I32: 罗燕 李兆兵 | J32: 区应急管理局 周楠 13547629094
A33: 23 | B33: 攀枝花市仁和区总发片区供水管网漏损治理项目 | C33: 攀枝花市仁和区总发 | D33: 2027-2028年 | E33: 建设内容：改造总发片区老化漏损供水管网及设施。 改造D325x8钢管低压供水管道5000米，改造D159x4钢管低压供水管道4600米等。 建设规模 ：1.改造总发片区老化漏损供水管网及设施。 改造D325x8钢管低压供水管道5000米，改造D159x4钢管低压供水管道4600米，以及感知设备等相关附属配套设备设施；2.增设漏失在线监测设备、流量计、水质监测设备等物联感知设备。 | F33: 1900 | G33: 完成项目建议书的批复及初步设计与概算的批复并完成专项债的申报。 | H33: 攀枝花市仁和区土地储备中心 | I33: 欧炳洪 | J33: 区住建局 游青 13548211818
A34: 24 | B34: 攀枝花市普达康养片区供水管网漏损治理项目 | C34: 攀枝花市仁和区普达 | D34: 2027-2028年 | E34: 建设内容：改造D630X10钢管低压供水管道8000米，改造D530X10钢管低压供水管道8000，改造D426X10钢管低压供水管道5000米，改造D325X8钢管低压供水管道6000，改造D219X6钢管低压供水管道3000。建设规模：1.改造D630X10钢管低压供水管道8000米，改造D530X10钢管低压供水管道8000，改造D426X10钢管低压供水管道5000米，改造D325X8钢管低压供水管道6000，改造D219X6钢管低压供水管道3000； 2.增设漏失在线监测设备、流量计、水质监测设备等物联感知设备。 | F34: 8900 | G34: 完成项目建议书的批复及初步设计与概算的批复并完成专项债的申报。 | H34: 攀枝花市仁和区土地储备中心 | I34: 欧炳洪 | J34: 区住建局 游青 13548211818
A35: 25 | B35: 攀枝花市仁和区沙沟片区老旧小区改造配套基础设施项目 | C35: 仁和区仁和镇 | D35: 2027年 | E35: 建设与福乐园等8个老旧小区（涉及1703户）相配套的基础设施，主要包括： 1.在小区内改造道路22143平方米，排水管网7.75公里，供水管网7.36公里，以及消防、安防等基础设施，改造社区综合服务设施1045平方米，停车场7144平方米，以及充电桩、文化体育等公共服务设施； 2.在小区外改造该小区与城市主干网衔接的道路23578平方米，供电线路3.54公里，通信管网3.36公里等城镇基础设施； 3.既有建筑屋面防水6233平方米。 | F35: 6784 | G35: 完成项目包装。 | H35: 攀枝花市仁和区仁和镇人民政府 | I35: 欧炳洪 | J35: 区住建局 邹泽亚 13398461392 仁和镇 张曦 15181250219
A36: 26 | B36: 攀枝花市仁和区南山片区老旧小区改造配套基础设施项目（二期） | C36: 仁和区前进镇 | D36: 2027年 | E36: 建设与南山花园棕榈苑小区等3个老旧小区（涉及1696户）相配套的基础设施，主要改造: 1.改造小区内排水管网8.11千米、供水管网4.63千米；改建小区内道路21833平方米、停车位445个； 2.改造便民设施建筑面积1095平方米，改造自行车棚1510平方米，改造消防、安防等基础设施。 3.在小区外改造该小区与城市主干网衔接的道路24701平方米，供电管网3.71千米、通信管网3.52千米等城镇基础设施。 | F36: 7237 | G36: 完成项目包装。 | H36: 攀枝花市仁和区前进镇人民政府 | I36: 欧炳洪 | J36: 区住建局 邹泽亚 13398461392 前进镇 邱标 13882338026
A37: 27 | B37: 攀枝花市仁和区五十一片区老旧小区改造配套基础设施项目二期 | C37: 仁和区大河中路街道 | D37: 2027年 | E37: 建设与新华印务家属区等6个老旧小区（涉及1545户）相配套的基础设施，主要改造: 1.改造小区内排水管网7.44千米、供水管网7.07千米；改建小区内道路25017平方米、停车位228个；改造便民设施建筑面积1004平方米，改造自行车棚1384平方米、改造消防、安防等基础设施。 2.在小区外改造该小区与城市主干网衔接的道路22642平方米，供电管网3.40千米、通信管网3.23千米等城镇基础设施； 3.既有建筑屋面防水改造2440平方米。 | F37: 6643 | G37: 完成项目包装。 | H37: 攀枝花市仁和区人民政府大河中路街道办事处 | I37: 欧炳洪 | J37: 区住建局 邹泽亚 13398461392 大河中路街道办事处 吴文鹏 15808102520
A38: 28 | B38: 攀枝花市仁和区沙沟片区老旧小区改造项目 | C38: 仁和区仁和镇 | D38: 2027年 | E38: 建设与福乐园等8个老旧小区（涉及1703户）相配套的基础设施，主要包括：（1）改造社区综合服务设施1045平方米，以及消防、安防等基础设施；在小区内改造道路22143平方米，停车场7144平方米，以及充电桩、文化体育等公共服务设施；（2）在小区外改造该小区与城市主干网衔接的道路23578平方米，供电线路3.54公里，通信管网3.36公里等城镇基础设施；（3）既有建筑立面除险189124平方米，屋面防水21013平方米等。 | F38: 5650 | G38: 完成项目包装，积极向上争取争取资金，待资金到位开工建设。 | H38: 攀枝花市仁和区仁和镇人民政府 | I38: 欧炳洪 | J38: 区住建局 邹泽亚 13398461392 仁和镇 张曦 15181250219
A39: 29 | B39: 攀枝花市仁和区南山片区老旧小区改造项目（二期） | C39: 仁和区前进镇 | D39: 2027年 | E39: 建设与南山花园棕榈苑小区等3个老旧小区（涉及1696户）相配套的基础设施，主要改造： ①改造小区内排水管网8.11千米、供水管网4.63千米；改建小区内道路21833平方米、停车位445个； ②改造便民设施建筑面积1095平方米，改造自行车棚1510平方米，改造消防、安防等基础设施。 ③在小区外改造该小区与城市主干网衔接的道路24701平方米，供电管网3.71千米、通信管网3.52千米等城镇基础设施。 ④既有建筑立面除险289581平方米,屋面防水32175平方米。 | F39: 9210 | G39: 完成项目包装，积极向上争取争取资金，待资金到位开工建设。 | H39: 攀枝花市仁和区前进镇人民政府 | I39: 欧炳洪 | J39: 区住建局 邹泽亚 13398461392 前进镇 邱标 13882338026
A40: 30 | B40: 攀枝花市仁和区五十一片区老旧小区改造项目二期 | C40: 仁和区大河中路街道 | D40: 2027年 | E40: 建设与新华印务家属区等6个老旧小区(涉及1545户)相配套的基础设施，主要改造:1.改造小区内排水管网7.44千米、供水管网7.07千米;改建小区内道路25017平方米、停车位228个;改造便民设施建筑面积1004平方米，改造自行车棚1384平方米、改造消防、安防等基础设施。2.在小区外改造该小区与城市主干网衔接的道路22642平方米，供电管网3.40千米、通信管网3.23千米等城镇基础设施;3.既有建筑立面除险177478平方米，屋面防水改造19719平方米。 | F40: 7870 | G40: 完成项目包装，积极向上争取争取资金，待资金到位开工建设。 | H40: 攀枝花市仁和区人民政府大河中路街道办事处 | I40: 欧炳洪 | J40: 区住建局 邹泽亚 13398461392 大河中路街道办事处 吴文鹏 15808102520
A41: 31 | B41: 仁和区弯腰树片区城市危旧房配套基础设施改造项目 | C41: 仁和区大河中路街道 | D41: 2027年 | E41: 1.改造危旧住房303套，涉及居民303户。其中：改建排水管道3.09千米、燃气管道3.06千米、供水管道2.86千米；改建小区内道路10123平方米、停车位92个；改造便民设施建筑406平方米，进行无障碍改造的建筑10044平方米、改造自行车棚560平方米。 2.在小区外改造该小区与城市主干网衔接的道路10480平方米、供电管网1.31千米、通信管网1.37千米等城镇基础设施。 | F41: 3553 | G41: 完成项目包装，积极向上争取争取资金，待资金到位开工建设。 | H41: 攀枝花市仁和区人民政府大河中路街道办事处 | I41: 欧炳洪 | J41: 区住建局 邹泽亚 13398461392 大河中路街道办事处 吴文鹏15808102520
A42: 32 | B42: 仁和区沙沟片区城市危旧房配套基础设施改造项目 | C42: 仁和区仁和镇 | D42: 2027年 | E42: 改造仁和区沙沟片区危旧住房241套，涉及居民241户。主要改造： 1.道路6573平方米、绿化986平方米、排水管网1.95公里、供水管网1.86公里、供电管网1.56公里、燃气管道1.72公里、照明、消防、安防等基础设施，以及便民服务设施263平方米、文化体育设施16套、停车位60个、自行车棚363平方米、无障碍设施等公共服务设施； 2.小区外与城市主干网衔接的道路6163平方米，供电线路0.85公里、通信管网0.89公里等。 | F42: 2270 | G42: 完成项目包装，积极向上争取争取资金，待资金到位开工建设。 | H42: 攀枝花市仁和区仁和镇人民政府 | I42: 欧炳洪 | J42: 区住建局 邹泽亚 13398461392 仁和镇 张曦 15181250219
... A46: 36 | B46: 攀枝花市仁和区新街片区污水管网更新改造 | C46: 仁和区仁和镇 | D46: 2027- 2028年 | E46: 更新改造新街片区污水管网改造15km（管径DN200-DN300），支管5km（管径DN160-DN200）以及其他配套设施。 | F46: 3160 | G46: 完成项目可研编制、立项、初设概算等前期手续办理。 | H46: 仁和区住房和城乡建设局 | I46: 欧炳洪 | J46: 区住建局 徐浩然 15680606957
A47: （五） | B47: 园区基础设施（仅含基础设施内容，不含产能） | C47: =A50-A46 -> 3 | F47: =SUM(F48:F50) -> 103000
A48: 37 | B48: 橄榄坪园区、迤资园区标准化厂房及配套设施建设项目（光电信息园片区）二期 | C48: 攀枝花市仁和区橄榄坪园区 | D48: 2027- 2028年 | E48: 拟建3栋标准化厂房（1#厂房建筑面积27190平方米，2#厂房建筑面积 23334 平方米，3#厂房建筑面积19719平方米），1栋13层科创用房建筑面积 18569.28 平方米，及场平、道路、绿化等配套设施。 | F48: 38000 | G48: 完成施工图设计，用地、工程规划许可证办理；完成既有建筑拆除。 | H48: 攀枝花市人和兴工发展建设集团有限公司 | I48: 李兆兵 | J48: 工发集团 刘亮 13882366993
A49: 38 | B49: 橄榄坪园区、迤资园区标准化厂房及配套设施建设项目 | C49: 攀枝花市迤资园区 | D49: 2027- 2029年 | E49: 本项目占地面积约 550 亩，建设内容为,新建厂房约 25 万平方米，研发中心、孵化中心及配套建设园区内道路、停车场、给排水管网等基础设施建设。 | F49: 50000 | G49: 完成初步方案设计。 | H49: 攀枝花市人和兴工发展建设集团有限公司 | I49: 李兆兵 | J49: 工发集团 刘亮 13882366993
A50: 39 | B50: 南山循环经济开发区橄榄坪片区零碳工业园区试点建设项目 | C50: 攀枝花市橄榄坪园区 | D50: 2027年 | E50: 分布式光伏装机总容量3MW，利用厂房屋面及车棚屋面共计约20000㎡，年发电量约400万kWh，自发自用，建设零碳工业园区试点建设。包括光伏组件安装约5000块，逆变器配置约50台 50kW组串式逆变器，汇流箱配置约310台，及相应的储能、变压器、桥架安装、电缆敷设，以及并网及计量系统、防雷接地系统、监控及运维系统等配套设施。 | F50: 15000 | G50: 完成前期调研、项目可行性评估、项目立项备案、电网接入等手续办理； | H50: 攀枝花市人和兴工发展建设集团有限公司 | I50: 李兆兵 | J50: 工发集团 刘亮 13882366993
A51: 二 | B51: 产业项目 | C51: =C52+C67+C74+C81 -> 32 | F51: =F52+F67+F74+F81 -> 1189505
A52: （一） | B52: 制造业 | C52: =A66-A50 -> 14 | F52: =SUM(F53:F66) -> 868305
A53: 40 | B53: 微矿分离有机肥生产项目 | C53: / | D53: 2028-2030年 | E53: 争取引导辖区煤矿企业与南方科技大学合作，引进微矿分离技术，建设微矿肥料生产工厂，提高煤炭利用率。 | F53: 50000 | G53: 南方科技大学项目对仁和煤矿进行全面考察，与企业负责人就项目建设的相关情况进行沟通，确定项目协议组成内容。 | H53: / | I53: 李兆兵 | J53: 区应急管理局 余永全 13550939272
A54: 41 | B54: 四川鑫友年产50万吨钒钛特色铸造项目 | C54: 迤资园区 | D54: 2027-2028年 | E54: 将100T电弧炉技改为80T铸造电炉，增加配套厂房及设备设施，实现年产50万吨钒钛特色铸、锻件成品。 | F54: 8000 | G54: 完成初步设计及相关评价、设施设计、取得环评等前期手续 | H54: 四川鑫友金属材料有限公司 | I54: 李兆兵 | J54: 区经信和科技局 周劲松 13550917503
A55: 42 | B55: 西南钒钛特色铸造产业集群项目——年产50万吨离心球墨铸铁管项目 | C55: 迤资园区 | D55: 2026-2028年 | E55: 项目占地面积约80.91亩，总建筑面46938㎡，主要建设标准化厂房，离心铸管生产线 4 条以及相关配套设施，建成年产50万吨离心球墨铸铁管生产项目，主要设备有：高炉冶炼铁水、创新型铸造用生铁净化调质装置、铁水脱硫及调质装置、离心浇注机等。 | F55: 39005 | G55: 完成初步设计及相关评价、设施设计、取得环评等前期手续 | H55: 四川西南钒钛科技有限公司 | I55: 李兆兵 | J55: 区经信和科技局 周劲松 13550917503
A56: 43 | B56: 西南钒钛特色铸造产业集群项目——年产20万吨工程机械车辆配重块项目 | C56: 迤资园区 | D56: 2027-2028年 | E56: 项目建设配重铁所需铸型生产线1条，配套建设金属表面涂装处理等附属设施，建成年产20万吨工程机械车辆配重块，项目建筑面积48.32亩，全部用于生产工程建设，其中规划建设标准化厂房16791㎡及后续处理车间6249㎡，主要设备有：创新型铸造用生铁净化调质装置、铁水脱硫及调质装置、浇注机、制芯机、砂箱、模具、抛丸机等。 | F56: 28900 | G56: 完成初步设计及相关评价、设施设计、取得环评等前期手续 | H56: 四川西南钒钛科技有限公司 | I56: 李兆兵 | J56: 区经信和科技局 周劲松 13550917503
A57: 44 | B57: 西南钒钛特色铸造产业集群项目-年产20万吨含钒耐磨球建设项目 | C57: 迤资园区 | D57: 2027-2028年 | E57: 项目建设整套覆膜砂生产线2条，生产含钒耐磨球，20万吨/年，项目占地面积118.7亩，建筑面积25897㎡平方米，用于标准化厂房、构筑物及行政办公及公辅设施的建设。主要设备有：创新型铸造用生铁净化调质装置、铁水脱硫及调质装置、自动静压线、震动床、抛丸机等。 | F57: 21400 | G57: 完成初步设计及相关评价、设施设计、取得环评等前期手续 | H57: 四川西南钒钛科技有限公司 | I57: 李兆兵 | J57: 区经信和科技局 周劲松 13550917503
A58: 45 | B58: 凯盛石墨10万吨高碳石墨生产线 项目 | C58: 中坝乡 | D58: 2027-2028年 | E58: 积极推动凯盛项目复工建设，完成2条年产5万吨高碳石墨生产线及破碎车间等配套设施建设。 | F58: 56000 | G58: 积极推动凯盛项目复工建设。 | H58: 凯盛石墨碳材料有限公司 | I58: 李兆兵 | J58: 区经信和科技局 李伟 15983561757
A59: 46 | B59: 钢城集团瑞钢电炉改造及高性能优特钢轧制控本提质生产线项目 | C59: 南山循环经济发展区迤资园区 | D59: 2027-2028年 | E59: 新开工一条合金钢棒材及带肋钢筋生产线，主要生产带肋钢筋，汽车用钢及耐磨球用合金钢圆棒生产线，最终产品种类以汽车用钢及耐磨球用棒材为主，主要生产规格为Φ20～90毫米的中棒、Φ40～120毫米的耐磨球用钢 项目建成后实现棒材生产线年生产规模70万吨 | F59: 40000 | G59: 完成了项目可研，已取得环评批复，正在办理施工许可证等其他手续，以及建设资金的筹措。 | H59: 攀枝花钢城集团瑞钢工业有限公司 | I59: 李兆兵 | J59: 区经信和科技局 唐海峰 18681207468 | K59: 招商引资近期拟签约项目
A60: 47 | B60: 森然科技印制电路板及配套电子化学品生产项目 | C60: 橄榄坪园区 | D60: 2027-2028年 | E60: 项目计划选址智慧光电产业园4#厂房及原东泰厂房地块，项目一期投资建设印制电路板配套电子化学品生产线，配套建设电子化学品实验室及化验室，与行业内相关院士挂牌合作，为其他企业提供化验、认证等服务；项目二期计划取得原东泰厂房地块，自行建设高管住房、员工宿舍及生产厂房，建设印制电路板项目。 | F60: 100000 | G60: 积极与企业对接，深入洽谈项目合作事宜，力争签订合作协议。 | H60: 深圳市森然科技有限公司 | I60: 欧炳洪 | J60: 区经济合作局 樊瑾 18011008168
A61: 48 | B61: 沈阳远程机械闸片生产线项目 | C61: 迤资园区 | D61: 2027-2028年 | E61: 项目计划选址迤资园区，新建以高铁制动鼓、刹车片等产品为代表的机车、汽车、工程机械闸片生产线，配套进行厂房、消防设施等配套设施的建设。 | F61: 20000 | G61: 积极与企业对接，深入洽谈项目合作事宜，力争签订合作协议。 | H61: 沈阳远程摩擦密封材料有限公司 | I61: 欧炳洪 | J61: 区经济合作局 张逢杰 13458101819 | K61: 招商引资近期拟签约项目
A62: 49 | B62: 四川蜀道攀枝花300MW/1500MWh电网侧压缩空气储能项目 | C62: 大龙潭乡 | D62: 2027-2028年 | E62: 项目初拟根据系统负荷要求，系统暂按满充8小时、满放5小时，总功率300MW，储能容量1500MWh设计。项目采用先进压缩空气储能技术路线，储气库采用地下人造岩穴形式，设计容积约43万立方米，地面厂房用地面积约150亩。 | F62: 239000 | G62: 积极与企业对接，深入洽谈项目合作事宜，力争签订合作协议。 | H62: 中储国能（北京）技术有限公司 四川蜀道清洁能源集团有限公司 | I62: 欧炳洪 | J62: 区经济合作局 张逢杰 13458101819 | K62: 招商引资近期拟签约项目
A63: 50 | B63: 崇鼎科技高端AI Sever相关电路板制造项目 | C63: 橄榄坪园区 | D63: 2027-2028年 | E63: 项目计划投资10亿元，使用园区10号厂房，分2期建设高密度互联多层线路板生产线。 | F63: 100000 | G63: 积极与企业对接，深入洽谈项目合作事宜，力争签订合作协议。 | H63: 崇鼎非凡集成电路(四川)有限公司 | I63: 欧炳洪 | J63: 区经济合作局 樊瑾 18011008168 | K63: 招商引资近期拟签约项目
A64: 51 | B64: 深圳丰泰COB 智能照明生产基地项目 | C64: 橄榄坪园区 | D64: 2027-2028年 | E64: 本项目总投资规模为10亿元，采用分期投入、滚动开发的模式推进，分三期建设40条COB LED灯带/灯条生产线及10条COB透明显示屏生产线，并研发设计并生产以COB柔性灯条为核心的新一代照明灯具（涵盖T8/T5灯管、面板灯、异形灯具等）和新一代智能发光墙板、发光吊顶等创新型智能发光建材。 | F64: 100000 | G64: 积极与企业对接，深入洽谈项目合作事宜，力争签订合作协议。 | H64: 深圳丰泰科技有限公司 | I64: 欧炳洪 | J64: 区经济合作局 樊瑾 18011008168
A65: 52 | B65: 拥华年产260万吨氧化球团项目 | C65: 迤资园区 | D65: 2027年 | E65: 新建一条年产260万吨氧化球团生产线。 | F65: 16000 | G65: 完成项目可行性评估、方案初步设计。 | H65: 四川拥华环保新材料有限责任公司 | I65: 李兆兵 | J65: 南山管委会 吕明 15892571313
A66: 53 | B66: 深圳丰泰COB智能灯带生产项目 | C66: 橄榄坪园区 | D66: 2027年 | E66: 项目分两期建设，一期投入1亿元，建设生产线10条；二期投入4亿元，建设30条COB LED灯带灯条生产线及10条COB透明显示屏生产线。 | F66: 50000 | G66: 完成项目招引 | H66: 深圳市丰泰工业科技有限公司 | I66: 李兆兵 | J66: 南山管委会 何昱宏 13982399855
A67: （二） | B67: 现代服务业 | C67: =A73-A66 -> 6 | F67: =SUM(F68:F73) -> 70000
A68: 54 | B68: 攀枝花建材交易中心 | C68: 前进镇 | D68: 2027年 | E68: 计划建设符合现代物流园设计规范的建材甲乙中，内含产品展示中心、交易结算中心、仓储加工中心、综合服务中心，以及相应的道路、停车场、水电气、通讯、网络多媒体等配套设施。 | F68: 9000 | G68: 一季度：走访对接企业，了解企业诉求和投资意愿。 二、三季度：开展项目选址工作。 四季度：力促完成项目选址。 | H68: 攀枝花市鼎瀚实业有限公司 | I68: 欧炳洪 | J68: 区商务局 邱兵 13980345752
A69: 55 | B69: 仁和希尔顿酒店建设项目 | C69: 仁和镇 | D69: 2027年 | E69: 项目名称暂定为仁和希尔顿酒店。项目预计总投资5000万元（不含土地），总建筑面积约12000平方米，其中地上12层8000平方米、地下2层4000平方米。初步规划1楼前为酒店大堂，裙楼后部和酒店2--3层为宴会厅，4楼为茶楼，5楼为会务楼层，6--12楼为酒店住房共计119个房间。 | F69: 5000 | G69: 一季度：走访对接企业，了解企业诉求和投资意愿。 二、三季度：开展项目选址工作。 四季度：力促完成项目选址。 | H69: 攀枝花展兴投资有限公司 | I69: 欧炳洪 | J69: 区商务局 斯嘉勋 13882387311
A70: 56 | B70: 锦江酒店集团“仁和维也纳/丽枫系列酒店”建设项目 | C70: 仁和镇 | D70: 2027年 | E70: 项目拟选址银泰城周边区域，计划以直营方式落地建设锦江酒店集团旗下中高端品牌维也纳国际酒店或丽枫系列酒店，计划投资2000万元，计划建设总房间数90间。 | F70: 2000 | G70: 一季度：走访对接企业，了解企业诉求和投资意愿。 二、三季度：开展项目选址工作。 四季度：力促完成项目选址。 | H70: 锦江酒店集团 | I70: 欧炳洪 | J70: 区商务局 邱兵 13980345752 区经济合作局 胡惠惠 15881284427
A71: 57 | B71: 攀枝花兴工大宗商品交易中心 | C71: 仁和镇 | D71: 2026-2028年 | E71: 项目选址于仁和镇，规划总建筑面积约7万㎡。重点建设钢材纵剪开平、冷轧加工生产线约1万㎡，钢材交易智能化物流周转区约1.2万㎡；建设矿产品全封式智能化物流车间（含冶金物料智能化配料系统及设备）约2万㎡；建设钒钛产品（含半成品）、建材周转仓约1万㎡；配套周转物流信息中心约0.2万㎡、物流金融服务及孵化中心约0.2万㎡、综合交易中心约0.8万㎡及综合服务中心等其他配套设施约0.6万㎡。 | F71: 50000 | G71: 一季度：推动项目完成项目选址； 二季度：完成项目方案设计。 三季度：启动项目用地规划论证调整。 四季度：完成项目用地规划调整论证，项目用地具备市场化出让条件。 | H71: 攀枝花市人和兴工发展建设集团 | I71: 欧炳洪 | J71: 区商务局 斯嘉勋13882387311 工发集团 刘亮13882366993 区自规局 熊升平1738079039、 区土储中心 游青13548211818
A72: 58 | B72: 仁和区城乡低空物流（快递）配送综合服务中心项目 | C72: 仁和镇 | D72: 2027-2028年 | E72: 项目不新增用地，围绕和依托“攀枝花·启禾城市中央仓项目”（选址于攀枝花南站南侧，占地约 36.26 亩，项目规划总建筑面积4.5万㎡），配套建设低空飞行器停机坪和充电设施等，购置高原型大重载无人机等各型无人机，围绕仁和区中心城区开辟北向覆盖同德镇、务本乡，南向覆盖平地镇、啊喇彝族乡的仁和区全域覆盖低空航线，建设仁和区城乡低空物流（快递）配送综合服务体系，实现“低空+物流”；同步打造“低空+森林防灭火巡查监控”，打造森林防火减灾低空支持系统，构建区域低空无人机物流枢纽重要节点。 | F72: 2000 | G72: 一、二季度：走访对接企业，了解企业诉求和投资意愿。 三季度：开展项目策划。 四季度：结合“攀枝花·启禾城市中央仓项目”完成项目布局选址。 | H72: 待引进 | I72: 欧炳洪 | J72: 区商务局 斯嘉勋 13882387311
A73: 59 | B73: 低空经济与新能源汽车产业“车空统筹”项目 | C73: 前进镇 | D73: 2027-2028年 | E73: 在推动“攀枝花新能源汽车城项目”建设基础上，预留项目用地，推动低空经济产业与新能源汽车产业共享新能源充电等相关设施、人工智能等核心技术，共用通信网络，共用驾培资源开展飞控培训，推动智能网联技术在新能源汽车中的应用成果为低空经济提供了空中应用场景参考，建成无人机物流应用等场景与地面基础设施协同的立体交通网络。 | F73: 2000 | G73: 一、二季度：走访对接企业，了解企业诉求和投资意愿。 三季度：开展项目策划。 四季度：结合“攀枝花新能源汽车城项目”用地规划论证调整方案完成项目策划。 | H73: 待引进 | I73: 欧炳洪 | J73: 区商务局 斯嘉勋 13882387311
A74: （三） | B74: 能源产业 | C74: =A80-A73 -> 6 | F74: =SUM(F75:F80) -> 209500
A75: 60 | B75: 四川恒鼎实业有限公司大河沟煤矿扩建工程项目 | C75: 务本乡 | D75: 2028-2030年 | E75: 规模为从15万吨/年整合扩建至30万吨/年。建设内容：完成井巷工程开拓、准备、回采巷道布置、主要生产、运输、提升、通风、排水等系统建设，安全设施设备安装、重大设备监测感知系统安装、运行，“六大系统”建成运行，实现掘进工作面采用综合机械化掘进，采煤工作面采用综合机械化采煤，运输采用连续运输方式运输，达到二级标准化的高效矿井。 | F75: 22000 | G75: 按照四川省人民政府《四川省30万吨以下煤矿分类处置方案的批复》（川府函〔2020〕45号），重新开展项目核准和安全核准，取得立项批复后，重新修改《初步设计、安全设施设计、开发利用方案》后报省厅评审，并取得相关批复。然后办理大河沟煤矿新采矿许可证。 | H75: 四川恒鼎实业有限公司 | I75: 李兆兵 | J75: 区应急管理局 余永全 13550939272
A76: 61 | B76: 四川恒鼎实业有限公司大河沟煤矿洗煤厂升级改造项目 | C76: 务本乡 | D76: 2027-2028年 | E76: 对现有生产线进行改造，更换升级浮选洗煤机，跳汰机，压滤机、电气控制等设施设备，降低能耗，提高煤炭洗选率，提升自动化、智能化水平。 | F76: 1500 | G76: 开展前期项目立项、可研究性报告，同时重新编制环境影响评价报告。 | H76: 四川恒鼎实业有限公司 | I76: 李兆兵 | J76: 区应急管理局 余永全 13550939272
A77: 62 | B77: 攀枝花市春福工贸有限责任公司胜利煤矿勘探项目 | C77: 前进镇 | D77: 2028-2031年 | E77: 勘查周边矿产资源，攀枝花市春福工贸有限责任公司计划扩大矿区范围至9.7平方千米，对空白带3平方千米及矿区深部进行勘查。 | F77: 4000 | G77: 1、2026年启动矿区空白资源勘探工作，积极与主管部门沟通。2、2026年12月底前明确规划目标、制定规划方案。 | H77: 攀枝花市春福工贸有限责任公司 | I77: 李兆兵 | J77: 区应急管理局 余永全 13550939272
A78: 63 | B78: 攀枝花市春福工贸有限责任公司胜利煤矿瓦斯发电项目 | C78: 前进镇 | D78: 2028-2031年 | E78: 在条件成熟的前提下，计划在攀枝花市春福工贸有限责任公司胜利煤矿地面建设瓦斯发电站，设计装机规模2000KW，井下建设瓦斯高低负压抽采系统，建设完善的监测监控设施，满足瓦斯发电需要。 | F78: 8000 | G78: 1、2026年掘进施工45上煤层底抽巷，测定瓦斯原始含量及抽采半径考察。2、编制瓦斯抽采设计。 | H78: 攀枝花市春福工贸有限责任公司 | I78: 李兆兵 | J78: 区应急管理局 余永全 13550939272
A79: 64 | B79: 务本乡耗子沟尾矿库工程项目 | C79: 务本乡 | D79: 2027-2028年 | E79: 拟建耗子沟尾矿库占地约2170亩，汇水面积为4.65km2，总坝高198m，总库容9099万m3，有效库容8188万m3，耗子沟尾矿库为二等库，排尾量400万m3/a。 | F79: 80000 | G79: 完成可研报告编制。 | H79: 攀枝花市人和兴工发展建设集团有限公司 | I79: 李兆兵 | J79: 区经信和科技局 唐海峰 18681207468 人和兴工发展建设集团 刘亮 13882366993
A80: 65 | B80: 攀枝花市仁和区福田镇20万千瓦光伏项目 | C80: 福田镇 | D80: 2027-2028年 | E80: 在仁和区福田镇建设20万千瓦光伏发电项目，并配套建设一座220kV升压汇集站，一回220kV送出线路，新建线路长度约8km。 | F80: 94000 | G80: 完成初步实施方案评审后，加快推进业主优选、项目备案、送出工程线路核准等工作。 | H80: 待定 | I80: 李兆兵 | J80: 区发改局 万在阳 13882337890
A81: （四） | B81: 现代农业 | C81: =A87-A80 -> 6 | F81: =SUM(F82:F87) -> 41700
A82: 66 | B82: 仁和区野森达松露精深加工及产业化开发项目 | C82: 仁和镇 | D82: 2026年 | E82: 企业已在啊喇乡关房村老厂组培育块菌基地100亩，拟在仁和区新建一家黑松露（块菌）加工厂。投资5000万，项目占地10亩。 | F82: 5000 | G82: 确定项目选址，确定合作模式、确定项目策划方案，签订项目合作协议。 完成前期手续办理，力争项目开工。 | H82: 永仁野森达菌业有限公司 | I82: 欧炳洪 | J82: 区经济合作局 胡惠惠 15881284427 区农业农村局 沙万林 13550939873
A83: 67 | B83: 仁和区智慧农机装备应用项目 | C83: 仁和区各乡镇 | D83: 2027年 | E83: 建设农机装备研产推用县域一体化试验场1个、区域农机社会化服务中心1个、县域专业农机手培育基地1个、区域性老旧农机拆解报废中心1个 | F83: 2100 | G83: 无需办理前期准备手续，已完成实施方案编制，完成资金争取。 | H83: 攀枝花市仁和区农业农村局 | I83: 闵传铮 | J83: 区农业农村局 许继明 13550930672
A84: 68 | B84: 攀枝花市仁和区现代水产养殖项目 | C84: 同德镇、布德镇、啊喇乡 | D84: 2027年 | E84: 使用设施农用地新建工厂化成虾养殖简易大棚50000㎡，虾苗养殖简易大棚5000㎡。源水处理设施约5000㎡，配置尾水处理系统，处理量约1500吨/天，配套升级改造水产检测用房及仓库约1000㎡及配套水产液氧供氧系统、电气、给排水、安防等附属设备设施。 | F84: 7000 | G84: 向上申报项目，完成资金争取。 | H84: 攀枝花市农基农业开发有限公司 | I84: 闵传铮 | J84: 区农业农村局 张万金 13882350911
A85: 69 | B85: 攀枝花市仁和区现代化“水果番茄”大棚建设项目 | C85: 仁和区啊喇乡、大龙潭乡、大田镇、前进镇、中坝乡、太平乡 | D85: 2027年 | E85: 建设现代化“水果番茄”种植基地3000亩，配套园区土地整理、田间道路及灌溉等附属工程，并配备生产设施装备、农机等现代装备。 | F85: 15000 | G85: 向上申报项目，完成资金争取。 | H85: 攀枝花市农基农业开发有限公司 | I85: 闵传铮 | J85: 区农业农村局 沙万林 13550939873
A86: 70 | B86: 仁和区蔬菜大棚建设项目 | C86: 平地镇、大龙潭乡、啊喇乡、仁和镇 | D86: 2027-2028年 | E86: 建设现代化蔬菜大棚4000亩，配套铺设相关电力及水利设施，购置水肥一体化设备、智能监测设备、智能传感设备、农机设备等。 | F86: 12000 | G86: 向上申报项目，完成资金争取。 | H86: 攀枝花市农基农业开发有限公司 | I86: 闵传铮 | J86: 区农业农村局 沙万林 13550939873
A87: 71 | B87: 仁和区牛羊屠宰场建设项目 | C87: 平地镇 | D87: 2027年 | E87: 新建牛羊屠宰点1-2个，年屠宰量0.5万头以上。新建屠宰间、待宰圈、隔离间、检验室、管理用房、污水处理站及其他附属设施。 | F87: 600 | G87: 向上申报项目，完成资金争取。 | H87: 攀枝花市牧耘农业开发有限公司 | I87: 闵传铮 | J87: 区农业农村局 张万金 13882350911
A88: 三 | B88: 民生工程及社会事业项目 | C88: =C89+C93+C103 -> 16 | F88: =F89+F93+F103 -> 92143
A89: （一） | B89: 医疗卫生 | C89: =A92-A87 -> 3 | F89: =SUM(F90:F92) -> 37250
A90: 72 | B90: 攀枝花市仁和区紧密型县域医共体强基工程建设项目 | C90: 仁和区各乡镇 | D90: 2027-2030年 | E90: 1.医共体中心药房、审方中心建设项目：改造业务用房500㎡，利用人工或智能（云）技术，建立医共体内用药目录统一、集中采购配送、处方智能流转、药学服务下沉、供需监测对接、药品库存警戒等运行机制，建立医共体内处方审核全流程运行机制，对成员单位的处方按照规定和程序进行集中审核并有序流转，为患者及时便捷取药提供的服务，实现县域各级医疗机构药品统一采购、配送、储备调配，为“药品供应一体化”和“处方质量管控”提供实体与技术支撑。 2.仁和区同德镇中心卫生院迁建项目：规划用地面积 9155.85 ㎡（约 13.75 亩），新建业务用房面积3024㎡（包括门诊住院综合楼，公共卫生服务中心，后勤辅助科室等），配套建设道路、场地铺装、绿地及室外管线等附属设施。 3.平地医疗卫生次中心医学影像分中心建设项目：新建医学影像分中心业务用房400㎡。 4.仁和区紧密型县域医共体检验中心、影像中心、心电中心建设项目。改造业务用房共计3600㎡。 5.医共体成员单位设备采购项目：根据县域医共体建设要求，对县域医共体五大资源共享中心、五大急诊急救中心，基层医疗机构能力提升补短、到期设备更新等设备购置。 | F90: 6250 | G90: 完成项目实施方案、可行性研究报告编制等工作 | H90: 攀枝花市仁和区人民医院 | I90: 邹华煜 | J90: 区卫生健康局 曲晨 15881294998 黄永彬 18080782851
A91: 73 | B91: 攀枝花市仁和区人民医院医养结合服务中心建设项目 | C91: 仁和镇 | D91: 2027-2029年 | E91: 项目拟建设1栋10F/-2F医养结合楼，规划占地面积17239.83 ㎡（约25.86 亩），综合建筑面积 13350㎡,养老床位300张，建设老年人生活用房、文娱与健身用房及其他附属配套设施等。 | F91: 8000 | G91: 完成项目实施方案、可行性研究报告编制等工作 | H91: 攀枝花市仁和区人民医院 | I91: 邹华煜 | J91: 区卫生健康局 林凤云 15983566295 万俊芳 15983556826
A92: 74 | B92: 攀枝花市仁和区医美医院建设项目 | C92: 仁和区前进镇普达社区 | D92: 2027-2030年 | E92: 总建筑面积12000平方米，设置住院床位100张、美容治疗床12张、牙科综合治疗椅4台；建设整形外科、美容外科、美容牙科、美容皮肤科、美容中医科、麻醉科等临床科室、药学部、医学检验科、医学影像科等医技科室，配套建设消毒供应中心、病案管理科及数字化追溯系统，附属设施建设。 | F92: 23000 | G92: 组织开展项目考察，开展建设方案编制等工作 | H92: 攀枝花市仁和区卫生健康局 | I92: 邹华煜 | J92: 区卫生健康局 曲晨 15881294998 黄永彬 18080782851
A93: （二） | B93: 教育、文化、体育及社会服务 | C93: =A102-A92 -> 9 | F93: =SUM(F94:F102) -> 32217
A94: 75 | B94: 攀枝花大河中学校高中学生宿舍楼新建项目 | C94: 仁和镇 | D94: 2027-2028年 | E94: 新建宿舍一栋，规划用地面积4586.84平方米（约 6.88亩），拟建建筑总建筑面积12412平方米，包括学生宿舍的土建、装饰装修及安装工程、总平及附属工程。 | F94: 6047 | G94: 已完成选址、立项、环评、能评、稳评、初设及概算批复、建设用地规划许可证等前期工作。积极包装项目争取资金，待落实资金后开展财评、招标工作。 | H94: 区教体局 | I94: 邹华煜 | J94: 区教体局 高露予 13882301730
A95: 76 | B95: 运动场维修改造项目 | C95: 仁和镇、福田镇 | D95: 2027年 | E95: 对东风小学、四十九公里小学、福田镇中心学校的运动场进行改造，改造面积约7000平方米。 | F95: 500 | G95: 完成设计、清单编制等前期手续，待资金到位后开展财评和招标工作。 | H95: 区教体局 | I95: 邹华煜 | J95: 区教体局 高露予 13882301730
A96: 77 | B96: 五十一城市体育公园 | C96: 五十一街办 | D96: 2027年 | E96: 对五十一小学阳光家园校区运动场改造，建设室内篮球场1片，羽毛球场2片（含气排球场地）五人制足球场1片、乒乓球场地4片。 | F96: 600 | G96: 完成设计、清单编制、环评、立项等前期手续，争取上级资金，待资金到位后开展财评和招标工作。 | H96: 区教体局 | I96: 邹华煜 | J96: 区教体局 文波 13982381916
A97: 78 | B97: 仁和区智慧教育新型基础设施建设项目 | C97: 仁和区 | D97: 2027年 | E97: 项目全覆盖攀枝花市仁和区公办学校，包括数字化基础设施建设工程、教育管理提质增效工程、教学质量提升工程和五育人才培养工程四部分。主要内容包括建设录播系统共258套、AI智屏系统90套、数字化课堂交互系统300套、教育数据治理工程1批、科学数字探究实验系统17套、信息科技实验系统19套、以及个性化学习系统、课堂行为分析系统、数字化教学评价系统、教育数字基座平台建设以及软件建设等。 | F97: 9570 | G97: 完成专项债资金争取工作，待资金到位后，开展招标、公示等工作；在资金到位前提下，12月进场施工。 | H97: 区教体局 | I97: 邹华煜 | J97: 区教体局 李航 15984585879
A98: 79 | B98: 仁和区狮子山公墓公益性骨灰堂建设项目 | C98: 布德镇民政村 | D98: 2027-2028年 | E98: 新建骨灰存放楼，建筑面积约5000㎡，总用地面具约4000㎡，新增骨灰存放格位4000余个。 | F98: 1500 | G98: 加快完成土地合规手续，争取尽快完成选址、立项、环评、能评、稳评、初设及概算批复、建设用地规划许可证等前期工作。 | H98: 仁和区民政局 | I98: 邹华煜 | J98: 区民政局 胡宗志 15182722092
A99: 80 | B99: 仁和区区域性养老服务中心建设项目 | C99: 前进镇普达社区 | D99: 2027-2028年 | E99: 新建仁和区区域性养老服务中心，总建筑面积14000平方米，设生活区、医疗康复区、能力评估中心、老年教育活动中心、仁和养老信息平台中心及环境配套设施。 | F99: 7000 | G99: 积极申请养老用地调规，争取尽快完成选址、立项、环评、能评、稳评、初设及概算批复、建设用地规划许可证等前期工作。 | H99: 仁和区民政局 | I99: 邹华煜 | J99: 区民政局 胡宗志 15182722092
A100: 81 | B100: 仁和区居家养老服务网络建设项目 | C100: 仁和区仁和镇、前进镇、大河中路街道 | D100: 2027年 | E100: 建设总床位200张的居家养老服务设施站点。 | F100: 5000 | G100: 积极收集乡镇闲置用地用房资源，争取尽快完成立项、初设等前期工作。 | H100: 仁和区民政局 | I100: 邹华煜 | J100: 区民政局 胡宗志 15182722092
A101: 82 | B101: 仁和区公办敬老院智能设施设备升级改造项目 | C101: 仁和区六所公办敬老院 | D101: 2027年 | E101: 在仁和区6所公办敬老院引入智能型服务设施提升敬老院综合服务能力。 | F101: 1000 | G101: 对各敬老院基础设施、电力负荷、建筑结构承载等进行初步评估，制定智能服务设施引入初步方案。 | H101: 仁和区民政局 | I101: 邹华煜 | J101: 区民政局 胡宗志 15182722092
A102: 83 | B102: 仁和区公办敬老院智能安防系统建设项目 | C102: 仁和区六所公办敬老院 | D102: 2027年 | E102: 在仁和区6所公办敬老院引入智能型安防设施提升敬老院应急管理水平。 | F102: 1000 | G102: 对各敬老院现有安防设施进行初步评估，制定智能安防设备建设初步方案。 | H102: 仁和区民政局 | I102: 邹华煜 | J102: 区民政局 胡宗志 15182722092
A103: （三） | B103: 防灾救灾、应急救援 | C103: =A107-A102 -> 4 | F103: =SUM(F104:F107) -> 22676
A104: 84 | B104: 基层应急管理能力建设项目 | C104: 仁和区 | D104: 2027-2030年 | E104: 1.建设攀枝花市仁和区村、社区应急避难智能化场所。（1）新建及改造应急避难场所162个（每个村、社区2个场所），实现人均1.5平方米的目标；（2）在避难场所建设结构化智能摄像头162套，并建设自动侦测联动预警联动系统，实现智能主动识别预警、联动应急广播语音预警、事件闭环处置、AI算法引擎、对接智慧平台和应急指挥与监管、信息推送、告警联动。 2.应急指挥平台升级。（1）提升现有指挥平台的网络等级，力争接入气象和公安天网数据资源，实现资源汇聚、共享，接入化工园区智慧平台数据资源；（2）整合防震、防火、防汛、地灾防治及其他行业资源，推送到乡镇，乡镇可通过平台实时查看辖区内防灾区域和企业，实现智能化监管“一张图”；（3）建立区级指挥联动中心，实现联合值守、统一调度。 3.提升基层通信能力。根据《四川省地震高风险乡镇(街道)村(社区)应急通信装备配备指导目录》，为13个乡镇（街道），81个村（社区）配备必要的卫星通信、图像传输、语音通信、无人机、辅助保障等通信保障类装备，实现仁和区通信“一张网”。 | F104: 12000 | G104: 积极对接省市进行项目申报和资金争取。 | H104: 攀枝花市仁和区应急管理局 | I104: 罗燕 李兆兵 | J104: 区应急管理局 刘国毅 13982302906
A105: 85 | B105: 仁和区综合性无人机巡护平台建设项目 | C105: 全区12个乡镇 | D105: 2027-2029年 | E105: 1.拟建设全区统一的综合性无人机巡护平台，包含建设3台多旋翼自动机场及配套专用无人机（30万/台）、3台固定翼专用无人机（200万元/台）、建设无人机综合管控平台1个（400万元）、配套建设中继站5座（10万元/个），以实现火情排查发现、林地毁坏、枯死树木发现、等功能。 2.通过争取中省资金为仁和区13个乡镇（街道）配备巡护型无人机15架（10万元/架）。 | F105: 1290 | G105: 完成项目初步建设方案；包装项目争取上级资金项目；争取2套巢式无人机智能巡护预警系统，2026年至2028年期间陆续配备15架巡护型无人机。 | H105: 攀枝花市仁和区林业局 | I105: 李兆兵 | J105: 区林业局 徐涛 13550941410
...

Sheet 数据
B1: 区重点数据
B2: 2025年 | C2: 项目个数（个） | D2: 计划总投资(万元） | E2: 2025年预计投资(万元）
B3: 合计 | C3: 288 | D3: 6146446 | E3: 1325044
B4: 续建 | C4: 50 | D4: 1086514 | E4: 265033
B5: 新开工 | C5: 109 | D5: 2732849 | E5: 1060011
B6: 加快前期 | C6: 129 | D6: 2327083
B7: 2026年 | C7: 项目个数（个） | D7: 计划总投资(万元） | E7: 2026年预计投资(万元）
B8: 合计 | C8: =C13+C14+C15 -> 217 | D8: =D13+D14+D15 -> 5461442.2 | E8: =E13+E14+E15 -> 1009091
B9: 基础设施项目 | C9: =续建!C6+新开工!C6+加快前期!C6 -> 90 | D9: =续建!F6+新开工!F6+加快前期!F6 -> 1539731.3 | E9: =续建!H6+新开工!H6 -> 261134.25
B10: 产业项目 | C10: =续建!C37+新开工!C37+加快前期!C51 -> 90 | D10: =续建!F37+新开工!F37+加快前期!F51 -> 3446619.7 | E10: =续建!H37+新开工!H37 -> 598630.74
B11: 民生工程及社会事业项目 | C11: =续建!C65+新开工!C77+加快前期!C88 -> 30 | D11: =续建!F65+新开工!F77+加快前期!F88 -> 200428 | E11: =续建!H65+新开工!H77 -> 75800
B12: 生态建设及环境保护项目 | C12: =续建!C72+新开工!C91+加快前期!C108 -> 7 | D12: =续建!F72+新开工!F91+加快前期!F108 -> 274663.17 | E12: =续建!H72+新开工!H91 -> 73526
B13: 续建 | C13: =续建!C5 -> 55 | D13: =续建!F5 -> 1423670.2 | E13: =续建!H5 -> 375006
B14: 新开工 | C14: =新开工!C5 -> 73 | D14: =新开工!F5 -> 2198212 | E14: =新开工!H5 -> 634084.99
B15: 加快前期 | C15: =加快前期!C5 -> 89 | D15: =加快前期!F5 -> 1839560
B17: 2026年与2025相比 | C17: 项目个数（个） | D17: 计划总投资(万元） | E17: 年度计划投资(万元）
B18: 合计 | C18: =C8-C3 -> -71 | D18: =D8-D3 -> -685003.76 | E18: =E8-E3 -> -315953.01
B19: 续建 | C19: =C13-C4 -> 5 | D19: =D13-D4 -> 337156.25 | E19: =E13-E4 -> 109973
B20: 新开工 | C20: =C14-C5 -> -36 | D20: =D14-D5 -> -534637.01 | E20: =E14-E5 -> -425926.01
B21: 加快前期 | C21: =C15-C6 -> -40 | D21: =D15-D6 -> -487523

Sheet 在谈
A1: 仁和区招商引资在谈项目清单
A2: 序号 | B2: 项目名称 | C2: 投资金额（万元） | D2: 项目概况 | E2: 对接（推进）情况 | F2: 存在困难及问题 | G2: 下一步工作计划 | H2: 投资方 名称 | I2: 区级责任领导 | J2: 项目推进责任单位 | K2: 联系人及联系方式
A3: 1 | B3: 钢城集团瑞钢公司80t电炉改造及高性能优特钢轧制控本提质生产线项目 | C3: 50000 | D3: 投资方攀枝花钢城集团瑞钢公司，计划选址迤资园区，新建年产50万吨轧钢生产线，配套进行厂房、消防设施等配套设施建设。 | E3: 1.2025年6月17日班宏书记带队赴钢城集团考察，洽谈合作事宜，项目方计划建设一个50万吨轧钢件项目。根据班宏书记要求，由李兆兵副区长牵头、孙越副区长配合，成立轧钢件项目促投资落地工作专班，主动跟进服务企业，争取及早落地。 2.2025年11月底与瑞钢进行对接，瑞钢公司已明确将推动项目投资建设，与中冶赛迪深度可研报告编制合作已签约，正在进行深度可研报告编制，计划年底编制完成。2025年11月，《钢城集团瑞钢公司80t电炉改造及高性能优特钢轧制控本提质生产线项目》环境影响报告书（征求意见稿）已经挂网公示。 | F3: 暂无。 | G3: 1.与企业保持沟通联系，及时跟踪项目深度可研报告编制情况。 2.适时与企业对接投资协议的拟定。 | H3: 攀枝花钢城集团瑞钢公司 | I3: 李 建、欧炳洪 | J3: 区经济合作局 | K3: 张逢杰 13458101819
A4: 2 | B4: 广州宗麟照明芯产业项目 | C4: 50000 | D4: 一、照明芯产业项目-LED照明模组SMT制造工厂： 1.项目计划分两期建设，一期投资4条SMT贴片产线，第二期投资6条SMT贴片产线，总共投资10条产线；用于生产LED照明模组。设备投资预计在600万元，工厂包含仓库预计需要2000平，人员预计需要60-70人；流动资金预计投入4000万元左右；预计年产值24000万元，月产值2000万元。其中1000万元出口至非洲、土耳其、印度等各国；同时利用攀枝花工厂成本优势承接印度订单，计划出口金额每月1000万人民币。 | E4: 1.2025年10月24日上午，李建副书记带队考察广州市宗麟光电科技有限公司，对接LED照明模组、照明基板、照明支架生产制造项目。 2025年10月26日上午，班宏书记带队在深圳与广州市宗麟光电科技有限公司座谈，介绍仁和区光电产业发展情况及优势条件。邀请企业来攀参加11月5-7号光电产业生态合作大会，实地考察厂房，详谈项目投资核心条款。 2.2025年11月6日，班宏书记、李建副书记、欧炳洪副区长，陈清华董事长在攀枝花与广州市宗麟光电科技有限公司座谈，企业提出，投资3个项目的前提是中顺项目500条生产线正常使用。 3.2025年12月，南管委先后多次与广州宗麟沟通，企业均表示解决中顺债务问题，全面生产是后续配套产业的前提与保障，并且要将电镀和支架厂复产。建议尽快解决中顺项目问题，再与企业洽谈核心合作事项。 | F4: 中顺项目问题如何解决，直接影响项目投资计划。 | G4: 1.南管委牵头梳理中顺项目情况，形成清单。 2.南管委牵头经科局、工发集团共同研究提出解决方案，报区政府审议。 | H4: 广州市宗麟光电科技有限公司 | I4: 李建、李兆兵 | J4: 南山管委会 | K4: 何昱宏 13982399855
A5: 3 | D5: 二、照明芯产业项目-LED照明基板制造工厂： 1.计划投资月产能30万平方的基板工厂，设备投资预计在1500万元，工厂包含仓库预计需要8000平，流动资金预计投入3600万元左右；预计年产值21600万元，月产值1800万元。
A6: 4 | D6: 三、照明芯产业项目-LED照明支架工厂： 1.计划利用现有中顺支架厂设备和场地，月产3000KK照明2835支架数；流动资金预计投入3000万元，预计年产值18000万元，月产值1500万元，其中中顺自用600万元，外售900万元。
A7: 5 | B7: 深圳丰泰COB灯带生产制造项目 | C7: 10000 | D7: 项目计划投资1亿元，使用田远米业厂房4层，建设10条COB灯带生产线，年产值2亿元。 | E7: 1.2025年11月5-7日，企业赴攀参加光电产业生态大会活动。11月7日，区经合局与企业座谈，企业对于攀枝花的基础条件予以认可，邀请仁和区尽快赴深圳考察。 2.11月22日，欧炳洪副区长带队赴深圳考察深圳丰泰工业科技有限公司，企业负责人郎欣林向小分队介绍企业相关情况，重点介绍目前企业在复合铜箔材料方面具有专利技术，能够降低50%原材料成本，在市场具有较大竞争优势。邀请郎总尽快赴攀实地考察。 3.11月28日，深圳丰泰工业科技有限公司负责人郎欣林赴攀考察，与仁和区初步达成合作意向。 | F7: 暂无。 | G7: 招商小分队尽快赴江西工厂实地考察，对接企业，洽谈投资核心事项。 | H7: 深圳丰泰科技有限公司 | I7: 李兆兵、欧炳洪 | J7: 区经济合作局 | K7: 樊瑾 18011008168
A8: 6 | B8: 深圳森然印制电路板及配套药水生产项目 | C8: 4000 | D8: 投资方深圳市森然科技有限公司，计划选址智慧光电产业园4#厂房3层投资建设PCB药水生产线，建设国家级实验室及物理化验室（约1200平方米），办公区（约800平方米），设立博士工作站、技术研发中心、购置全自动化搅拌、添加、生化等生产设备，大型运输车等。项目计划总投资4000万元，其中药水生产线设备投资约1000万元（主要设备为40个搅拌桶含自动加量系统，20万/个），实验室及化学室设备投资700万元，装修投资300万元，流动资金2000万元。 | E8: 1.2025年9月8日上午，孙越副区长带队考察深圳森然安徽项目。初步明确先行在攀投资建设药水生产项目，若项目进展顺利，且市场行情较好，可将安徽生产基地产线压缩至2-3亿元产值，年生产10-15万平方米，再在攀枝花建设印制电路板项目，目前企业只考虑东泰厂房拿地模式，自行建设高管住房、员工宿舍及生产厂房。项目融资需求3000万元，且希望通过银行贷款授信满足流动资金需求。 2.2025年10月25日上午，李建副书记带队考察深圳市海翔电路有限公司，对接药水及线路板项目合作事宜。2025年10月25日下午，班宏书记带队在深圳与深圳市海翔电路有限公司座谈，推介仁和区光电产业发展优势。 3.2025年10月27日上午，李建副书记带队考察安徽诺德电子有限公司，实地了解药水项目及线路板项目生产工艺及厂房设备。邀请企业来攀参加11月5-7号光电产业生态合作大会，实地考察厂房，详谈合作核心事项。 4.2025年11月5日-7号，企业赴攀参加光电产业生态合作大会，对于攀枝花营商环境表示认可，意向在攀投资建设药水项目。11月6日，李建副书记带队与企业洽谈核心合作事项，企业诉求为：（1）帮助企业融资3000万；（2）4号厂房增加1部电梯；（3）给予物流补贴；（4）装修拎包入住；（5）支持博士站设立，给予博士人才引进补贴及输送博士院校相关费用。 5.2025年12月，南管委先后与深圳森然陶宝华总经理沟通3次。企业最终诉求：（1）帮助企业融资2000万，利率不高于4%；（2）4号厂房增设1部电梯；（3）装修拎包入住，装修厂房要包含办公区域。企业承诺项目生产半年以后，月申报缴纳税收80万元，年度申报税收不低于960万元。 | F8: 暂无。 | G8: 1.经合局负责对接辖区银行，落实2000万元贷款方案。 2.2025年12月，南管委继续与企业洽谈房租、装修需求，落实增设电梯事宜。尽快达成合作，签订投资协议。 | H8: 深圳市森然科技有限公司 | I8: 李建、李兆兵 | J8: 南山管委会 | K8: 何昱宏 13982399855
A9: 7 | B9: 台湾鹏海HDI生产制造项目 | C9: 100000 | D9: 项目计划投资10亿元，使用园区10号厂房，分2期建设HDI线路板生产线，一期投资5亿元，企业自有资金1.2亿元，计划通过政府支持，多渠道筹集资金3.8亿元；二期投资5亿元，主要用于增加设备，提能扩产。计划生产HDI（mSAP）5–9 阶，一期产能 9万 m²/年，二期满产达到18–20 万 m²/年；30 层 AI Server PCB，一期产能 3万 m²/年， 二期满产达到9–10 万 m²/年。 | E9: 1.2025年11月5-7日，企业赴攀参加光电产业生态大会活动。11月7日，李建副书记带队与企业座谈，企业对于攀枝花的基础条件予以认可，约定由王总尽快提供详细项目计划书。 2.2025年11月27，于进川部长、刘明芳区长、欧炳洪副区长，区经济合作局与企业交流座谈，约定（1）投资方团队根据光电信息产业园 10 号厂房现状,尽快开展并完成 HDI 电路板项目车间装修方案设计、产线布局规划论证,测算项目投资及收益,完善 HDI 电路板项目可行性研究分析,明确项目建设时序,落实项目投资资金来源。（2）仁和区将为投资方团队的HDI电路板项目预留光电信息产业园 10 号厂房至2026 年1月底。 3.2025年12月9日，区经济合作局与投资方负责人王富伟就项目可行性方案中的下游客户订单、资金计划等内容进行了对接交流，投资方提出了基本诉求并表示本周内提供厂房装修方案。 | F9: 暂无。 | G9: 区经合局与企业保持联系，企业完善相关资料后，组织部门会商研究。 | H9: 台湾鹏海科技股份有限公司； 广东众旺鑫电子科技有限公司 | I9: 李兆兵、欧炳洪 | J9: 区经济合作局 | K9: 樊瑾 18011008168
A10: 8 | B10: 台山科伟电子覆铜板及线路板生产项目 | C10: 待定 | D10: 企业看中原东泰厂房地块，意向购买土地，投资建设覆铜板及线路板生产线。计划先将河南焦作覆铜板生产线搬迁至攀枝花，后续在攀枝花建设线路板生产基地。 | E10: 2025年11月5-7日，企业赴攀参加光电产业生态大会活动。11月7日，欧炳洪副区长带队与企业座谈，企业对于攀枝花的基础条件予以认可，邀请仁和区尽快赴广东江门、河南焦作工厂考察。 | F10: 暂无。 | G10: 招商小分队尽快赴广东江门、河南焦作工厂考察，对接企业，洽谈投资核心事项。 | H10: 台山市科伟电子科技有限公司 | I10: 李兆兵、欧炳洪 | J10: 区经济合作局 | K10: 樊瑾 18011008168
A11: 9 | B11: 深圳美亚迪HDI线路板生产项目 | C11: 44000 | D11: 项目拟选址于10号厂房，总投资4.4亿元，建设自动钻孔车间和高密度互连板（HDI）生产线。其中，自动钻孔车间建设100条数控钻孔加工线，建成后预计月加工印制电路板9万平方米，年产值约1亿元；HDI生产线建成后预计月产1万平方米HDI线路板，主要用于Mini LED显示产品配套，年产值约3.6亿元。项目预计年税收1380万元。 | E11: 1.2025年10月，美斯特向南管委提出项目投资计划。南管委会同区经合局与美斯特进行了沟通交流。企业诉求：（1）厂房5年免租。（2）按照企业要求，平台公司完成厂房装修，所提供的厂房具备设备进场生产的条件。（3）给予钻孔项目3000万元的流动资金支持，给予HDI项目7000万元流动资金支持。（4）HDI项目设备采购由平台公司代购，企业分五年按月分期付款，平台公司不加收分期期间的资金利息。 2.2025年11月22日，欧炳洪副区长带队赴深圳与美亚迪谢纪亭董事长座谈，约定谢董事长近期赴攀洽谈HDI项目合作相关事宜。 | F11: 平台公司无法满足企业提出的诉求。 | G11: 对接谢董事长尽快赴攀，洽谈投资核心事项。 | H11: 深圳美亚迪科技有限公司 | I11: 李兆兵、欧炳洪 | J11: 区经济合作局 | K11: 樊瑾 18011008168
A12: 10 | B12: 江西明新线路板生产项目 | C12: 5000 | D12: 计划投资5000万元，建设一条全自动线路板生产线，月产6万平方米线路板。 | E12: 1.2025年11月5-7日，企业赴攀参加光电产业生态大会活动。11月7日，李建副书记带队与企业座谈，介绍仁和区光电产业发展情况及优势条件。企业对于攀枝花的基础条件予以认可，约定由周总尽快提供详细项目计划书。诉求：（1）资金支持，流动资金1000万/月，需要共计2000万元周转资金；（2）资金使用利息不能过高；（3）需要15000平方米厂房；（4）基于投资人在行业30年的从业经验，给予最优的招商引资政策。 2.2025年12月，南管委与企业联系，周总表示合伙人资金短缺，暂无投资计划。攀枝花虽然有电价优势，但物流成本较高，如果能够提供5000万元低息资金支持，可以考虑单独投资。 | F12: 暂无法满足企业提出的诉求。 | G12: 保持与投资方的定期沟通对接。 | H12: 江西省明新电子科技有限公司 | I12: 李兆兵、欧炳洪 | J12: 区经济合作局 | K12: 樊瑾 18011008168
A13: 11 | B13: 京致电子集成电路生产项目 | C13: 105000 | D13: 投资方东莞市京致电子有限公司，项目总投资10.5亿元，选址原东泰厂房地块和10号厂房，计划分三期进行印制电路板生产项目建设。 | E13: 2025年8月7日，小分队赴东莞拜访东莞市京致电子有限公司，京致电子反映，受中美贸易摩擦影响，许多海外客户对订单中大陆产品占比进行限制，经过综合研判，2025年内暂缓在大陆投资计划，重点对越南工厂生产线进行扩建。 | F13: 投资方计划2025年内暂缓在大陆投资计划 | G13: 积极对接企业，及时了解企业投资意愿，促成项目合作。 | H13: 东莞市京致电子有限公司 | I13: 李兆兵、欧炳洪 | J13: 区经济合作局 | K13: 樊瑾 18011008168
A14: 12 | B14: 川发兴能年产6万方钒电解液生产项目 | C14: 77000 | D14: 投资方四川发展兴欣钒能源科技有限公司，计划选址化工园区迤资片区，分两期合作建设年产60000立方米钒电解液短流程生产项目。一期由川发兴能、山青钒业、工发集团合作建设年产30000立方米钒电解液短流程生产项目，二期由川发兴能、西南钒钛、工发集团合作建设年产30000立方米钒电解液短流程生产项目。 | E14: 1.2025年5月25日，西博会活动期间，仁和区与投资方对钒电解液项目的合作模式、建设内容、技术路线及产品市场等进行了详尽的交流与探讨。 2.2025年8月4日，川发兴能提交《关于川发兴能、四川钒钛、山青钒业、工发集团与西南钒钛开展钒电解液制备产业合作的初步方案》并同步发给各相关方，提出两种合作方案。2025年8月10日区经济合作局通过汇总主要合作方反馈意见，山青钒业需要明确一是钒渣资源保证；二是中间钒渣浸出液详细定价机制。川发兴能提出平台公司取地建厂房，项目公司采取先租后回购的诉求。 3.2025年9月11日，川发兴能再次来攀与合作方进一步洽谈项目合作细节。9月15日，川发兴能提交修改后《关于川发兴能、四川钒钛、山青钒业、工发集团与西南钒钛开展钒电解液制备产业合作的初步方案》并同步发给各相关方，李兆兵副区长安排南山管委会负责山青钒业出资洽谈。据了解，山青钒业暂不愿意出资合作，仅同意钒渣保供合作。计划通过与山青上游德胜钢铁洽谈合作，实现股权合作和确保钒渣保供。 4.2025年10月14日，李兆兵副区长带队赴德胜集团洽谈项目合作事宜。10月底，川发兴能提出项目合作可研报告（讨论稿），德胜集团不愿意参与股权合作。 5.2025年11月11日，山青钒业与川发兴能洽谈，山青钒业暂时同意出资10%合作新项目公司，川发兴能月底以前形成详细的合作方案计划书，达成共识后签订框架协议。 6.2025年11月27日，川发兴能来仁和进行现场初步选址，初步确定项目建设意向用地（约200亩）；并与山青钒业洽谈钒电解液原材料浸出液定价机制；初步确定占股比例，川发兴能60%，山青钒业20%，工发集团20%。 7.2025年12月4日与川发兴能形成框架协议初稿，目前区经济合作局正在进行对接修改。 | F14: 暂无。 | G14: 1.与川发兴能及设计院保持联系，根据对方提出问题清单及时召集相关部门完成答复； 2.促成在12月份川发兴能与区政府达成框架协议及川发兴能、山青钒业、工发集团三方协议； 3.确定意向选址取地的流程及大概时间； 4.及时跟进掌握川发兴能股东决策来仁和投资的意愿及情况。 | H14: 四川发展兴欣钒能源科技有限公司 | I14: 李兆兵、欧炳洪 | J14: 区经济合作局 | K14: 张逢杰 13458101819
A15: 13 | B15: 凯盛石墨中坝石墨资源综合开发利用项目 | C15: 100000 | D15: 投资方凯盛科技集团，2016年7月，凯盛科技集团和攀枝花市人民政府签订《战略合作框架协议》，约定在攀投资进行石墨资源开发。后续受攀西石墨债权债务影响，采矿证被仁和法院冻结无法过户，导致凯盛石墨碳融资困难;且石墨产业不在凯盛科技的主业范围内，项目建设停滞至今。 | E15: 1.2025年5月13日，凯盛科技集团有限公司董事长尹自波一行来攀对接中坝石墨资源综合开发利用项目推进事宜，约定由中建材于5月底前明确项目推进工作计划。 2. 2025年8月6日-8日，川能投下属企业嘉阳集团财务总监董鉴文一行赴仁和就石墨矿项目事宜进行对接，与相关市、区级部门分别进行了会谈，凯盛石墨全程参加。嘉阳集团表达了参与仁和区石墨资源开发的意愿，凯盛石墨全程参加。该公司以整合中坝石墨矿、开发同德石墨矿为切入点，提出希望仁和区在采矿权转移、用电方面、尾矿库建设、手续办理等方面给予协助。座谈期间，区级相关部门针对企业问题进行对应答复。目前，嘉阳集团正在根据考察情况进行进一步分析研判。2025年8月25日，嘉阳集团反馈已通过总经理办公会，并将项目进行立项。并具有初步意向，还需与凯盛集团进一步对接。 3.2025年9月2日，凯盛矿产资源集团有限公司董事长汤红运一行来攀对接，孙越副区长、滕繁荣副主席参加座谈会。会上公司反映其9月1日与嘉阳集团在乐山对接，初步达成合作意向，此次来攀针对采矿权转移、用电方面、尾矿库建设、手续办理方面希望部门指导协助，凯盛已于9月8日开具需明确的问题清单，各涉及部门已根据问题书面回复意见。 4.2025年10月16日，凯盛科技与嘉阳集团在北京沟通合作事宜，讨论凯盛集团想逐步退出，嘉阳想凯盛科技长期参与的问题；股权比例的问题；增资方面问题，凯盛集团不愿意同步增资，只能通过其他借款的方式进行。 5.2025年11月18日，西航投来仁和交流提出了《凯盛石墨收购项目实施方案》，方案提出：收购凯盛集团股份55%股权，按审计后实际投入作价（含未结算工程款）；收购攀西石墨股份15%股权，同步解决其存量债务及矿权问题。 6.2025年12月1日，与嘉阳集团董总沟通，嘉阳与中建材进行电话对接：一是总体架构。嘉阳最多持股55%，中建材表示可持股35%，建议政府持股10%；二是嘉阳集团希望按股权比例同步增资、同步贷款、同步担保。凯盛愿意同步贷款、同步担保，但是不愿意再新投资金；三是嘉阳集团意向是通过法院对攀西石墨45%的股权流拍价换算购买中建材10%的股份。初步定于2025年12月10日，中建材与嘉阳集团将进行合作的第二次合作洽谈，并提出仁和区政府参与的诉求。 | F15: 嘉阳集团希望凯盛科技长期参与，但凯盛科技计划逐步退出。 | G15: 1.积极对接凯盛公司与嘉阳集团，做好企业关心问题的后续回复，跟踪掌握双方洽谈进展。 2.组织小分队上门拜访，明确项目投资意向与计划。 | H15: 嘉阳集团 西航投（成都）公司 | I15: 滕繁荣、欧炳洪 | J15: 区经济合作局 | K15: 张逢杰 13458101819
A16: 14 | B16: 金沙江大峡谷旅游度假区升级提升项目 | C16: 投资金额待定 | D16: 开发利用计划：迤沙拉片区：按照《迤沙拉保护和发展规划》，持续开展迤沙拉历史文化名村风貌保护和文化保护传承利用，加快推动民艺中心、金沙江大峡谷游步道环线、精品民宿等项目建成投用。利用迤沙拉村水泥厂50亩闲置资源，规划建设集游客服务、住宿、餐饮、展览等功能于一体的迤沙拉4A景区旅游集散中心，规划建设迤沙拉至金沙江6公里观光索道，规划建设勾陈六星游线、北极五星游线、四御星宿游线的两环一带游览线路和节点打造。 拉鲊片区：按照《成昆铁路（拉鲊—花棚子段）文旅项目总体策划方案》，规划建设观光火车项目、拉鲊火车影视基地项目、铁路观光游步道、拉鲊火车研学基地项目、拉鲊火车主题酒店项目、火车主题温泉精品民宿、星空户外露营地项目、成昆铁路活态博物馆8个重点项目。 | E16: 1、区级相关单位已和祥源控股集团多次沟通，企业已提出具体合作方案，具体的合作方案已召集相关部门进行了会商，并请律师从法律角度进行可行性分析。 2、区文广旅局通过招投标的方式，委托祥源控股正在开展项目策划方案设计工作，待内容确定以后，再讨论合作的具体模式和下一步合作方向。策划方案计划7月底完成。 3、2025年7月底，企业已将项目的策划方案初稿报送至区文广旅局，企业同步对方案进行修改完善。 | F16: 暂无 | G16: 保持与企业对接，待项目策划方案完成以后洽谈合作模式。 | H16: 祥源控股集团有限责任公司 | I16: 邹 莹、欧炳洪 | J16: 区经济合作局 | K16: 胡惠惠 15881284427
A17: 15 | B17: 漫耕文旅一三产融合项目 | C17: 投资金额待定 | D17: 计划在仁和区范围内选址建设文旅融合产业园项目 | E17: 1、2025年5月12日区经合局带队赴漫耕文旅金芋健产业园，初步对接合作事宜。 2、2025年6月25日李群副区长带队考察漫耕文旅金芋健产业园，洽谈合作相关事宜。 3、2025年7月1日，邀请企业到我区考察，并发送了迤沙拉相关视频给对方。 4、2025年9月8日，区经合局会同市文广旅局、平地镇政府邀请企业到迤沙拉村进行了实地考察，系统介绍了迤沙拉的资源禀赋情况，洽谈合作相关事宜。 5、12月初，再次向企业发出邀请考察平地镇白拉古村，寻求合作。 | F17: 暂无 | G17: 保持与企业对接，邀请企业来仁和考察。 | H17: 金芋健生物科技有限公司 | I17: 邹 莹、欧炳洪 | J17: 区经济合作局 | K17: 胡惠惠 15881284427
A18: 16 | B18: 新能源汽车产业园项目 | C18: 投资金额待定 | D18: 项目计划建设建筑面积不低于5万平方米，集合资及自助品牌新能源汽车销售与售后服务、汽车电商平台、新能源汽车充电桩、汽车主题康养酒店等功能于一体的新能源品牌汽车城。 | E18: 1、2025年6月25日，区经合局、区商务局与攀枝花汽车流通商会交流座谈，洽谈项目合作模式。 2、2025年6月30日，区经合局、区商务局、区土储中心与攀枝花汽车流通商会座谈，就项目建设的规划布局、用地性质调整、汽车品牌分布、产业园的定位等进行了交流。 3、2025年7月16日，唐光辉副区长组织研究项目推进有问题，明确了工作节点，包括7月底企业完成设计方案，10月上旬完成调规，11月底土地出让。 4、2025年7月25日上午，闵传铮副区长组织研究项目推进有关问题，明确了8月中旬完成新公司的成立，8月底完成主协议草拟，10月上旬完成调规，10月底完成拟出让地块清场，11月中旬完成土地挂牌出让。另外，建成后产权分割事宜，区商务局配合攀枝花汽车流通商会一起到市不动产登记中心咨询，了解办理流程。另外，会议明确土地溢价款等其他约定条款，不再单独签订补充协议。 5、2025年8月6日，区经合局、区商务局、自规仁和分局、区土地储备中心与攀枝花汽车流通商会、设计单位交流座谈，沟通方案设计、规划指标、用地调整等事宜。 | F18: 1、拟选址地块现土地性质为住宅用地，建设汽车产业园，需将土地性质调整为商业服务用地为主的用地。 2、地块内的规划道路将拟出让地块分割，影响汽车产业园的整体布局。 | G18: 加强与企业沟通对接，请企业尽快拿出初步设计方案，对项目做进一步研判。 | H18: 攀枝花汽车流通商会 | I18: 吕斐斐、欧炳洪 | J18: 区经济合作局 | K18: 胡惠惠 15881284427
A19: 17 | B19: 攀枝花绿色智算中心项目 | C19: 45000 | D19: 拟一期规划投资建设1000P智算中心，投资 4.5亿，建成后年收入8700万。聚焦当地产业数字化转型需求，打造区域级算力枢纽，通过清洁能源消纳、算力消纳引入和大模型产业融合，推动 “算力+产业” 深度融合，助力攀枝花本地能源化工类企业搭建工艺优化大模型训练平台，引导龙头企业开发部署企业级大模型，实现攀枝市产业智能化升级与数字经济高质量发展。 | E19: 1、2025年12月1日，仁和区政府与浪潮集团交流座谈，洽谈绿色智算中心项目合作事宜。 | F19: 暂无 | G19: 加强与企业对接，督促中咨海外、北京尖峰、浪潮智慧城市加快方案编制工作。 | H19: 浪潮集团 | I19: 滕繁荣、欧炳洪 | J19: 区经济合作局 | K19: 胡惠惠 15881284427
A20: 18 | B20: 大龙潭罗汉果种植项目 | C20: 5000 | D20: 项目一期：2026年在仁和区推广罗汉果规模化种植，目标面积达1万亩。2027年，持续扩大种植版图，力争实现种植面积10万亩以上； 项目二期：同步规划建设罗汉果深加工厂，延伸产业链条，提升产品附加值。 | E20: 1.2025年10月24日，区经合局、区农业农村局和中信公司项目负责人肖春明到大龙潭实地考察罗汉果种植情况。 2、2025年11月中旬，大龙潭乡政府召开项目座谈会。会议由乡党委杨书记主持，企业和四个村的主任、书记参加会议（干坝子村、新街村、大龙潭村、裕民村）。会议就罗汉果种植的种子、肥料、种植技术等进行推广、科普。 3.肖总计划近期到大龙潭各村去洽谈农户种植合作，力争签订合作协议。同时和城发集团洽谈地块租赁。 | F20: 暂无 | G20: 继续和企业保持联系，争取项目早日落地签约。 | H20: 中信信悦商业管理公司 | I20: 李 建、欧炳洪 | J20: 区经济合作局 | K20: 胡惠惠 15881284427
A21: 19 | B21: 紫约蓝莓精深加工项目 | C21: 200000 | D21: 项目拟在仁和区选择符合种植蓝莓条件的果园地3000亩，完善蓝莓从研发、种植到深加工的产业链。项目建设主要内容有：1、新建蓝莓苗圃基地。苗圃基地将面向整个西南片区提供蓝莓幼苗，可带动周边地区农户受益。2、新建鲜果销售数据中心。鲜果销售数据中心的建设需围绕数据采集、分析、应用全链条展开，重点解决鲜果信息不对称、流通效率低、市场波动大等痛点。建立从田间到餐桌的全流程追溯链，记录蓝莓品种、种植技术、采收时间、加工工艺、质检报告等关键信息，实现“一品一码”精准溯源。3、新建蓝莓、芒果、石榴等水果的农产品加工厂。研究开发果干、果酱、果汁饮料、冻干、果粉、花青素提取、蓝莓籽油等系列产品。 | E21: 1.2025年3月28日仁和区与芜湖市国有资本投资运营公司、紫约农业科技集团有限公司就合作方向及领域交流座谈。 2.2025年4月20日—22日，仁和区常委吴江率队赴安徽省无为市实地考察交流，研究合作模式。 3.区农业农村局已收集1300亩土地相关资料交由紫约蓝莓编制项目可研报告。 4.紫约蓝莓正在对项目合作进行风险评估。 5.2025年7月16日，与紫约蓝莓西南片区负责人李松联系，由于今年蓝莓市场价格跌幅明细，企业明确今年不再扩大种植面积，预计明年根据市场反馈，再确定是否在攀扩大种植和落地深加工项目。目前企业将重点在以下几个方面加大投资力度，包括并购小型种植户，采用联农带农模式小规模扩大种植面积，鲜果出口业务，品种品牌授权相关业务。在西南片区重点发展攀枝花，建水，石林，大理，四个地方，争取研发新的品种，适应不同海拔不同季节，争取全年12个月都能有鲜果产出。 6.12月7日和紫约蓝莓西南片区负责人李松联系，目前集团总部仍在做项目风险评估中，尚未出结论。 | F21: 1、尽快确定投资规模。 2、确定合作伙伴及合作方式。 | G21: 1、加强对接，组织仁和区城发集团、紫约公司、芜湖市国投公司再次协商。2、评估紫约农业科技公司是否有意愿，有实力进行项目投资。3、同时将项目推荐给其他企业，寻找新的投资商。 | H21: 紫约蓝莓科技集团有限公司 | I21: 闵传铮、欧炳洪 | J21: 区经济合作局 | K21: 胡惠惠 15881284427
A22: 20 | B22: 攀西药港项目 | C22: 5000 | D22: 项目一期 (2025 年启动 - 2026 年)：新建 800 亩高标准智能化阳光晾晒场 (配备物联网监测、自动翻晒等)。建设 3 万立方米现代化智能共享仓储中心 (含 2 万立方米高标准冷藏库 + 1 万立方米阴凉常温库)。建设 5000 平方米标准化趁鲜加工中心(具备清洗、分选、切片、干燥等初加工能力)。 项目二期 (2027 年--2028 年)：晾晒场扩建至 2000 亩。智能仓储中心扩容至8万立方米 (冷藏库5 万立方米 + 常温库3万立方米)。趁鲜加工中心扩建至 15,000 平方米，增加精深加工能力 (如提取物前处理、配方颗粒原料制备等)。建设中药材产业大数据中心及电子交易平台 。 远景目标 (2029 年及以后)：吸引中药材精深加工企业、饮片厂、制药企业、大型流通商入驻周边或建立战略合作。拓展道地药材种植合作基地，强化源头把控。形成以“攀西阳光药港”为核心的百亿级中药材大健康产业集群。 | E22: 1.2025年7月23日上午仁和区和项目投资方四川天之府农业开发有限公司、四川灵萃中药材有限公司开展交流座谈。会议由孙越副区长主持。参会部门有区经合局，区农业农村局，区林业局，区商务局。会上就企业基本情况，企业来仁和考察的目的，企业拟合作项目，仁和区种植中药材优势等进行了充分的沟通和交流。下午区经合局、仁和镇带投资方实地考察7个项目预选址。 2. 7月24日，投资方与城发集团旗下的牧云农业举行座谈，就初加工合作事宜进行协商；随后前往区土储中心，了解仁和区内批而未供土地的相关情况。 3. 7月27日，投资方提交了项目方案。 4. 7月31日，区经合局与投资方沟通，邀请其近期到我区考察乡镇推荐的项目地块。 5.8月5日-8月8日，区经合局分别到中坝乡、福田镇、太平乡、布德镇、前进镇实地筛选项目用地6块，并将相关资料发送给灵萃公司。 6.9月灵粹公司和铜锣湾接触，协商空闲地块租赁。最终没有达成一致。 7.11月企业在前进镇普达社区筛选到到200亩土地，现在准备做土地整理，预计一个月后开工建设。 | F22: 暂无 | G22: 继续和企业保持联系，争取项目早日落地签约。 | H22: 四川天之府农业开发有限公司、四川灵萃中药材有限公司 | I22: 闵传铮、欧炳洪 | J22: 区经济合作局 | K22: 胡惠惠 15881284427
A23: 21 | B23: 生态肉牛养殖及深加工项目 | C23: 20000 | D23: 项目拟在太平乡，通过租赁或者流转土地的方式，自建30000平米牛棚，同时流转约300亩土地用于牧草种植。通过土地出让的方式取得约20亩工业用地用于牛肉深加工项目，自建10000平标准化食品加工厂房。通过土地出让的方式取得约20亩工业土地，或租赁10000平米-15000平米老旧厂房进行改造，建设年产30000吨生物颗粒项目。 | E23: 1.2024年12月23日与四川省晴日新能源科技有限公司开展了座谈交流，了解项目计划投资的基本情况。 2.2024年12月31日区经合局邀请企业到太平乡实地考察符合项目建设需要的地块。 3.2025年2月22日，仁和区委副书记汪雪林带队对接四川金牧粮草生态农业科技有限公司，与投资方交流座谈，促进生态肉牛全链发展与生物颗粒绿色能源项目合作。现在正在做电力设计和施工设计 4.2025年6月24日，与企业沟通，表示近期将要和村集体签订土地流转协议，正在做项目落地的前期工作。 5.2025年7月1日，区经合局召集相关部门和律师对项目进行了会商，目前正在草拟项目投资协议。 6.2025年7月10日，区经合局和太平乡共同研判该项目落地可行性，该项目的成本测算和收益需要和企业再次沟通，确保该项目的风险降到最低。 7.2025年7月17日，与企业沟通，重点交流了光伏上网相关事宜，企业目前已经委托了美卓公司在做电力接入方案，关于光伏的收益测算企业将再次核算。企业表示风险防控主要是通过延长产业链来把控，一千头牛的养殖会在一年内达到，鲜牛销售主要依托后期两个餐饮店，二期的深加工也将扩大收益，整体项目通过延长产业链来实现盈亏平衡。 8.8月18日，项目土地（农用设施用地手续）手续已办完。 9.项目用地租赁协议已签订。 10.企业在攀枝花市电力局申请入国家电网事宜，预计两周后会获得通过。 11.企业现在正在做电力设计和施工设计，预计两个月后开工建设 | F23: 暂无 | G23: 持续跟进相关情况，准备协议拟定事宜。 | H23: 四川省晴日新能源科技有限公司 | I23: 闵传铮、欧炳洪 | J23: 区经济合作局 | K23: 胡惠惠 15881284427
